Workbook
Name артикул: #REF!
Name артикул: #REF!
Name роммер: [1]Лист1!$A$1:$C$860

Sheet Оглавление
A12: РОЗНИЧНЫЙ ПРАЙС ЛИСТ
A13: ТЕПЛОТЕХНИЧЕСКОЕ ОБОРУДОВАНИЕ
C14: Трубы PE-Xa/EVOH (Китай) | D14: в каталог >>>
C15: Трубы и фитинги из нержавеющей стали Rommer (Китай) | D15: в каталог >>>
C16: Металлопластиковые трубы NEW!!! | D16: в каталог >>>
C17: Инструмент | D17: в каталог >>>
C18: Секционные радиаторы отопления Rommer (Китай) | D18: в каталог >>>
C19: Конвекторы отопления водяные внутрипольные (Россия) | D19: в каталог >>>
C20: Шаровые краны Rommer ГОСТ | D20: в каталог >>>
C21: Шаровые краны Rommer (Китай) | D21: в каталог >>>
C22: Аксессуары и комплектующие для радиаторов Rommer (Китай) | D22: в каталог >>>
C23: Канализационные станции ROMMER BIOLIFT (Китай) | D23: в каталог >>>
C24: Установки водоснабжения Rommer HYDROLIFT (Китай) | D24: в каталог >>>
C25: Циркуляционные насосы Rommer (Китай) | D25: в каталог >>>
... C29: Теплоизоляция Rommer (Россия) | D29: в каталог >>>
A30: Rommer | C30: Ручной механический инструмент (Россия) | D30: в каталог >>>
C31: Котлы твердотопливные ROMMER (Россия) | D31: в каталог >>>
C32: ROMMER Дымоходы | D32: в каталог >>>
C33: Трехходовые клапаны и сервоприводы ROMMER | D33: в каталог >>>
C34: Коллекторы из нержавеющей стали | D34: в каталог >>>
C35: Rommer термостатические клапаны | D35: в каталог >>>
C36: Погружные скважинные насосы Rommer (Китай) | D36: в каталог >>>
C37: ROMMER Высокоскоростные скважинные насосы | D37: в каталог >>>
C38: Группы быстрого монтажа ROMMER (Китай) | D38: в каталог >>>
C39: ROMMER Автоматика для насосов | D39: в каталог >>>
C40: ROMMER Фланцевые циркуляционные насосы FORCE (Китай) | D40: в каталог >>>
C41: Дренажные насосы Rommer (Китай) | D41: в каталог >>>
C42: Шкафы распределительные Rommer | D42: в каталог >>>
... C52: Коллекторы для систем водоснабжения ROMMER NEW!!! | D52: в каталог >>>

Sheet Rommer Ассортимент
A1: Rommer секционные радиаторы
A2: ='Rommer секционные радиаторы'!B20 -> Артикул | C2: ='Rommer секционные радиаторы'!I20 -> Цена, руб | D2: ='Rommer секционные радиаторы'!K20 -> РИЦ
A3: ='Rommer секционные радиаторы'!B22 -> RAL-1210-050004 | C3: ='Rommer секционные радиаторы'!I22 -> 3943.5915 | D3: ='Rommer секционные радиаторы'!K22 -> 3943
A4: ='Rommer секционные радиаторы'!B23 -> RAL-1210-050006 | C4: ='Rommer секционные радиаторы'!I23 -> 5914.7145 | D4: ='Rommer секционные радиаторы'!K23 -> 5914
A5: ='Rommer секционные радиаторы'!B24 -> RAL-1210-050008 | C5: ='Rommer секционные радиаторы'!I24 -> 7887.1715 | D5: ='Rommer секционные радиаторы'!K24 -> 7887
A6: ='Rommer секционные радиаторы'!B25 -> RAL-1210-050010 | C6: ='Rommer секционные радиаторы'!I25 -> 9859.64 | D6: ='Rommer секционные радиаторы'!K25 -> 9859
A7: ='Rommer секционные радиаторы'!B26 -> RAL-1210-050012 | C7: ='Rommer секционные радиаторы'!I26 -> 11830.763 | D7: ='Rommer секционные радиаторы'!K26 -> 11830
A8: ='Rommer секционные радиаторы'!B27 -> RAL-1210-035004 | C8: ='Rommer секционные радиаторы'!I27 -> 3692.834 | D8: ='Rommer секционные радиаторы'!K27 -> 3693
A9: ='Rommer секционные радиаторы'!B28 -> RAL-1210-035006 | C9: ='Rommer секционные радиаторы'!I28 -> 5539.2625 | D9: ='Rommer секционные радиаторы'!K28 -> 5540
A10: ='Rommer секционные радиаторы'!B29 -> RAL-1210-035008 | C10: ='Rommer секционные радиаторы'!I29 -> 7384.334 | D10: ='Rommer секционные радиаторы'!K29 -> 7383
A11: ='Rommer секционные радиаторы'!B30 -> RAL-1210-035010 | C11: ='Rommer секционные радиаторы'!I30 -> 9229.417 | D11: ='Rommer секционные радиаторы'!K30 -> 9229
A12: ='Rommer секционные радиаторы'!B31 -> RAL-1210-035012 | C12: ='Rommer секционные радиаторы'!I31 -> 11077.18 | D12: ='Rommer секционные радиаторы'!K31 -> 11077
A13: ='Rommer секционные радиаторы'!B44 -> RAL-0210-050004 | C13: ='Rommer секционные радиаторы'!I44 -> 3344.2 | D13: ='Rommer секционные радиаторы'!K44 -> 3344
A14: ='Rommer секционные радиаторы'!B45 -> RAL-0210-050006 | C14: ='Rommer секционные радиаторы'!I45 -> 5016.3115 | D14: ='Rommer секционные радиаторы'!K45 -> 5016
A15: ='Rommer секционные радиаторы'!B46 -> RAL-0210-050008 | C15: ='Rommer секционные радиаторы'!I46 -> 6689.7455 | D15: ='Rommer секционные радиаторы'!K46 -> 6688
A16: ='Rommer секционные радиаторы'!B47 -> RAL-0210-050010 | C16: ='Rommer секционные радиаторы'!I47 -> 8361.857 | D16: ='Rommer секционные радиаторы'!K47 -> 8362
A17: ='Rommer секционные радиаторы'!B48 -> RAL-0210-050012 | C17: ='Rommer секционные радиаторы'!I48 -> 10033.957 | D17: ='Rommer секционные радиаторы'!K48 -> 10034
A18: ='Rommer секционные радиаторы'!B61 -> RAL-3210-050004 | C18: ='Rommer секционные радиаторы'!I61 -> 3377.7225 | D18: ='Rommer секционные радиаторы'!K61 -> 3376
A19: ='Rommer секционные радиаторы'!B62 -> RAL-3210-050006 | C19: ='Rommer секционные радиаторы'!I62 -> 5067.2565 | D19: ='Rommer секционные радиаторы'!K62 -> 5066
A20: ='Rommer секционные радиаторы'!B63 -> RAL-3210-050008 | C20: ='Rommer секционные радиаторы'!I63 -> 6755.4565 | D20: ='Rommer секционные радиаторы'!K63 -> 6754
A21: ='Rommer секционные радиаторы'!B64 -> RAL-3210-050010 | C21: ='Rommer секционные радиаторы'!I64 -> 8443.645 | D21: ='Rommer секционные радиаторы'!K64 -> 8443
A22: ='Rommer секционные радиаторы'!B65 -> RAL-3210-050012 | C22: ='Rommer секционные радиаторы'!I65 -> 10133.179 | D22: ='Rommer секционные радиаторы'!K65 -> 10133
A23: ='Rommer секционные радиаторы'!B66 -> RAL-3210-020006 | C23: ='Rommer секционные радиаторы'!I66 -> 4843.3285 | D23: ='Rommer секционные радиаторы'!K66 -> 4843
A24: ='Rommer секционные радиаторы'!B67 -> RAL-3210-020008 | C24: ='Rommer секционные радиаторы'!I67 -> 6459.113 | D24: ='Rommer секционные радиаторы'!K67 -> 6458
A25: ='Rommer секционные радиаторы'!B68 -> RAL-3210-020010 | C25: ='Rommer секционные радиаторы'!I68 -> 8073.5635 | D25: ='Rommer секционные радиаторы'!K68 -> 8073
A26: ='Rommer секционные радиаторы'!B69 -> RAL-3210-020012 | C26: ='Rommer секционные радиаторы'!I69 -> 9688.0025 | D26: ='Rommer секционные радиаторы'!K69 -> 9688
A27: ='Rommer секционные радиаторы'!B70 -> RAL-3210-020014 | C27: ='Rommer секционные радиаторы'!I70 -> 11301.107 | D27: ='Rommer секционные радиаторы'!K70 -> 11300
A28: ='Rommer секционные радиаторы'!B85 -> RBM-1210-050004 | C28: ='Rommer секционные радиаторы'!I85 -> 4049.166 | D28: ='Rommer секционные радиаторы'!K85 -> 4049
A29: ='Rommer секционные радиаторы'!B86 -> RBM-1210-050006 | C29: ='Rommer секционные радиаторы'!I86 -> 6075.674 | D29: ='Rommer секционные радиаторы'!K86 -> 6076
A30: ='Rommer секционные радиаторы'!B87 -> RBM-1210-050008 | C30: ='Rommer секционные радиаторы'!I87 -> 8099.619 | D30: ='Rommer секционные радиаторы'!K87 -> 8100
A31: ='Rommer секционные радиаторы'!B88 -> RBM-1210-050010 | C31: ='Rommer секционные радиаторы'!I88 -> 10123.564 | D31: ='Rommer секционные радиаторы'!K88 -> 10124
A32: ='Rommer секционные радиаторы'!B89 -> RBM-1210-050012 | C32: ='Rommer секционные радиаторы'!I89 -> 12150.072 | D32: ='Rommer секционные радиаторы'!K89 -> 12150
A33: ='Rommer секционные радиаторы'!B90 -> RBM-1210-035004 | C33: ='Rommer секционные радиаторы'!I90 -> 3806.759 | D33: ='Rommer секционные радиаторы'!K90 -> 3807
A34: ='Rommer секционные радиаторы'!B91 -> RBM-1210-035006 | C34: ='Rommer секционные радиаторы'!I91 -> 5712.696 | D34: ='Rommer секционные радиаторы'!K91 -> 5713
A35: ='Rommer секционные радиаторы'!B92 -> RBM-1210-035008 | C35: ='Rommer секционные радиаторы'!I92 -> 7616.081 | D35: ='Rommer секционные радиаторы'!K92 -> 7616
A36: ='Rommer секционные радиаторы'!B93 -> RBM-1210-035010 | C36: ='Rommer секционные радиаторы'!I93 -> 9519.455 | D36: ='Rommer секционные радиаторы'!K93 -> 9519
A37: ='Rommer секционные радиаторы'!B94 -> RBM-1210-035012 | C37: ='Rommer секционные радиаторы'!I94 -> 11422.84 | D37: ='Rommer секционные радиаторы'!K94 -> 11423
A38: ='Rommer секционные радиаторы'!B107 -> RBM-0210-050004 | C38: ='Rommer секционные радиаторы'!I107 -> 3323.221 | D38: ='Rommer секционные радиаторы'!K107 -> 3323
A39: ='Rommer секционные радиаторы'!B108 -> RBM-0210-050006 | C39: ='Rommer секционные радиаторы'!I108 -> 4984.188 | D39: ='Rommer секционные радиаторы'!K108 -> 4984
A40: ='Rommer секционные радиаторы'!B109 -> RBM-0210-050008 | C40: ='Rommer секционные радиаторы'!I109 -> 6643.868 | D40: ='Rommer секционные радиаторы'!K109 -> 6644
A41: ='Rommer секционные радиаторы'!B110 -> RBM-0210-050010 | C41: ='Rommer секционные радиаторы'!I110 -> 8307.398 | D41: ='Rommer секционные радиаторы'!K110 -> 8307
A42: ='Rommer секционные радиаторы'!B111 -> RBM-0210-050012 | C42: ='Rommer секционные радиаторы'!I111 -> 9968.365 | D42: ='Rommer секционные радиаторы'!K111 -> 9968
A43: ='Rommer секционные радиаторы'!B125 -> RBM-3210-050004 | C43: ='Rommer секционные радиаторы'!I125 -> 3669.523 | D43: ='Rommer секционные радиаторы'!K125 -> 3670
A44: ='Rommer секционные радиаторы'!B126 -> RBM-3210-050006 | C44: ='Rommer секционные радиаторы'!I126 -> 5504.917 | D44: ='Rommer секционные радиаторы'!K126 -> 5505
A45: ='Rommer секционные радиаторы'!B127 -> RBM-3210-050008 | C45: ='Rommer секционные радиаторы'!I127 -> 7339.035 | D45: ='Rommer секционные радиаторы'!K127 -> 7339
A46: ='Rommer секционные радиаторы'!B128 -> RBM-3210-050010 | C46: ='Rommer секционные радиаторы'!I128 -> 9174.44 | D46: ='Rommer секционные радиаторы'!K128 -> 9174
A47: ='Rommer секционные радиаторы'!B129 -> RBM-3210-050012 | C47: ='Rommer секционные радиаторы'!I129 -> 11008.558 | D47: ='Rommer секционные радиаторы'!K129 -> 11009
A48: ='Rommer секционные радиаторы'!B130 -> RBM-3210-020006 | C48: ='Rommer секционные радиаторы'!I130 -> 4997.014 | D48: ='Rommer секционные радиаторы'!K130 -> 4997
A49: ='Rommer секционные радиаторы'!B131 -> RBM-3210-020008 | C49: ='Rommer секционные радиаторы'!I131 -> 6661.82 | D49: ='Rommer секционные радиаторы'!K131 -> 6662
A50: ='Rommer секционные радиаторы'!B132 -> RBM-3210-020010 | C50: ='Rommer секционные радиаторы'!I132 -> 8326.637 | D50: ='Rommer секционные радиаторы'!K132 -> 8327
A51: ='Rommer секционные радиаторы'!B133 -> RBM-3210-020012 | C51: ='Rommer секционные радиаторы'!I133 -> 9992.741 | D51: ='Rommer секционные радиаторы'!K133 -> 9993
A52: ='Rommer секционные радиаторы'!B134 -> RBM-3210-020014 | C52: ='Rommer секционные радиаторы'!I134 -> 11657.547 | D52: ='Rommer секционные радиаторы'!K134 -> 11658
A53: Rommer Конвекторы внутрипольные
A54: ='Rommer Конвекторы внутрипольные'!A13 -> Артикул | C54: ='Rommer Конвекторы внутрипольные'!F13 -> Цена с НДС, руб | D54: ='Rommer Конвекторы внутрипольные'!I13 -> РИЦ
A55: ='Rommer Конвекторы внутрипольные'!A15 -> RCN1-1000-0820080 | C55: ='Rommer Конвекторы внутрипольные'!F15 -> 17548 | D55: ='Rommer Конвекторы внутрипольные'!I15 -> 15793
A56: ='Rommer Конвекторы внутрипольные'!A16 -> RCN1-1000-0820090 | C56: ='Rommer Конвекторы внутрипольные'!F16 -> 19274 | D56: ='Rommer Конвекторы внутрипольные'!I16 -> 17347
A57: ='Rommer Конвекторы внутрипольные'!A17 -> RCN1-1000-0820100 | C57: ='Rommer Конвекторы внутрипольные'!F17 -> 20999 | D57: ='Rommer Конвекторы внутрипольные'!I17 -> 18899
A58: ='Rommer Конвекторы внутрипольные'!A18 -> RCN1-1000-0820110 | C58: ='Rommer Конвекторы внутрипольные'!F18 -> 22725 | D58: ='Rommer Конвекторы внутрипольные'!I18 -> 20453
A59: ='Rommer Конвекторы внутрипольные'!A19 -> RCN1-1000-0820120 | C59: ='Rommer Конвекторы внутрипольные'!F19 -> 24451 | D59: ='Rommer Конвекторы внутрипольные'!I19 -> 22006
A60: ='Rommer Конвекторы внутрипольные'!A20 -> RCN1-1000-0820130 | C60: ='Rommer Конвекторы внутрипольные'!F20 -> 26177 | D60: ='Rommer Конвекторы внутрипольные'!I20 -> 23559
A61: ='Rommer Конвекторы внутрипольные'!A21 -> RCN1-1000-0820140 | C61: ='Rommer Конвекторы внутрипольные'!F21 -> 27903 | D61: ='Rommer Конвекторы внутрипольные'!I21 -> 25113
A62: ='Rommer Конвекторы внутрипольные'!A22 -> RCN1-1000-0820150 | C62: ='Rommer Конвекторы внутрипольные'!F22 -> 29629 | D62: ='Rommer Конвекторы внутрипольные'!I22 -> 26666
A63: ='Rommer Конвекторы внутрипольные'!A23 -> RCN1-1000-0820160 | C63: ='Rommer Конвекторы внутрипольные'!F23 -> 31355 | D63: ='Rommer Конвекторы внутрипольные'!I23 -> 28220
A64: ='Rommer Конвекторы внутрипольные'!A24 -> RCN1-1000-0820170 | C64: ='Rommer Конвекторы внутрипольные'!F24 -> 33081 | D64: ='Rommer Конвекторы внутрипольные'!I24 -> 29773
A65: ='Rommer Конвекторы внутрипольные'!A25 -> RCN1-1000-0820180 | C65: ='Rommer Конвекторы внутрипольные'!F25 -> 34806 | D65: ='Rommer Конвекторы внутрипольные'!I25 -> 31325
A66: ='Rommer Конвекторы внутрипольные'!A26 -> RCN1-1000-0820190 | C66: ='Rommer Конвекторы внутрипольные'!F26 -> 36532 | D66: ='Rommer Конвекторы внутрипольные'!I26 -> 32879
... A1606: ='Rommer Конвекторы внутрипольные'!A1566 -> RCQF-1000-1438500 | C1606: ='Rommer Конвекторы внутрипольные'!F1566 -> 309918 | D1606: ='Rommer Конвекторы внутрипольные'!I1566 -> 278926
A1607: Rommer шаровые краны (Китай)
A1608: ='Rommer шаровые краны (Китай)'!A19 -> Артикул | B1608: ='Rommer шаровые краны (Китай)'!B19 -> Наименование | C1608: ='Rommer шаровые краны (Китай)'!G19 -> Цена Руб. | D1608: ='Rommer шаровые краны (Китай)'!J19 -> РИЦ
A1609: ='Rommer шаровые краны (Китай)'!A21 -> RBV-0001-0110315 | B1609: ='Rommer шаровые краны (Китай)'!B21 -> Rommer шаровой кран 1/2" ВН/ВН, ручка рычаг RBV-0001-0110315 | C1609: ='Rommer шаровые краны (Китай)'!G21 -> 289.54092 | D1609: ='Rommer шаровые краны (Китай)'!J21 -> 261
A1610: ='Rommer шаровые краны (Китай)'!A22 -> RBV-0001-0110320 | B1610: ='Rommer шаровые краны (Китай)'!B22 -> Rommer шаровой кран 3/4" ВН/ВН, ручка рычаг RBV-0001-0110320 | C1610: ='Rommer шаровые краны (Китай)'!G22 -> 453.94691 | D1610: ='Rommer шаровые краны (Китай)'!J22 -> 409
A1611: ='Rommer шаровые краны (Китай)'!A23 -> RBV-0001-0110325 | B1611: ='Rommer шаровые краны (Китай)'!B23 -> Rommer шаровой кран 1" ВН/ВН, ручка рычаг RBV-0001-0110325 | C1611: ='Rommer шаровые краны (Китай)'!G23 -> 880.58728 | D1611: ='Rommer шаровые краны (Китай)'!J23 -> 793
A1612: ='Rommer шаровые краны (Китай)'!A24 -> RBV-0001-0110332 | B1612: ='Rommer шаровые краны (Китай)'!B24 -> Rommer шаровой кран 1 1/4" ВН/ВН, ручка рычаг RBV-0001-0110332 | C1612: ='Rommer шаровые краны (Китай)'!G24 -> 1409.0582 | D1612: ='Rommer шаровые краны (Китай)'!J24 -> 1268
A1613: ='Rommer шаровые краны (Китай)'!A25 -> RBV-0001-0110340 | B1613: ='Rommer шаровые краны (Китай)'!B25 -> Rommer шаровой кран 1 1/2" ВН/ВН, ручка рычаг RBV-0001-0110340 | C1613: ='Rommer шаровые краны (Китай)'!G25 -> 2204.3958 | D1613: ='Rommer шаровые краны (Китай)'!J25 -> 1984
A1614: ='Rommer шаровые краны (Китай)'!A26 -> RBV-0001-0110350 | B1614: ='Rommer шаровые краны (Китай)'!B26 -> Rommer шаровой кран 2" ВН/ВН, ручка рычаг RBV-0001-0110350 | C1614: ='Rommer шаровые краны (Китай)'!G26 -> 3404.0148 | D1614: ='Rommer шаровые краны (Китай)'!J26 -> 3064
A1615: ='Rommer шаровые краны (Китай)'!A28 -> RBV-0002-0210315 | B1615: ='Rommer шаровые краны (Китай)'!B28 -> Rommer шаровой кран 1/2" ВН/НР, ручка рычаг RBV-0002-0210315 | C1615: ='Rommer шаровые краны (Китай)'!G28 -> 303.51876 | D1615: ='Rommer шаровые краны (Китай)'!J28 -> 273
A1616: ='Rommer шаровые краны (Китай)'!A29 -> RBV-0002-0210320 | B1616: ='Rommer шаровые краны (Китай)'!B29 -> Rommer шаровой кран 3/4" ВН/НР, ручка рычаг RBV-0002-0210320 | C1616: ='Rommer шаровые краны (Китай)'!G29 -> 481.14189 | D1616: ='Rommer шаровые краны (Китай)'!J29 -> 433
A1617: ='Rommer шаровые краны (Китай)'!A30 -> RBV-0002-0210325 | B1617: ='Rommer шаровые краны (Китай)'!B30 -> Rommer шаровой кран 1" ВН/НР, ручка рычаг RBV-0002-0210325 | C1617: ='Rommer шаровые краны (Китай)'!G30 -> 954.605 | D1617: ='Rommer шаровые краны (Китай)'!J30 -> 859
A1618: ='Rommer шаровые краны (Китай)'!A31 -> RBV-0002-0210332 | B1618: ='Rommer шаровые краны (Китай)'!B31 -> Rommer шаровой кран 1 1/4" ВН/НР, ручка рычаг RBV-0002-0210332 | C1618: ='Rommer шаровые краны (Китай)'!G31 -> 1666.1268 | D1618: ='Rommer шаровые краны (Китай)'!J31 -> 1500
A1619: ='Rommer шаровые краны (Китай)'!A32 -> RBV-0002-0210340 | B1619: ='Rommer шаровые краны (Китай)'!B32 -> Rommer шаровой кран 1 1/2" ВН/НР, ручка рычаг RBV-0002-0210340 | C1619: ='Rommer шаровые краны (Китай)'!G32 -> 2509.6694 | D1619: ='Rommer шаровые краны (Китай)'!J32 -> 2259
A1620: ='Rommer шаровые краны (Китай)'!A33 -> RBV-0002-0210350 | B1620: ='Rommer шаровые краны (Китай)'!B33 -> Rommer шаровой кран 2" ВН/НР, ручка рычаг RBV-0002-0210350 | C1620: ='Rommer шаровые краны (Китай)'!G33 -> 3724.4604 | D1620: ='Rommer шаровые краны (Китай)'!J33 -> 3352
A1621: ='Rommer шаровые краны (Китай)'!A35 -> RBV-0003-0110215 | B1621: ='Rommer шаровые краны (Китай)'!B35 -> Rommer шаровой кран 1/2" ВН/ВН, ручка бабочка RBV-0003-0110215 | C1621: ='Rommer шаровые краны (Китай)'!G35 -> 281.55358 | D1621: ='Rommer шаровые краны (Китай)'!J35 -> 253
A1622: ='Rommer шаровые краны (Китай)'!A36 -> RBV-0003-0110220 | B1622: ='Rommer шаровые краны (Китай)'!B36 -> Rommer шаровой кран 3/4" ВН/ВН, ручка бабочка RBV-0003-0110220 | C1622: ='Rommer шаровые краны (Китай)'!G36 -> 441.39539 | D1622: ='Rommer шаровые краны (Китай)'!J36 -> 397
A1623: ='Rommer шаровые краны (Китай)'!A37 -> RBV-0003-0110225 | B1623: ='Rommer шаровые краны (Китай)'!B37 -> Rommer шаровой кран 1" ВН/ВН, ручка бабочка RBV-0003-0110225 | C1623: ='Rommer шаровые краны (Китай)'!G37 -> 861.15821 | D1623: ='Rommer шаровые краны (Китай)'!J37 -> 775
A1624: ='Rommer шаровые краны (Китай)'!A38 -> RBV-0003-0110232 | B1624: ='Rommer шаровые краны (Китай)'!B38 -> Rommer шаровой кран 1 1/4" ВН/ВН, ручка бабочка RBV-0003-0110232 | C1624: ='Rommer шаровые краны (Китай)'!G38 -> 1362.3119 | D1624: ='Rommer шаровые краны (Китай)'!J38 -> 1226
A1625: ='Rommer шаровые краны (Китай)'!A40 -> RBV-0004-0210215 | B1625: ='Rommer шаровые краны (Китай)'!B40 -> Rommer шаровой кран 1/2" ВН/НР, ручка бабочка RBV-0004-0210215 | C1625: ='Rommer шаровые краны (Китай)'!G40 -> 295.53142 | D1625: ='Rommer шаровые краны (Китай)'!J40 -> 266
A1626: ='Rommer шаровые краны (Китай)'!A41 -> RBV-0004-0210220 | B1626: ='Rommer шаровые краны (Китай)'!B41 -> Rommer шаровой кран 3/4" ВН/НР, ручка бабочка RBV-0004-0210220 | C1626: ='Rommer шаровые краны (Китай)'!G41 -> 472.7742 | D1626: ='Rommer шаровые краны (Китай)'!J41 -> 425
A1627: ='Rommer шаровые краны (Китай)'!A42 -> RBV-0004-0210225 | B1627: ='Rommer шаровые краны (Китай)'!B42 -> Rommer шаровой кран 1" ВН/НР, ручка бабочка RBV-0004-0210225 | C1627: ='Rommer шаровые краны (Китай)'!G42 -> 934.97402 | D1627: ='Rommer шаровые краны (Китай)'!J42 -> 841
A1628: ='Rommer шаровые краны (Китай)'!A43 -> RBV-0004-0210232 | B1628: ='Rommer шаровые краны (Китай)'!B43 -> Rommer шаровой кран 1 1/4" ВН/НР, ручка бабочка RBV-0004-0210232 | C1628: ='Rommer шаровые краны (Китай)'!G43 -> 1544.3444 | D1628: ='Rommer шаровые краны (Китай)'!J43 -> 1390
A1629: ='Rommer шаровые краны (Китай)'!A45 -> RBV-0005-0510215 | B1629: ='Rommer шаровые краны (Китай)'!B45 -> Rommer шаровой кран с американкой 1/2" ВН/НР, ручка бабочка RBV-0005-0510215 | C1629: ='Rommer шаровые краны (Китай)'!G45 -> 397.36995 | D1629: ='Rommer шаровые краны (Китай)'!J45 -> 358
A1630: ='Rommer шаровые краны (Китай)'!A46 -> RBV-0005-0510220 | B1630: ='Rommer шаровые краны (Китай)'!B46 -> Rommer шаровой кран с американкой 3/4" ВН/НР, ручка бабочка RBV-0005-0510220 | C1630: ='Rommer шаровые краны (Китай)'!G46 -> 640.12791 | D1630: ='Rommer шаровые краны (Китай)'!J46 -> 576
A1631: ='Rommer шаровые краны (Китай)'!A47 -> RBV-0005-0510225 | B1631: ='Rommer шаровые краны (Китай)'!B47 -> Rommer шаровой кран с американкой 1" ВН/НР, ручка бабочка RBV-0005-0510225 | C1631: ='Rommer шаровые краны (Китай)'!G47 -> 1371.4329 | D1631: ='Rommer шаровые краны (Китай)'!J47 -> 1234
A1632: ='Rommer шаровые краны (Китай)'!A48 -> RBV-0005-0510232 | B1632: ='Rommer шаровые краны (Китай)'!B48 -> Rommer шаровой кран с американкой 1 1/4" ВН/НР, ручка бабочка RBV-0005-0510232 | C1632: ='Rommer шаровые краны (Китай)'!G48 -> 2075.3432 | D1632: ='Rommer шаровые краны (Китай)'!J48 -> 1868
A1633: ='Rommer шаровые краны (Китай)'!A50 -> RBV-0006-0610215 | B1633: ='Rommer шаровые краны (Китай)'!B50 -> Rommer шаровой кран угловой с американкой 1/2" ВН/НР, ручка бабочка RBV-0006-0610215 | C1633: ='Rommer шаровые краны (Китай)'!G50 -> 423.32879 | D1633: ='Rommer шаровые краны (Китай)'!J50 -> 381
A1634: ='Rommer шаровые краны (Китай)'!A51 -> RBV-0006-0610220 | B1634: ='Rommer шаровые краны (Китай)'!B51 -> Rommer шаровой кран угловой с американкой 3/4" ВН/НР, ручка бабочка RBV-0006-0610220 | C1634: ='Rommer шаровые краны (Китай)'!G51 -> 709.16131 | D1634: ='Rommer шаровые краны (Китай)'!J51 -> 638
A1635: ='Rommer шаровые краны (Китай)'!A52 -> RBV-0006-0610225 | B1635: ='Rommer шаровые краны (Китай)'!B52 -> Rommer шаровой кран угловой с американкой 1" ВН/НР, ручка бабочка RBV-0006-0610225 | C1635: ='Rommer шаровые краны (Китай)'!G52 -> 1611.3226 | D1635: ='Rommer шаровые краны (Китай)'!J52 -> 1450
A1636: ='Rommer шаровые краны (Китай)'!A54 -> RBV-0007-0410215 | B1636: ='Rommer шаровые краны (Китай)'!B54 -> Rommer шаровой кран 1/2" НР/НР, ручка бабочка RBV-0007-0410215 | C1636: ='Rommer шаровые краны (Китай)'!G54 -> 311.50609 | D1636: ='Rommer шаровые краны (Китай)'!J54 -> 280
A1637: ='Rommer шаровые краны (Китай)'!A55 -> RBV-0007-0410220 | B1637: ='Rommer шаровые краны (Китай)'!B55 -> Rommer шаровой кран 3/4" НР/НР, ручка бабочка RBV-0007-0410220 | C1637: ='Rommer шаровые краны (Китай)'!G55 -> 497.87726 | D1637: ='Rommer шаровые краны (Китай)'!J55 -> 448
A1638: ='Rommer шаровые краны (Китай)'!A56 -> RBV-0007-0410225 | B1638: ='Rommer шаровые краны (Китай)'!B56 -> Rommer шаровой кран 1" НР/НР, ручка бабочка RBV-0007-0410225 | C1638: ='Rommer шаровые краны (Китай)'!G56 -> 984.12268 | D1638: ='Rommer шаровые краны (Китай)'!J56 -> 886
A1639: ='Rommer шаровые краны (Китай)'!A57 -> RBV-0007-0410232 | B1639: ='Rommer шаровые краны (Китай)'!B57 -> Rommer шаровой кран 1 1/4" НР/НР, ручка бабочка RBV-0007-0410232 | C1639: ='Rommer шаровые краны (Китай)'!G57 -> 1530.3393 | D1639: ='Rommer шаровые краны (Китай)'!J57 -> 1377
...

Sheet Rommer Трубы PE-Xa
A1: Труба PE-Xa/EVOH Rommer
A4: СКИДКА, % | B4: 0
A8: Артикул | B8: Размер | C8: Упаковка | D8: Цена с НДС, РУБ | E8: Цена с НДС, с учетом скидки, РУБ | H8: РИЦ
A9: Труба PE-Xa/EVOH из сшитого полиэтилена с антидиффузионным слоем для напольного отопления, красная
A10: RPX-0002-101620 | B10: 16х2.0 | C10: 100 | D10: 95.007 | E10: =D10-D10*$B$4/100 -> 95.007 | H10: 90
A11: RPX-0002-241620 | B11: 16х2.0 | C11: 240 | D11: 95.007 | E11: =D11-D11*$B$4/100 -> 95.007 | H11: 90
A12: RPX-0002-501620 | B12: 16х2.0 | C12: 500 | D12: 95.007 | E12: =D12-D12*$B$4/100 -> 95.007 | H12: 90
A13: RPX-0002-101620D | B13: 16х2.0 | C13: 100 | D13: 9501.173 | E13: =D13-D13*$B$4/100 -> 9501.173 | H13: 8973
A14: RPX-0002-241620D | B14: 16х2.0 | C14: 240 | D14: 22802.802 | E14: =D14-D14*$B$4/100 -> 22802.802 | H14: 21536
A15: RPX-0002-501620D | B15: 16х2.0 | C15: 500 | D15: 47505.843 | E15: =D15-D15*$B$4/100 -> 47505.843 | H15: 44867
A16: RPX-0002-002020 | B16: 20х2.0 | C16: 100 | D16: 125.972 | E16: =D16-D16*$B$4/100 -> 125.972 | H16: 119
A17: RPX-0002-242020 | B17: 20х2.0 | C17: 240 | D17: 125.972 | E17: =D17-D17*$B$4/100 -> 125.972 | H17: 119
A18: RPX-0002-502020 | B18: 20х2.0 | C18: 500 | D18: 125.972 | E18: =D18-D18*$B$4/100 -> 125.972 | H18: 119
A19: Трубы PE-Xa/EVOH из сшитого полиэтилена с антидиффузионным слоем для систем холодного, горячего водоснабжения и отопления, универсальная, серая
A20: RPX-0001-001622 | B20: 16х2.2 | C20: 100 | D20: 101.651 | E20: =D20-D20*$B$4/100 -> 101.651 | H20: 96
A21: RPX-0001-241622 | B21: 16х2.2 | C21: 240 | D21: 101.651 | E21: =D21-D21*$B$4/100 -> 101.651 | H21: 96
A22: RPX-0001-501622 | B22: 16х2.2 | C22: 500 | D22: 101.651 | E22: =D22-D22*$B$4/100 -> 101.651 | H22: 96
A23: RPX-0001-002028 | B23: 20х2.8 | C23: 100 | D23: 155.012 | E23: =D23-D23*$B$4/100 -> 155.012 | H23: 146
A24: RPX-0001-002535 | B24: 25х3.5 | C24: 50 | D24: 249.128 | E24: =D24-D24*$B$4/100 -> 249.128 | H24: 235
A25: RPX-0001-003244 | B25: 34х4.4 | C25: 50 | D25: 423.544 | E25: =D25-D25*$B$4/100 -> 423.544 | H25: 400
A27: Трубы стабильные PE-Xa/Al/PE-RT из сшитого полиэтилена с алюминиевым слоем для систем холодного, горячего водоснабжения и отопления, универсальная, серая
A28: RPS-0001-001626 | B28: 16.2x2.6 | C28: 100 | D28: 207 | E28: =D28-D28*$B$4/100 -> 207 | H28: 195
A29: RPS-0001-002029 | B29: 20x2.9 | C29: 100 | D29: 293 | E29: =D29-D29*$B$4/100 -> 293 | H29: 277
A30: RPS-0001-002537 | B30: 25х3.7 | C30: 50 | D30: 413 | E30: =D30-D30*$B$4/100 -> 413 | H30: 390
A31: RPS-0001-003247 | B31: 32х4.7 | C31: 50 | D31: 780 | E31: =D31-D31*$B$4/100 -> 780 | H31: 737

Sheet Rommer аксиальные фитинги
A1: Аксиальные фитинги латунные
A4: СКИДКА, % | B4: 0
A6: Артикул | B6: Размер | C6: Упаковка | D6: Цена с НДС, РУБ | E6: Цена с НДС, с учетом скидки, РУБ | G6: РИЦ | H6: РИЦ
A7: Монтажная гильза
A8: RFA-0020-000016 | B8: 16х2.0-2.6 | C8: 30 / 300 | D8: 94.479 | E8: =D8-D8*$B$4/100 -> 94.479 | G8: =ROUNDDOWN(D8,0) -> 94 | H8: 94
A9: RFA-0020-000020 | B9: 20х2.8 | C9: 20 / 240 | D9: 118.096 | E9: =D9-D9*$B$4/100 -> 118.096 | G9: =ROUNDDOWN(D9,0) -> 118 | H9: 118
A10: RFA-0020-002002 | B10: 20х2.0 | C10: 20 / 240 | D10: 129.91 | E10: =D10-D10*$B$4/100 -> 129.91 | G10: =ROUNDDOWN(D10,0) -> 129 | H10: 130
A11: RFA-0020-000025 | B11: 25х3.5 | C11: 20 / 160 | D11: 165.341 | E11: =D11-D11*$B$4/100 -> 165.341 | G11: =ROUNDDOWN(D11,0) -> 165 | H11: 165
A12: RFA-0020-000032 | B12: 32х4,4 | C12: 10 / 70 | D12: 354.299 | E12: =D12-D12*$B$4/100 -> 354.299 | G12: =ROUNDDOWN(D12,0) -> 354 | H12: 354
A13: Переходник с наружной резьбой
A14: RFA-0001-001612 | B14: 16x1/2" | C14: 10 / 220 | D14: 196.042 | E14: =D14-D14*$B$4/100 -> 196.042 | G14: =ROUNDDOWN(D14,0) -> 196 | H14: 196
A15: RFA-0001-001634 | B15: 16x3/4" | C15: 10 / 180 | D15: 264.539 | E15: =D15-D15*$B$4/100 -> 264.539 | G15: =ROUNDDOWN(D15,0) -> 264 | H15: 264
A16: RFA-0001-002012 | B16: 20x1/2" | C16: 10 / 160 | D16: 226.754 | E16: =D16-D16*$B$4/100 -> 226.754 | G16: =ROUNDDOWN(D16,0) -> 226 | H16: 226
A17: RFA-0001-002034 | B17: 20x3/4" | C17: 10 / 120 | D17: 290.521 | E17: =D17-D17*$B$4/100 -> 290.521 | G17: =ROUNDDOWN(D17,0) -> 290 | H17: 289
A18: RFA-0001-200212 | B18: 20х2.0x1/2 | C18: 10 / 160 | D18: 224.4 | E18: =D18-D18*$B$4/100 -> 224.4 | G18: =ROUNDDOWN(D18,0) -> 224 | H18: 223
A19: RFA-0001-002512 | B19: 25x1/2" | C19: 10 / 120 | D19: 328.317 | E19: =D19-D19*$B$4/100 -> 328.317 | G19: =ROUNDDOWN(D19,0) -> 328 | H19: 327
A20: RFA-0001-002534 | B20: 25x3/4" | C20: 10 / 100 | D20: 401.533 | E20: =D20-D20*$B$4/100 -> 401.533 | G20: =ROUNDDOWN(D20,0) -> 401 | H20: 400
A21: RFA-0001-002510 | B21: 25x1" | C21: 10 / 80 | D21: 500.742 | E21: =D21-D21*$B$4/100 -> 500.742 | G21: =ROUNDDOWN(D21,0) -> 500 | H21: 501
A22: RFA-0001-003234 | B22: 32x3/4" | C22: 5 / 60 | D22: 517.275 | E22: =D22-D22*$B$4/100 -> 517.275 | G22: =ROUNDDOWN(D22,0) -> 517 | H22: 517
A23: RFA-0001-003210 | B23: 32x1" | C23: 5 / 50 | D23: 651.915 | E23: =D23-D23*$B$4/100 -> 651.915 | G23: =ROUNDDOWN(D23,0) -> 651 | H23: 651
A24: Переходник с внутренней резьбой
A25: RFA-0002-001612 | B25: 16x1/2" | C25: 10 / 200 | D25: 212.575 | E25: =D25-D25*$B$4/100 -> 212.575 | G25: =ROUNDDOWN(D25,0) -> 212 | H25: 212
A26: RFA-0002-001634 | B26: 16x3/4" | C26: 10 / 160 | D26: 307.054 | E26: =D26-D26*$B$4/100 -> 307.054 | G26: =ROUNDDOWN(D26,0) -> 307 | H26: 307
A27: RFA-0002-002012 | B27: 20x1/2" | C27: 10 / 150 | D27: 262.185 | E27: =D27-D27*$B$4/100 -> 262.185 | G27: =ROUNDDOWN(D27,0) -> 262 | H27: 262
A28: RFA-0002-002034 | B28: 20x3/4" | C28: 10 / 100 | D28: 333.036 | E28: =D28-D28*$B$4/100 -> 333.036 | G28: =ROUNDDOWN(D28,0) -> 333 | H28: 332
A29: RFA-0002-002534 | B29: 25x3/4" | C29: 10 / 90 | D29: 408.628 | E29: =D29-D29*$B$4/100 -> 408.628 | G29: =ROUNDDOWN(D29,0) -> 408 | H29: 408
A30: RFA-0002-003210 | B30: 32x1" | C30: 5 / 45 | D30: 699.16 | E30: =D30-D30*$B$4/100 -> 699.16 | G30: =ROUNDDOWN(D30,0) -> 699 | H30: 699
A31: Переходник с накидной гайкой (евроконус)
A32: RFA-0034-001634 | B32: 16xG 3/4 | C32: 10 / 110 | D32: 304.7 | E32: =D32-D32*$B$4/100 -> 304.7 | G32: =ROUNDDOWN(D32,0) -> 304 | H32: 304
A33: RFA-0034-002034 | B33: 20xG 3/4 | C33: 10 / 90 | D33: 401.533 | E33: =D33-D33*$B$4/100 -> 401.533 | G33: =ROUNDDOWN(D33,0) -> 401 | H33: 400
A34: Переходник с накидной гайкой
A35: RFA-0019-001612 | B35: 16×1/2" | C35: 10 / 200 | D35: 236.203 | E35: =D35-D35*$B$4/100 -> 236.203 | G35: =ROUNDDOWN(D35,0) -> 236 | H35: 235
A36: RFA-0019-001634 | B36: 16×3/4" | C36: 10 / 180 | D36: 283.448 | E36: =D36-D36*$B$4/100 -> 283.448 | G36: =ROUNDDOWN(D36,0) -> 283 | H36: 284
A37: RFA-0019-002012 | B37: 20×1/2" | C37: 10 / 180 | D37: 276.353 | E37: =D37-D37*$B$4/100 -> 276.353 | G37: =ROUNDDOWN(D37,0) -> 276 | H37: 276
A38: RFA-0019-002034 | B38: 20×3/4" | C38: 10 / 150 | D38: 349.569 | E38: =D38-D38*$B$4/100 -> 349.569 | G38: =ROUNDDOWN(D38,0) -> 349 | H38: 349
A39: RFA-0019-002534 | B39: 25x3/4" | C39: 10 / 90 | D39: 403.909 | E39: =D39-D39*$B$4/100 -> 403.909 | G39: =ROUNDDOWN(D39,0) -> 403 | H39: 403
A40: RFA-0019-002510 | B40: 25×1” | C40: 10 / 70 | D40: 533.808 | E40: =D40-D40*$B$4/100 -> 533.808 | G40: =ROUNDDOWN(D40,0) -> 533 | H40: 534
A41: RFA-0019-003210 | B41: 32x1" | C41: 5 / 45 | D41: 718.047 | E41: =D41-D41*$B$4/100 -> 718.047 | G41: =ROUNDDOWN(D41,0) -> 718 | H41: 718
A42: Муфта соединительная равнопроходная
A43: RFA-0003-000016 | B43: 16 | C43: 10 / 250 | D43: 153.527 | E43: =D43-D43*$B$4/100 -> 153.527 | G43: =ROUNDDOWN(D43,0) -> 153 | H43: 153
A44: RFA-0003-002002 | B44: 20 | C44: 10 / 150 | D44: 236.203 | E44: =D44-D44*$B$4/100 -> 236.203 | G44: =ROUNDDOWN(D44,0) -> 236 | H44: 235
A45: RFA-0003-000020 | B45: 20х2.0 | C45: 10 / 150 | D45: 224.4 | E45: =D45-D45*$B$4/100 -> 224.4 | G45: =ROUNDDOWN(D45,0) -> 224 | H45: 223
A46: RFA-0003-000025 | B46: 25 | C46: 10 / 90 | D46: 396.814 | E46: =D46-D46*$B$4/100 -> 396.814 | G46: =ROUNDDOWN(D46,0) -> 396 | H46: 396
A47: RFA-0003-000032 | B47: 32 | C47: 5 / 40 | D47: 687.335 | E47: =D47-D47*$B$4/100 -> 687.335 | G47: =ROUNDDOWN(D47,0) -> 687 | H47: 686
A48: Муфта соединительная переходная
A49: RFA-0004-002016 | B49: 20x16 | C49: 10 / 200 | D49: 193.688 | E49: =D49-D49*$B$4/100 -> 193.688 | G49: =ROUNDDOWN(D49,0) -> 193 | H49: 193
A50: RFA-0004-002516 | B50: 25x16 | C50: 10 / 140 | D50: 276.353 | E50: =D50-D50*$B$4/100 -> 276.353 | G50: =ROUNDDOWN(D50,0) -> 276 | H50: 276
A51: RFA-0004-002520 | B51: 25x20 | C51: 10 / 120 | D51: 318.879 | E51: =D51-D51*$B$4/100 -> 318.879 | G51: =ROUNDDOWN(D51,0) -> 318 | H51: 319
A52: RFA-0004-003225 | B52: 32x25 | C52: 10 / 60 | D52: 540.903 | E52: =D52-D52*$B$4/100 -> 540.903 | G52: =ROUNDDOWN(D52,0) -> 540 | H52: 540
A53: Угольник с наружной резьбой
A54: RFA-0005-001612 | B54: 16x1/2" | C54: 10 / 150 | D54: 290.521 | E54: =D54-D54*$B$4/100 -> 290.521 | G54: =ROUNDDOWN(D54,0) -> 290 | H54: 289
A55: RFA-0005-002012 | B55: 20x1/2" | C55: 10 / 110 | D55: 337.766 | E55: =D55-D55*$B$4/100 -> 337.766 | G55: =ROUNDDOWN(D55,0) -> 337 | H55: 337
A56: RFA-0005-002034 | B56: 20x3/4" | C56: 10 / 80 | D56: 413.347 | E56: =D56-D56*$B$4/100 -> 413.347 | G56: =ROUNDDOWN(D56,0) -> 413 | H56: 413
A57: RFA-0005-002534 | B57: 25x3/4" | C57: 10 / 60 | D57: 517.275 | E57: =D57-D57*$B$4/100 -> 517.275 | G57: =ROUNDDOWN(D57,0) -> 517 | H57: 517
A58: RFA-0005-003210 | B58: 32x1" | C58: 5 / 35 | D58: 807.796 | E58: =D58-D58*$B$4/100 -> 807.796 | G58: =ROUNDDOWN(D58,0) -> 807 | H58: 807
A59: Угольник с внутренней резьбой
A60: RFA-0006-001612 | B60: 16x1/2" | C60: 10 / 100 | D60: 283.448 | E60: =D60-D60*$B$4/100 -> 283.448 | G60: =ROUNDDOWN(D60,0) -> 283 | H60: 284
A61: RFA-0006-001634 | B61: 16x3/4" | C61: 10 / 80 | D61: 373.197 | E61: =D61-D61*$B$4/100 -> 373.197 | G61: =ROUNDDOWN(D61,0) -> 373 | H61: 373
A62: RFA-0006-002012 | B62: 20x1/2" | C62: 10 / 80 | D62: 377.927 | E62: =D62-D62*$B$4/100 -> 377.927 | G62: =ROUNDDOWN(D62,0) -> 377 | H62: 377
A63: RFA-0006-002034 | B63: 20x3/4" | C63: 10 / 80 | D63: 401.533 | E63: =D63-D63*$B$4/100 -> 401.533 | G63: =ROUNDDOWN(D63,0) -> 401 | H63: 400
A64: RFA-0006-002534 | B64: 25x3/4" | C64: 10 / 60 | D64: 510.191 | E64: =D64-D64*$B$4/100 -> 510.191 | G64: =ROUNDDOWN(D64,0) -> 510 | H64: 509
A65: RFA-0006-002510 | B65: 25x1" | C65: 10 / 50 | D65: 637.736 | E65: =D65-D65*$B$4/100 -> 637.736 | G65: =ROUNDDOWN(D65,0) -> 637 | H65: 637
A66: RFA-0006-003210 | B66: 32x1" | C66: 5 / 30 | D66: 814.891 | E66: =D66-D66*$B$4/100 -> 814.891 | G66: =ROUNDDOWN(D66,0) -> 814 | H66: 814
A67: Угольник
A68: RFA-0007-000016 | B68: 16 | C68: 10 / 160 | D68: 231.473 | E68: =D68-D68*$B$4/100 -> 231.473 | G68: =ROUNDDOWN(D68,0) -> 231 | H68: 231
A69: RFA-0007-000020 | B69: 20 | C69: 10 / 100 | D69: 356.664 | E69: =D69-D69*$B$4/100 -> 356.664 | G69: =ROUNDDOWN(D69,0) -> 356 | H69: 356
A70: RFA-0007-000025 | B70: 25 | C70: 10 / 60 | D70: 566.885 | E70: =D70-D70*$B$4/100 -> 566.885 | G70: =ROUNDDOWN(D70,0) -> 566 | H70: 567
A71: RFA-0007-000032 | B71: 32 | C71: 5 / 25 | D71: 1039.28 | E71: =D71-D71*$B$4/100 -> 1039.28 | G71: =ROUNDDOWN(D71,0) -> 1039 | H71: 1040
A72: Угольник настенные с креплением
A73: RFA-0009-001612 | B73: 16x1/2" | C73: 10 / 80 | D73: 377.927 | E73: =D73-D73*$B$4/100 -> 377.927 | G73: =ROUNDDOWN(D73,0) -> 377 | H73: 377
A74: RFA-0009-002012 | B74: 20x1/2" | C74: 5 / 60 | D74: 470.041 | E74: =D74-D74*$B$4/100 -> 470.041 | G74: =ROUNDDOWN(D74,0) -> 470 | H74: 469
A75: RFA-0009-002034 | B75: 20x3/4" | C75: 5 / 50 | D75: 543.257 | E75: =D75-D75*$B$4/100 -> 543.257 | G75: =ROUNDDOWN(D75,0) -> 543 | H75: 542
A76: RFA-0009-002534 | B76: 25x3/4" | C76: 5 / 40 | D76: 746.394 | E76: =D76-D76*$B$4/100 -> 746.394 | G76: =ROUNDDOWN(D76,0) -> 746 | H76: 746
A77: Угольник настенные с креплением удлиненный
A78: RFA-0032-001612 | B78: 16x1/2" LONG | C78: 10 / 50 | D78: 708.598 | E78: =D78-D78*$B$4/100 -> 708.598 | G78: =ROUNDDOWN(D78,0) -> 708 | H78: 708
A79: RFA-0032-002012 | B79: 20x1/2" LONG | C79: 5 / 40 | D79: 779.46 | E79: =D79-D79*$B$4/100 -> 779.46 | G79: =ROUNDDOWN(D79,0) -> 779 | H79: 779
A80: Тройник равнопроходной
A81: RFA-0013-000016 | B81: 16 | C81: 10 / 120 | D81: 314.149 | E81: =D81-D81*$B$4/100 -> 314.149 | G81: =ROUNDDOWN(D81,0) -> 314 | H81: 314
A82: RFA-0013-000020 | B82: 20 | C82: 10 / 70 | D82: 491.293 | E82: =D82-D82*$B$4/100 -> 491.293 | G82: =ROUNDDOWN(D82,0) -> 491 | H82: 491
A83: RFA-0013-000025 | B83: 25 | C83: 5 / 35 | D83: 784.19 | E83: =D83-D83*$B$4/100 -> 784.19 | G83: =ROUNDDOWN(D83,0) -> 784 | H83: 784
A84: RFA-0013-000032 | B84: 32 | C84: 1 / 15 | D84: 1417.207 | E84: =D84-D84*$B$4/100 -> 1417.207 | G84: =ROUNDDOWN(D84,0) -> 1417 | H84: 1417
A85: Тройник переходной
A86: RFA-0014-162016 | B86: 16x20x16 | C86: 10 / 80 | D86: 406.263 | E86: =D86-D86*$B$4/100 -> 406.263 | G86: =ROUNDDOWN(D86,0) -> 406 | H86: 406
A87: RFA-0014-201620 | B87: 20x16x20 | C87: 10 / 80 | D87: 429.891 | E87: =D87-D87*$B$4/100 -> 429.891 | G87: =ROUNDDOWN(D87,0) -> 429 | H87: 430
A88: RFA-0014-201616 | B88: 20x16x16 | C88: 10 / 80 | D88: 387.376 | E88: =D88-D88*$B$4/100 -> 387.376 | G88: =ROUNDDOWN(D88,0) -> 387 | H88: 387
A89: RFA-0014-202016 | B89: 20x20x16 | C89: 10 / 80 | D89: 439.329 | E89: =D89-D89*$B$4/100 -> 439.329 | G89: =ROUNDDOWN(D89,0) -> 439 | H89: 438
A90: RFA-0014-202520 | B90: 20х25х20 | C90: 5 / 45 | D90: 578.688 | E90: =D90-D90*$B$4/100 -> 578.688 | G90: =ROUNDDOWN(D90,0) -> 578 | H90: 578
A91: RFA-0014-251616 | B91: 25х16х16 | C91: 10 / 60 | D91: 470.041 | E91: =D91-D91*$B$4/100 -> 470.041 | G91: =ROUNDDOWN(D91,0) -> 470 | H91: 469
A92: RFA-0014-251620 | B92: 25x16x20 | C92: 10 / 60 | D92: 514.921 | E92: =D92-D92*$B$4/100 -> 514.921 | G92: =ROUNDDOWN(D92,0) -> 514 | H92: 514
A93: RFA-0014-251625 | B93: 25x16x25 | C93: 5 / 45 | D93: 607.035 | E93: =D93-D93*$B$4/100 -> 607.035 | G93: =ROUNDDOWN(D93,0) -> 607 | H93: 607
A94: RFA-0014-252016 | B94: 25x20x16 | C94: 10 / 60 | D94: 524.37 | E94: =D94-D94*$B$4/100 -> 524.37 | G94: =ROUNDDOWN(D94,0) -> 524 | H94: 524
A95: RFA-0014-252516 | B95: 25x25x16 | C95: 5 / 45 | D95: 609.4 | E95: =D95-D95*$B$4/100 -> 609.4 | G95: =ROUNDDOWN(D95,0) -> 609 | H95: 609
A96: RFA-0014-252020 | B96: 25x20x20 | C96: 5 / 45 | D96: 573.969 | E96: =D96-D96*$B$4/100 -> 573.969 | G96: =ROUNDDOWN(D96,0) -> 573 | H96: 574
A97: RFA-0014-252025 | B97: 25x20x25 | C97: 5 / 40 | D97: 658.999 | E97: =D97-D97*$B$4/100 -> 658.999 | G97: =ROUNDDOWN(D97,0) -> 658 | H97: 658
... A102: RFA-0014-322532 | B102: 32х25х32 | C102: 1 / 15 | D102: 1155.022 | E102: =D102-D102*$B$4/100 -> 1155.022 | G102: =ROUNDDOWN(D102,0) -> 1155 | H102: 1154
A103: Тройник с внутренней резьбой
A104: RFA-0028-001612 | B104: 16x1/2"x16 | C104: 10 / 80 | D104: 382.646 | E104: =D104-D104*$B$4/100 -> 382.646 | G104: =ROUNDDOWN(D104,0) -> 382 | H104: 382
A105: RFA-0028-002012 | B105: 20x1/2"x20 | C105: 10 / 60 | D105: 460.581 | E105: =D105-D105*$B$4/100 -> 460.581 | G105: =ROUNDDOWN(D105,0) -> 460 | H105: 460
A106: RFA-0028-002034 | B106: 20х3/4"х20 | C106: 10 / 50 | D106: 661.364 | E106: =D106-D106*$B$4/100 -> 661.364 | G106: =ROUNDDOWN(D106,0) -> 661 | H106: 661
A107: RFA-0028-002534 | B107: 25х3/4"х25 | C107: 5 / 30 | D107: 758.208 | E107: =D107-D107*$B$4/100 -> 758.208 | G107: =ROUNDDOWN(D107,0) -> 758 | H107: 757
...

Sheet Rommer Трубы и фитинги из нерж 
A1: Трубы и фитинги из нержавеющей стали ROMMER
A4: СКИДКА, % | C4: 0
A6: Артикул | B6: Артикул 2 | C6: Размер | D6: Упаковка, м | E6: Цена с НДС, РУБ | F6: Цена с НДС, с учетом скидки, РУБ | H6: РИЦ, руб.
A7: Трубы в штангах из нержавеющей стали SUS 304, 4 метра
A8: RSS-0001-000015 | B8: RSS-1001-000015 | C8: 15х1 | D8: 4/120 | E8: 361.83019 | F8: =E8-E8*$C$4 -> 361.83019 | H8: 330
A9: RSS-0001-000018 | B9: RSS-1001-000018 | C9: 18х1 | D9: 4/120 | E9: 493.52528 | F9: =E9-E9*$C$4 -> 493.52528 | H9: 450
A10: RSS-0001-000022 | B10: RSS-1001-000022 | C10: 22х1.2 | D10: 4/80 | E10: 667.56397 | F10: =E10-E10*$C$4 -> 667.56397 | H10: 608
A11: RSS-0001-000028 | B11: RSS-1001-000028 | C11: 28х1.2 | D11: 4/60 | E11: 862.94142 | F11: =E11-E11*$C$4 -> 862.94142 | H11: 787
A12: RSS-0001-000035 | B12: RSS-1001-000035 | C12: 35х1.5 | D12: 4/40 | E12: 1351.385 | F12: =E12-E12*$C$4 -> 1351.385 | H12: 1231
A13: RSS-0001-000042 | B13: RSS-1001-000042 | C13: 42х1.5 | D13: 4/20 | E13: 1974.9776 | F13: =E13-E13*$C$4 -> 1974.9776 | H13: 1800
A14: RSS-0001-000054 | B14: RSS-1001-000054 | C14: 54х1.5 | D14: 4/20 | E14: 2551.5414 | F14: =E14-E14*$C$4 -> 2551.5414 | H14: 2324
B15: RSS-1001-000076 | C15: 76.1x2.0 | E15: 3827.6785 | F15: =E15-E15*$C$4 -> 3827.6785 | H15: 3487
B16: RSS-1001-000088 | C16: 88.9x2.0 | E16: 4492.4379 | F16: =E16-E16*$C$4 -> 4492.4379 | H16: 4093
B17: RSS-1001-000108 | C17: 108x2.0 | E17: 5781.4843 | F17: =E17-E17*$C$4 -> 5781.4843 | H17: 5268
A18: Трубы в штангах из нержавеющей стали 304, 2 метра
A19: RSS-1001-200015 | C19: 15х1 | E19: 372.68217 | F19: =E19-E19*$C$4 -> 372.68217 | H19: 340
A20: RSS-1001-200018 | C20: 18х1 | E20: 508.33197 | F20: =E20-E20*$C$4 -> 508.33197 | H20: 463
A21: RSS-1001-200022 | C21: 22х1.2 | E21: 687.58797 | F21: =E21-E21*$C$4 -> 687.58797 | H21: 627
A22: RSS-1001-200028 | C22: 28х1.2 | E22: 888.82966 | F22: =E22-E22*$C$4 -> 888.82966 | H22: 810
A23: RSS-1001-200035 | C23: 35х1.5 | E23: 1391.9235 | F23: =E23-E23*$C$4 -> 1391.9235 | H23: 1268
A24: RSS-1001-200042 | C24: 42х1.5 | E24: 2034.2253 | F24: =E24-E24*$C$4 -> 2034.2253 | H24: 1854
A25: RSS-1001-200054 | C25: 54х1.5 | E25: 2628.0897 | F25: =E25-E25*$C$4 -> 2628.0897 | H25: 2395
A26: Артикул | B26: Артикул 2 | C26: Размер | D26: Упаковка, м | E26: Цена с НДС, РУБ | F26: Цена с НДС, с учетом скидки, РУБ | H26: РИЦ, руб.
A27: Трубы в штангах из нержавеющей стали 304, 4 метра Россия
A28: RSS-2001-000018 | C28: 18х1 | E28: 403.788 | F28: =E28-E28*$C$4 -> 403.788 | H28: 367
A29: RSS-2001-000022 | C29: 22х1.2 | E29: 594.396 | F29: =E29-E29*$C$4 -> 594.396 | H29: 542
A30: RSS-2001-000028 | C30: 28х1.2 | E30: 762.432 | F30: =E30-E30*$C$4 -> 762.432 | H30: 694
A31: RSS-2001-000035 | C31: 35х1.5 | E31: 1185.03 | F31: =E31-E31*$C$4 -> 1185.03 | H31: 1080
A32: Артикул | B32: Артикул 2 | C32: Размер | D32: Упаковка, шт. | E32: Цена с НДС, РУБ | F32: Цена с НДС, с учетом скидки, РУБ | H32: РИЦ, руб.
A33: Угольник однораструбный 90° ВПр-НПр
A34: RSS-0002-000015 | B34: RSS-1002-000015 | C34: 15 | D34: 200 | E34: 206.107 | F34: =E34-E34*$C$4 -> 206.107 | H34: 188
A35: RSS-0002-000018 | B35: RSS-1002-000018 | C35: 18 | D35: 150 | E35: 279.466 | F35: =E35-E35*$C$4 -> 279.466 | H35: 254
A36: RSS-0002-000022 | B36: RSS-1002-000022 | C36: 22 | D36: 120 | E36: 316.503 | F36: =E36-E36*$C$4 -> 316.503 | H36: 288
A37: RSS-0002-000028 | B37: RSS-1002-000028 | C37: 28 | D37: 50 | E37: 466.554 | F37: =E37-E37*$C$4 -> 466.554 | H37: 425
A38: RSS-0002-000035 | B38: RSS-1002-000035 | C38: 35 | D38: 40 | E38: 720.137 | F38: =E38-E38*$C$4 -> 720.137 | H38: 656
A39: RSS-0002-000042 | B39: RSS-1002-000042 | C39: 42 | D39: 18 | E39: 1015.124 | F39: =E39-E39*$C$4 -> 1015.124 | H39: 925
A40: RSS-0002-000054 | B40: RSS-1002-000054 | C40: 54 | D40: 10 | E40: 1478.334 | F40: =E40-E40*$C$4 -> 1478.334 | H40: 1346
B41: RSS-1002-000076 | C41: 76.1 | E41: 4216.322 | F41: =E41-E41*$C$4 -> 4216.322 | H41: 4044
B42: RSS-1002-000088 | C42: 88.9 | E42: 5565.747 | F42: =E42-E42*$C$4 -> 5565.747 | H42: 5338
B43: RSS-1002-000108 | C43: 108 | E43: 7160.065 | F43: =E43-E43*$C$4 -> 7160.065 | H43: 6867
A44: Угольник 90° ВПр-ВПр
A45: RSS-0003-000015 | B45: RSS-1003-000015 | C45: 15 | D45: 200 | E45: 194.744 | F45: =E45-E45*$C$4 -> 194.744 | H45: 177
A46: RSS-0003-000018 | B46: RSS-1003-000018 | C46: 18 | D46: 150 | E46: 315.612 | F46: =E46-E46*$C$4 -> 315.612 | H46: 287
A47: RSS-0003-000022 | B47: RSS-1003-000022 | C47: 22 | D47: 100 | E47: 374.473 | F47: =E47-E47*$C$4 -> 374.473 | H47: 341
A48: RSS-0003-000028 | B48: RSS-1003-000028 | C48: 28 | D48: 50 | E48: 500.5 | F48: =E48-E48*$C$4 -> 500.5 | H48: 457
A49: RSS-0003-000035 | B49: RSS-1003-000035 | C49: 35 | D49: 35 | E49: 743.545 | F49: =E49-E49*$C$4 -> 743.545 | H49: 678
A50: RSS-0003-000042 | B50: RSS-1003-000042 | C50: 42 | D50: 18 | E50: 867.68 | F50: =E50-E50*$C$4 -> 867.68 | H50: 791
A51: RSS-0003-000054 | B51: RSS-1003-000054 | C51: 54 | D51: 10 | E51: 1494.922 | F51: =E51-E51*$C$4 -> 1494.922 | H51: 1362
B52: RSS-1003-000076 | C52: 76.1 | E52: 3618.186 | F52: =E52-E52*$C$4 -> 3618.186 | H52: 3471
B53: RSS-1003-000088 | C53: 88.9 | E53: 4660.799 | F53: =E53-E53*$C$4 -> 4660.799 | H53: 4470
B54: RSS-1003-000108 | C54: 108 | E54: 6224.713 | F54: =E54-E54*$C$4 -> 6224.713 | H54: 5970
A56: Угольник однораструбный 45° ВПр-НПр
A57: RSS-0004-000015 | B57: RSS-1004-000015 | C57: 15 | D57: 200 | E57: 191.389 | F57: =E57-E57*$C$4 -> 191.389 | H57: 175
A58: RSS-0004-000018 | B58: RSS-1004-000018 | C58: 18 | D58: 160 | E58: 253.022 | F58: =E58-E58*$C$4 -> 253.022 | H58: 231
A59: RSS-0004-000022 | B59: RSS-1004-000022 | C59: 22 | D59: 120 | E59: 283.503 | F59: =E59-E59*$C$4 -> 283.503 | H59: 259
A60: RSS-0004-000028 | B60: RSS-1004-000028 | C60: 28 | D60: 70 | E60: 376.277 | F60: =E60-E60*$C$4 -> 376.277 | H60: 343
A61: RSS-0004-000035 | B61: RSS-1004-000035 | C61: 35 | D61: 40 | E61: 626.472 | F61: =E61-E61*$C$4 -> 626.472 | H61: 571
A62: RSS-0004-000042 | B62: RSS-1004-000042 | C62: 42 | D62: 25 | E62: 796.532 | F62: =E62-E62*$C$4 -> 796.532 | H62: 726
A63: RSS-0004-000054 | B63: RSS-1004-000054 | C63: 54 | D63: 10 | E63: 986.667 | F63: =E63-E63*$C$4 -> 986.667 | H63: 899
B64: RSS-1004-000076 | C64: 76.1 | E64: 3909.521 | F64: =E64-E64*$C$4 -> 3909.521 | H64: 3750
B65: RSS-1004-000088 | C65: 88.9 | E65: 4983.077 | F65: =E65-E65*$C$4 -> 4983.077 | H65: 4780
B66: RSS-1004-000108 | C66: 108 | E66: 6501.099 | F66: =E66-E66*$C$4 -> 6501.099 | H66: 6235
A67: Угольник 45° ВПр-ВПр
A68: RSS-0005-000015 | B68: RSS-1005-000015 | C68: 15 | D68: 200 | E68: 194.403 | F68: =E68-E68*$C$4 -> 194.403 | H68: 177
A69: RSS-0005-000018 | B69: RSS-1005-000018 | C69: 18 | D69: 160 | E69: 301.488 | F69: =E69-E69*$C$4 -> 301.488 | H69: 275
A70: RSS-0005-000022 | B70: RSS-1005-000022 | C70: 22 | D70: 120 | E70: 312.708 | F70: =E70-E70*$C$4 -> 312.708 | H70: 285
A71: RSS-0005-000028 | B71: RSS-1005-000028 | C71: 28 | D71: 70 | E71: 419.65 | F71: =E71-E71*$C$4 -> 419.65 | H71: 383
A72: RSS-0005-000035 | B72: RSS-1005-000035 | C72: 35 | D72: 40 | E72: 632.071 | F72: =E72-E72*$C$4 -> 632.071 | H72: 576
A73: RSS-0005-000042 | B73: RSS-1005-000042 | C73: 42 | D73: 20 | E73: 804.562 | F73: =E73-E73*$C$4 -> 804.562 | H73: 733
A74: RSS-0005-000054 | B74: RSS-1005-000054 | C74: 54 | D74: 10 | E74: 1294.095 | F74: =E74-E74*$C$4 -> 1294.095 | H74: 1179
B75: RSS-1005-000076 | C75: 76.1 | E75: 3373.271 | F75: =E75-E75*$C$4 -> 3373.271 | H75: 3235
B76: RSS-1005-000088 | C76: 88.9 | E76: 4360.928 | F76: =E76-E76*$C$4 -> 4360.928 | H76: 4182
B77: RSS-1005-000108 | C77: 108 | E77: 5894.427 | F77: =E77-E77*$C$4 -> 5894.427 | H77: 5653
A78: Обвод ВПр-ВПр
A79: RSS-0006-000015 | B79: RSS-1006-000015 | C79: 15 | D79: 50 | E79: 488.939 | F79: =E79-E79*$C$4 -> 488.939 | H79: 446
A80: RSS-0006-000018 | B80: RSS-1006-000018 | C80: 18 | D80: 50 | E80: 649.869 | F80: =E80-E80*$C$4 -> 649.869 | H80: 592
A81: RSS-0006-000022 | B81: RSS-1006-000022 | C81: 22 | D81: 20 | E81: 736.846 | F81: =E81-E81*$C$4 -> 736.846 | H81: 671
A82: RSS-0006-000028 | B82: RSS-1006-000028 | C82: 28 | D82: 20 | E82: 1021.141 | F82: =E82-E82*$C$4 -> 1021.141 | H82: 931
A83: Обвод однораструбный ВПр-НПр
A84: RSS-0007-000015 | B84: RSS-1007-000015 | C84: 15 | D84: 50 | E84: 482.9 | F84: =E84-E84*$C$4 -> 482.9 | H84: 440
A85: RSS-0007-000018 | B85: RSS-1007-000018 | C85: 18 | D85: 50 | E85: 676.324 | F85: =E85-E85*$C$4 -> 676.324 | H85: 616
A86: RSS-0007-000022 | B86: RSS-1007-000022 | C86: 22 | D86: 20 | E86: 736.362 | F86: =E86-E86*$C$4 -> 736.362 | H86: 671
A87: Отвод безраструбный 90° НПр-НПр
A88: RSS-0008-001570 | B88: RSS-1008-001570 | C88: 15х70х160 | D88: 50 | E88: 325.182 | F88: =E88-E88*$C$4 -> 325.182 | H88: 296
A89: RSS-0008-015100 | B89: RSS-1008-015100 | C89: 15х100х600 | D89: 25 | E89: 911.713 | F89: =E89-E89*$C$4 -> 911.713 | H89: 831
A90: Угольник-переходник ВПр-ВР
A91: RSS-0009-001512 | B91: RSS-1009-001512 | C91: 15х1/2 | D91: 120 | E91: 510.785 | F91: =E91-E91*$C$4 -> 510.785 | H91: 465
A92: RSS-0009-001812 | B92: RSS-1009-001812 | C92: 18х1/2 | D92: 120 | E92: 540.958 | F92: =E92-E92*$C$4 -> 540.958 | H92: 493
A93: RSS-0009-001834 | B93: RSS-1009-001834 | C93: 18х3/4 | D93: 50 | E93: 654.951 | F93: =E93-E93*$C$4 -> 654.951 | H93: 596
A94: RSS-0009-002212 | B94: RSS-1009-002212 | C94: 22х1/2 | D94: 80 | E94: 677.721 | F94: =E94-E94*$C$4 -> 677.721 | H94: 617
A95: RSS-0009-002234 | B95: RSS-1009-002234 | C95: 22х3/4 | D95: 50 | E95: 680.405 | F95: =E95-E95*$C$4 -> 680.405 | H95: 620
A96: RSS-0009-002834 | B96: RSS-1009-002834 | C96: 28х3/4 | D96: 50 | E96: 757.57 | F96: =E96-E96*$C$4 -> 757.57 | H96: 690
A97: RSS-0009-000351 | B97: RSS-1009-000351 | C97: 35х1 | D97: 30 | E97: 1308.021 | F97: =E97-E97*$C$4 -> 1308.021 | H97: 1191
A98: Угольник-переходник ВПр-НР
A99: RSS-0010-001512 | B99: RSS-1010-001512 | C99: 15х1/2 | D99: 100 | E99: 458.106 | F99: =E99-E99*$C$4 -> 458.106 | H99: 417
A100: RSS-0010-001812 | B100: RSS-1010-001812 | C100: 18х1/2 | D100: 100 | E100: 591.646 | F100: =E100-E100*$C$4 -> 591.646 | H100: 539
A101: RSS-0010-001834 | B101: RSS-1010-001834 | C101: 18х3/4 | D101: 50 | E101: 654.951 | F101: =E101-E101*$C$4 -> 654.951 | H101: 596
A102: RSS-0010-002212 | B102: RSS-1010-002212 | C102: 22х1/2 | D102: 80 | E102: 666.578 | F102: =E102-E102*$C$4 -> 666.578 | H102: 607
A103: RSS-0010-002234 | B103: RSS-1010-002234 | C103: 22х3/4 | D103: 50 | E103: 701.118 | F103: =E103-E103*$C$4 -> 701.118 | H103: 639
A104: RSS-0010-002834 | B104: RSS-1010-002834 | C104: 28х3/4 | D104: 50 | E104: 866.624 | F104: =E104-E104*$C$4 -> 866.624 | H104: 790
...

Sheet Rommer Трубы металлопластиковые
A1: Трубы металлопластиковые PE-RT тип II/AL/PE-RT тип II Rommer
A4: СКИДКА. % | B4: 0
A6: Артикул | B6: Размер | C6: Упаковка | D6: Цена с НДС. РУБ | E6: Цена с НДС. с учетом скидки. РУБ | F6: РИЦ
A7: Труба PE-Xa/EVOH из сшитого полиэтилена с антидиффузионным слоем для напольного отопления. красная
A8: RPM-0002-201620 | B8: 16х2.0 | C8: 200 | D8: 91.37931 | E8: =D8-D8*$B$4/100 -> 91.37931 | F8: 78
A9: RPM-0002-102020 | B9: 20х2.0 | C9: 100 | D9: 146.55172 | E9: =D9-D9*$B$4/100 -> 146.55172 | F9: 125
A10: RPM-0002-052630 | B10: 26х3.0 | C10: 50 | D10: 258.62069 | E10: =D10-D10*$B$4/100 -> 258.62069 | F10: 220
A11: RPM-0002-053230 | B11: 32х3.0 | C11: 50 | D11: 370.68966 | E11: =D11-D11*$B$4/100 -> 370.68966 | F11: 315

Sheet Rommer инструмент
A1: Инструмент Rommer
A4: СКИДКА, % | B4: 0
A7: Артикул | B7: Описание | C7: Упаковка, шт | D7: Цена с НДС, РУБ | E7: Цена с НДС, с учетом скидки, РУБ | G7: РИЦ, руб.
A8: Пресс-инструмент
A9: RPT-0001-012108 | B9: RPT-0001-012108 ROMMER Набор пресс-инструмента (пресс-инструмент, 2 аккумулятора 4.0 Ач, зарядное устройство, пластиковый чемодан) | C9: 1 | D9: 134446.55 | E9: =D9-D9*$B$4/100 -> 134446.55 | G9: 134446
A10: RPT-0002-012108 | B10: RPT-0002-012108 ROMMER Пресс-инструмент V220 + чемодан | C10: 1 | D10: 96724.144 | E10: =D10-D10*$B$4/100 -> 96724.144 | G10: 96724
A11: RPT-0022-012108 | B11: RPT-0022-012108 ROMMER Пресс-инструмент V220 с поворотным механизмом + чемодан | C11: 1 | D11: 96724.144 | E11: =D11-D11*$B$4/100 -> 96724.144 | G11: 96724
A12: Пресс-клещи V профиль для медных труб и труб из нержавебщей стали
A13: RPT-0003-000015 | B13: RPT-0003-000015 ROMMER Пресс-клещи V-профиль, 15 | C13: 1 | D13: 10736.385 | E13: =D13-D13*$B$4/100 -> 10736.385 | G13: 10736
A14: RPT-0003-000018 | B14: RPT-0003-000018 ROMMER Пресс-клещи V-профиль, 18 | C14: 1 | D14: 10736.385 | E14: =D14-D14*$B$4/100 -> 10736.385 | G14: 10736
A15: RPT-0003-000022 | B15: RPT-0003-000022 ROMMER Пресс-клещи V-профиль, 22 | C15: 1 | D15: 10736.385 | E15: =D15-D15*$B$4/100 -> 10736.385 | G15: 10736
A16: RPT-0003-000028 | B16: RPT-0003-000028 ROMMER Пресс-клещи V-профиль, 28 | C16: 1 | D16: 10736.385 | E16: =D16-D16*$B$4/100 -> 10736.385 | G16: 10736
A17: RPT-0003-000035 | B17: RPT-0003-000035 ROMMER Пресс-клещи V-профиль, 35 | C17: 1 | D17: 10736.385 | E17: =D17-D17*$B$4/100 -> 10736.385 | G17: 10736
A18: RPT-0003-000042 | B18: RPT-0003-000042 ROMMER Пресс-клещи V-профиль, 42 | C18: 1 | D18: 17990.687 | E18: =D18-D18*$B$4/100 -> 17990.687 | G18: 17991
A19: RPT-0003-000054 | B19: RPT-0003-000054 ROMMER Пресс-клещи V-профиль, 54 | C19: 1 | D19: 17990.687 | E19: =D19-D19*$B$4/100 -> 17990.687 | G19: 17991
A20: RPT-0003-004254 | B20: RPT-0003-004254 ROMMER Промежуточные клещи 42/54 | C20: 1 | D20: 9865.856 | E20: =D20-D20*$B$4/100 -> 9865.856 | G20: 9866
A21: Пресс-клещи TH профиль для металлопластиковых труб
A22: RPT-0004-000016 | B22: RPT-0004-000016 ROMMER Пресс-клещи TH-профиль, 16 | C22: 1 | D22: 9749.795 | E22: =D22-D22*$B$4/100 -> 9749.795 | G22: 9749
A23: RPT-0004-000020 | B23: RPT-0004-000020 ROMMER Пресс-клещи TH-профиль, 20 | C23: 1 | D23: 9749.795 | E23: =D23-D23*$B$4/100 -> 9749.795 | G23: 9749
A24: RPT-0004-000026 | B24: RPT-0004-000026 ROMMER Пресс-клещи TH-профиль, 26 | C24: 1 | D24: 9749.795 | E24: =D24-D24*$B$4/100 -> 9749.795 | G24: 9749
A25: RPT-0004-000032 | B25: RPT-0004-000032 ROMMER Пресс-клещи TH-профиль, 32 | C25: 1 | D25: 9749.795 | E25: =D25-D25*$B$4/100 -> 9749.795 | G25: 9749
A26: Комплектующие
A27: RPT-0005-184072 | B27: RPT-0005-184072 ROMMER Аккумулятор 18V 4.0Ah 72Wh | C27: 1 | D27: 11413.446 | E27: =D27-D27*$B$4/100 -> 11413.446 | G27: 11414
A28: RPT-0006-000018 | B28: RPT-0006-000018 ROMMER Зарядное устройство 18V | C28: 1 | D28: 7404.903 | E28: =D28-D28*$B$4/100 -> 7404.903 | G28: 7405
A29: RAT-0001-001632 | B29: RAT-0001-001632 ROMMER Комплект аккумуляторного инструмента для аксиальных фитингов (4 насадки: 16x2.0 и 16x2.2; 20x2.8; 25x3.5; 32x4.4) | C29: 1 | D29: 158821.02 | E29: =D29-D29*$B$4/100 -> 158821.02 | G29: 158821
A30: Пресс-инструмент XL
A31: RPT-0003-060100 | B31: RPT-0003-060100 ROMMER Набор пресс-инструмента 76.1-108 (пресс-инструмент, 2 аккумулятора 4.0 Ач, зарядное устройство, пластиковый чемодан) | C31: 1 | D31: 146274.92 | E31: =D31-D31*$B$4/100 -> 146274.92 | G31: 146275
A32: RPT-0003-000108 | B32: RPT-0003-000108 ROMMER Пресс-клещи, 108 | C32: 1 | D32: 50217.475 | E32: =D32-D32*$B$4/100 -> 50217.475 | G32: 50217
A33: RPT-0003-000761 | B33: RPT-0003-000761 ROMMER Пресс-клещи, 76.1 | C33: 1 | D33: 43645.47 | E33: =D33-D33*$B$4/100 -> 43645.47 | G33: 43646
A34: RPT-0003-000889 | B34: RPT-0003-000889 ROMMER Пресс-клещи, 88.9 | C34: 1 | D34: 41197.035 | E34: =D34-D34*$B$4/100 -> 41197.035 | G34: 41197

Sheet Rommer секционные радиаторы
A1: Алюминиевые радиаторы отопления Rommer
A6: СКИДКА, % | B6: 0
A11: Серия Profi
A13: · уникальный дизайн секции;
A14: · разработан ведущими инженерами России;
A15: · стойкая двухэтапная покраска (основной слой по методу катафореза);
A16: · стойкость к гидроударам;
A17: · антикоррозийное покрытие секции;
A18: · соответствие ГОСТ 31311-2005.
A20: Внешний вид | B20: Артикул | C20: Кол-во секций, шт. | D20: Межосевое расстояние, мм | E20: Габаритные размеры 1 секции | H20: Теплоотдача 1 секции, ΔT=70⁰C, Вт | I20: Цена, руб | J20: Цена, с учетом скидки, руб | K20: РИЦ
E21: Высота, мм | F21: Ширина, мм | G21: Глубина, мм
B22: RAL-1210-050004 | C22: 4 | D22: 500 | E22: 576 | F22: 80 | G22: 80 | H22: 157 | I22: 3943.5915 | J22: =I22-I22*$B$6/100 -> 3943.5915 | K22: 3943
B23: RAL-1210-050006 | C23: 6 | I23: 5914.7145 | J23: =I23-I23*$B$6/100 -> 5914.7145 | K23: 5914
B24: RAL-1210-050008 | C24: 8 | I24: 7887.1715 | J24: =I24-I24*$B$6/100 -> 7887.1715 | K24: 7887
B25: RAL-1210-050010 | C25: 10 | I25: 9859.64 | J25: =I25-I25*$B$6/100 -> 9859.64 | K25: 9859
B26: RAL-1210-050012 | C26: 12 | I26: 11830.763 | J26: =I26-I26*$B$6/100 -> 11830.763 | K26: 11830
B27: RAL-1210-035004 | C27: 4 | D27: 350 | E27: 428 | F27: 80 | G27: 80 | H27: 116 | I27: 3692.834 | J27: =I27-I27*$B$6/100 -> 3692.834 | K27: 3693
B28: RAL-1210-035006 | C28: 6 | I28: 5539.2625 | J28: =I28-I28*$B$6/100 -> 5539.2625 | K28: 5540
B29: RAL-1210-035008 | C29: 8 | I29: 7384.334 | J29: =I29-I29*$B$6/100 -> 7384.334 | K29: 7383
B30: RAL-1210-035010 | C30: 10 | I30: 9229.417 | J30: =I30-I30*$B$6/100 -> 9229.417 | K30: 9229
B31: RAL-1210-035012 | C31: 12 | I31: 11077.18 | J31: =I31-I31*$B$6/100 -> 11077.18 | K31: 11077
A33: Серия Optima
A35: · толщина стенки вертикального коллектора – 1.8 мм;
A36: · идеальное решение для объектного строительства;
A37: · разработан специально для эксплуатации в России;
A38: · антикоррозийное покрытие;
A39: · стойкая двухэтапная покраска (основной слой по методу катафореза);
A40: · соответствует ГОСТ 31311-2005.
A42: Внешний вид | B42: Артикул | C42: Кол-во секций, шт. | D42: Межосевое расстояние, мм | E42: Габаритные размеры 1 секции | H42: Теплоотдача 1 секции, ΔT=70⁰C, Вт | I42: Цена, руб | J42: Цена, с учетом скидки, руб | K42: РИЦ
E43: Высота, мм | F43: Ширина, мм | G43: Глубина, мм
B44: RAL-0210-050004 | C44: 4 | D44: 500 | E44: 568 | F44: 77 | G44: 78 | H44: 133.4 | I44: 3344.2 | J44: =I44-I44*$B$6/100 -> 3344.2 | K44: 3344
B45: RAL-0210-050006 | C45: 6 | I45: 5016.3115 | J45: =I45-I45*$B$6/100 -> 5016.3115 | K45: 5016
B46: RAL-0210-050008 | C46: 8 | I46: 6689.7455 | J46: =I46-I46*$B$6/100 -> 6689.7455 | K46: 6688
B47: RAL-0210-050010 | C47: 10 | I47: 8361.857 | J47: =I47-I47*$B$6/100 -> 8361.857 | K47: 8362
B48: RAL-0210-050012 | C48: 12 | I48: 10033.957 | J48: =I48-I48*$B$6/100 -> 10033.957 | K48: 10034
A50: Серия Plus
A52: · увеличенная глубина секции – 96 мм;
A53: · толщина стенки вертикального коллектора – 1.8 мм;
A54: · антикоррозийное покрытие секции;
A55: · стойкая двухэтапная покраска (основной слой по методу катафореза);
A56: · компактные размеры, для модели Plus 200;
A57: · соответствует ГОСТ 31311-2005.
A59: Внешний вид | B59: Артикул | C59: Кол-во секций, шт. | D59: Межосевое расстояние, мм | E59: Габаритные размеры 1 секции | H59: Теплоотдача 1 секции, ΔT=70⁰C, Вт | I59: Цена, руб | J59: Цена, с учетом скидки, руб | K59: РИЦ
E60: Высота, мм | F60: Ширина, мм | G60: Глубина, мм
B61: RAL-3210-050004 | C61: 4 | D61: 500 | E61: 576 | F61: 78 | G61: 96 | H61: 146.5 | I61: 3377.7225 | J61: =I61-I61*$B$6/100 -> 3377.7225 | K61: 3376
B62: RAL-3210-050006 | C62: 6 | I62: 5067.2565 | J62: =I62-I62*$B$6/100 -> 5067.2565 | K62: 5066
B63: RAL-3210-050008 | C63: 8 | I63: 6755.4565 | J63: =I63-I63*$B$6/100 -> 6755.4565 | K63: 6754
B64: RAL-3210-050010 | C64: 10 | I64: 8443.645 | J64: =I64-I64*$B$6/100 -> 8443.645 | K64: 8443
B65: RAL-3210-050012 | C65: 12 | I65: 10133.179 | J65: =I65-I65*$B$6/100 -> 10133.179 | K65: 10133
B66: RAL-3210-020006 | C66: 6 | D66: 200 | E66: 276 | F66: 80 | G66: 96 | H66: 83.3 | I66: 4843.3285 | J66: =I66-I66*$B$6/100 -> 4843.3285 | K66: 4843
B67: RAL-3210-020008 | C67: 8 | I67: 6459.113 | J67: =I67-I67*$B$6/100 -> 6459.113 | K67: 6458
B68: RAL-3210-020010 | C68: 10 | I68: 8073.5635 | J68: =I68-I68*$B$6/100 -> 8073.5635 | K68: 8073
B69: RAL-3210-020012 | C69: 12 | I69: 9688.0025 | J69: =I69-I69*$B$6/100 -> 9688.0025 | K69: 9688
B70: RAL-3210-020014 | C70: 14 | I70: 11301.107 | J70: =I70-I70*$B$6/100 -> 11301.107 | K70: 11300
D72: Биметаллические радиаторы отопления Rommer
A74: Серия Profi Bm
A76: · уникальный дизайн секции;
A77: · спроектирован ведущими инженерами России;
A78: · разработан для профессионалов;
A79: · стойкая двухэтапная покраска (основной слой по методу катафореза);
A80: · 100% стальной коллектор "SteelBimetal";
A81: · соответствие ГОСТ 31311-2005.
A83: Внешний вид | B83: Артикул | C83: Кол-во секций, шт. | D83: Межосевое расстояние, мм | E83: Габаритные размеры 1 секции | H83: Теплоотдача 1 секции, ΔT=70⁰C, Вт | I83: Цена, руб | J83: Цена, с учетом скидки, руб | K83: РИЦ
E84: Высота, мм | F84: Ширина, мм | G84: Глубина, мм
B85: RBM-1210-050004 | C85: 4 | D85: 500 | E85: 567 | F85: 80 | G85: 80 | H85: 143.3 | I85: 4049.166 | J85: =I85-I85*$B$6/100 -> 4049.166 | K85: 4049
B86: RBM-1210-050006 | C86: 6 | I86: 6075.674 | J86: =I86-I86*$B$6/100 -> 6075.674 | K86: 6076
B87: RBM-1210-050008 | C87: 8 | I87: 8099.619 | J87: =I87-I87*$B$6/100 -> 8099.619 | K87: 8100
B88: RBM-1210-050010 | C88: 10 | I88: 10123.564 | J88: =I88-I88*$B$6/100 -> 10123.564 | K88: 10124
B89: RBM-1210-050012 | C89: 12 | I89: 12150.072 | J89: =I89-I89*$B$6/100 -> 12150.072 | K89: 12150
B90: RBM-1210-035004 | C90: 4 | D90: 350 | E90: 418 | F90: 80 | G90: 80 | H90: 119.5 | I90: 3806.759 | J90: =I90-I90*$B$6/100 -> 3806.759 | K90: 3807
B91: RBM-1210-035006 | C91: 6 | I91: 5712.696 | J91: =I91-I91*$B$6/100 -> 5712.696 | K91: 5713
B92: RBM-1210-035008 | C92: 8 | I92: 7616.081 | J92: =I92-I92*$B$6/100 -> 7616.081 | K92: 7616
B93: RBM-1210-035010 | C93: 10 | I93: 9519.455 | J93: =I93-I93*$B$6/100 -> 9519.455 | K93: 9519
B94: RBM-1210-035012 | C94: 12 | I94: 11422.84 | J94: =I94-I94*$B$6/100 -> 11422.84 | K94: 11423
A96: Серия Optima Bm
A98: · литой биметаллический радиатор;
A99: · идеальное решение для объектного строительства;
A100: · стойкая двухэтапная покраска (основной слой по методу катафореза);
A101: · разработан специально для эксплуатации в России;
A102: · 100% стальной коллектор "SteelBimetal";
A103: · соответствие ГОСТ 31311-2005.
A105: Внешний вид | B105: Артикул | C105: Кол-во секций, шт. | D105: Межосевое расстояние, мм | E105: Габаритные размеры 1 секции | H105: Теплоотдача 1 секции, ΔT=70⁰C, Вт | I105: Цена, руб | J105: Цена, с учетом скидки, руб | K105: РИЦ
E106: Высота, мм | F106: Ширина, мм | G106: Глубина, мм
B107: RBM-0210-050004 | C107: 4 | D107: 500 | E107: 560 | F107: 77 | G107: 78 | H107: 129.3 | I107: 3323.221 | J107: =I107-I107*$B$6/100 -> 3323.221 | K107: 3323
B108: RBM-0210-050006 | C108: 6 | I108: 4984.188 | J108: =I108-I108*$B$6/100 -> 4984.188 | K108: 4984
B109: RBM-0210-050008 | C109: 8 | I109: 6643.868 | J109: =I109-I109*$B$6/100 -> 6643.868 | K109: 6644
B110: RBM-0210-050010 | C110: 10 | I110: 8307.398 | J110: =I110-I110*$B$6/100 -> 8307.398 | K110: 8307
B111: RBM-0210-050012 | C111: 12 | I111: 9968.365 | J111: =I111-I111*$B$6/100 -> 9968.365 | K111: 9968
A113: Серия Plus Bm
A115: · литой биметаллический радиатор;
A116: · идеальное решение для объектного строительства;
A117: · стойкая двухэтапная покраска (основной слой по методу катафореза);
A118: · разработан специально для эксплуатации в России;
A119: · 100% стальной коллектор "SteelBimetal";
A120: · соответствие ГОСТ 31311-2005.
A123: Внешний вид | B123: Артикул | C123: Кол-во секций, шт. | D123: Межосевое расстояние, мм | E123: Габаритные размеры 1 секции | H123: Теплоотдача 1 секции, ΔT=70⁰C, Вт | I123: Цена, руб | J123: Цена, с учетом скидки, руб | K123: РИЦ
E124: Высота, мм | F124: Ширина, мм | G124: Глубина, мм
B125: RBM-3210-050004 | C125: 4 | D125: 500 | H125: 141 | I125: 3669.523 | J125: =I125-I125*$B$6/100 -> 3669.523 | K125: 3670
B126: RBM-3210-050006 | C126: 6 | I126: 5504.917 | J126: =I126-I126*$B$6/100 -> 5504.917 | K126: 5505
B127: RBM-3210-050008 | C127: 8 | I127: 7339.035 | J127: =I127-I127*$B$6/100 -> 7339.035 | K127: 7339
...

Sheet Rommer Конвекторы внутрипольные
A1: Внутрипольные конвекторы
A4: Скидка | B4: 0
A11: Информация
A12: Краткая техническая информация: Рабочее давление - 15 атм. Давление опрессовки - 25 атм. Температура теплоносителя - 120⁰С Подключение - внутренняя резьба 1/2 Гарантия: теплообменник и кожух конвектора - 10 лет вентиляторы - 1 год комплектующие - 1 год
A13: Артикул | B13: Габаритные размеры прибора | E13: Теплоотдача, Вт | F13: Цена с НДС, руб | G13: Цена с НДС, с учетом скидки, РУБ | I13: РИЦ
B14: Высота, мм | C14: Ширина, мм | D14: Длина, мм | E14: 95/85, 20 ⁰С, скорость вращения вентилятора 100%
A15: RCN1-1000-0820080 | B15: 80 | C15: 200 | D15: 800 | E15: 220 | F15: 17548 | G15: =(F15-F15*$B$4) -> 17548 | I15: 15793
A16: RCN1-1000-0820090 | B16: 80 | C16: 200 | D16: 900 | E16: 262 | F16: 19274 | G16: =(F16-F16*$B$4) -> 19274 | I16: 17347
A17: RCN1-1000-0820100 | B17: 80 | C17: 200 | D17: 1000 | E17: 305 | F17: 20999 | G17: =(F17-F17*$B$4) -> 20999 | I17: 18899
A18: RCN1-1000-0820110 | B18: 80 | C18: 200 | D18: 1100 | E18: 347 | F18: 22725 | G18: =(F18-F18*$B$4) -> 22725 | I18: 20453
A19: RCN1-1000-0820120 | B19: 80 | C19: 200 | D19: 1200 | E19: 389 | F19: 24451 | G19: =(F19-F19*$B$4) -> 24451 | I19: 22006
A20: RCN1-1000-0820130 | B20: 80 | C20: 200 | D20: 1300 | E20: 432 | F20: 26177 | G20: =(F20-F20*$B$4) -> 26177 | I20: 23559
A21: RCN1-1000-0820140 | B21: 80 | C21: 200 | D21: 1400 | E21: 474 | F21: 27903 | G21: =(F21-F21*$B$4) -> 27903 | I21: 25113
A22: RCN1-1000-0820150 | B22: 80 | C22: 200 | D22: 1500 | E22: 516 | F22: 29629 | G22: =(F22-F22*$B$4) -> 29629 | I22: 26666
A23: RCN1-1000-0820160 | B23: 80 | C23: 200 | D23: 1600 | E23: 559 | F23: 31355 | G23: =(F23-F23*$B$4) -> 31355 | I23: 28220
A24: RCN1-1000-0820170 | B24: 80 | C24: 200 | D24: 1700 | E24: 601 | F24: 33081 | G24: =(F24-F24*$B$4) -> 33081 | I24: 29773
A25: RCN1-1000-0820180 | B25: 80 | C25: 200 | D25: 1800 | E25: 643 | F25: 34806 | G25: =(F25-F25*$B$4) -> 34806 | I25: 31325
A26: RCN1-1000-0820190 | B26: 80 | C26: 200 | D26: 1900 | E26: 686 | F26: 36532 | G26: =(F26-F26*$B$4) -> 36532 | I26: 32879
... A1566: RCQF-1000-1438500 | B1566: 140 | C1566: 380 | D1566: 5000 | E1566: 15616 | F1566: 309918 | G1566: =(F1566-F1566*$B$4) -> 309918 | I1566: 278926

Sheet Rommer шаровые краны ГОСТ
A1: Rommer шаровые краны ГОСТ Р 59553-2021
D3: Скидка,% | E3: 0
A6: Фотография | B6: Артикул | C6: Название по ГОСТ Р 59553-2021 | D6: Цена с НДС, РУБ | E6: Цена, с НДС, с учетом скидки, Руб | G6: РИЦ
B7: RBV-0001-2110315 | C7: RBV-0001-2110315 ROMMER Кран шаровой, ВР/ВР, ручка рычаг 1/2" | D7: 379.544 | E7: =D7-D7*$E$3 -> 379.544 | G7: 380
B8: RBV-0001-2110320 | C8: RBV-0001-2110320 ROMMER Кран шаровой, ВР/ВР, ручка рычаг 3/4" | D8: 595.034 | E8: =D8-D8*$E$3 -> 595.034 | G8: 594
B9: RBV-0001-2110325 | C9: RBV-0001-2110325 ROMMER Кран шаровой, ВР/ВР, ручка рычаг 1" | D9: 1154.285 | E9: =D9-D9*$E$3 -> 1154.285 | G9: 1154
B10: RBV-0001-2110332 | C10: RBV-0001-2110332 ROMMER Кран шаровой, ВР/ВР, ручка рычаг 1 1/4" | D10: 1847.021 | E10: =D10-D10*$E$3 -> 1847.021 | G10: 1847
B11: RBV-0001-2110340 | C11: RBV-0001-2110340 ROMMER Кран шаровой, ВР/ВР, ручка рычаг 1 1/2" | D11: 2751.958 | E11: =D11-D11*$E$3 -> 2751.958 | G11: 2751
B12: RBV-0001-2110350 | C12: RBV-0001-2110350 ROMMER Кран шаровой, ВР/ВР, ручка рычаг 2" | D12: 4249.553 | E12: =D12-D12*$E$3 -> 4249.553 | G12: 4249
B13: RBV-0002-2210315 | C13: RBV-0002-2210315 ROMMER Кран шаровой, ВР/НР, ручка рычаг 1/2" | D13: 397.859 | E13: =D13-D13*$E$3 -> 397.859 | G13: 397
B14: RBV-0002-2210320 | C14: RBV-0002-2210320 ROMMER Кран шаровой, ВР/НР, ручка рычаг 3/4" | D14: 630.685 | E14: =D14-D14*$E$3 -> 630.685 | G14: 630
B15: RBV-0002-2210325 | C15: RBV-0002-2210325 ROMMER Кран шаровой, ВР/НР, ручка рычаг 1" | D15: 1251.305 | E15: =D15-D15*$E$3 -> 1251.305 | G15: 1251
B16: RBV-0002-2210332 | C16: RBV-0002-2210332 ROMMER Кран шаровой, ВР/НР, ручка рычаг 1 1/4" | D16: 2183.984 | E16: =D16-D16*$E$3 -> 2183.984 | G16: 2184
B17: RBV-0002-2210340 | C17: RBV-0002-2210340 ROMMER Кран шаровой, ВР/НР, ручка рычаг 1 1/2" | D17: 3133.064 | E17: =D17-D17*$E$3 -> 3133.064 | G17: 3133
B18: RBV-0002-2210350 | C18: RBV-0002-2210350 ROMMER Кран шаровой, ВР/НР, ручка рычаг 2" | D18: 4649.59 | E18: =D18-D18*$E$3 -> 4649.59 | G18: 4650
... B37: RBV-0007-2410232 | C37: RBV-0007-2410232 ROMMER Кран шаровой, НР/НР, ручка бабочка 1 1/4" | D37: 2005.993 | E37: =D37-D37*$E$3 -> 2005.993 | G37: 2005

Sheet Rommer шаровые краны (Китай)
A1: Шаровые краны Rommer (Китай)
H7: СКИДКА, % | I7: 0
A8: ● Материал корпуса, шарика и штока в шаровых кранах Rommer произведены из латуни CW 617N
A9: ● Минимальная толщина стенки крана 1/2"-1,5мм, 3/4"-1,6мм, 1"-1,7мм, 1 1/4"-1,9мм, 1 1/2"-2,0мм, 2"-2,2мм
A10: ● Минимальный размер проходного сечения для 1/2"-14мм, 3/4"-19мм, 1"-24мм, 1 1/4"-30мм, 1 1/2"-37мм, 2"-49мм
A11: ● Материал прокладок EPDM+PTFE
A12: ● Резьба соотвествует ГОСТ 6527-68
A13: ● Рабочая температура -20+130 °С
A14: ● Корпус крана с никелевым покрытием
A15: ● Широкий модельный ряд
A16: ● Каждый шаровый кран Rommer маркируется стикером с у никальным штрих кодом и информацией о кране
A17: ● Гарантия 5 лет
A19: Артикул | B19: Наименование | C19: Размер | D19: PN | E19: DN | F19: Кол-во в упаковке, шт | G19: Цена Руб. | H19: Цена, с НДС, с учетом скидки, Руб | J19: РИЦ
A20: Полнопроходной шаровой кран Rommer ВН/ВН, ручка рычаг серия RBV-0001
A21: RBV-0001-0110315 | B21: Rommer шаровой кран 1/2" ВН/ВН, ручка рычаг RBV-0001-0110315 | C21: 1/2" | D21: 40 | E21: 15 | F21: 30 | G21: 289.54092 | H21: =G21-G21*$I$7 -> 289.54092 | J21: 261
A22: RBV-0001-0110320 | B22: Rommer шаровой кран 3/4" ВН/ВН, ручка рычаг RBV-0001-0110320 | C22: 3/4" | D22: 40 | E22: 20 | F22: 20 | G22: 453.94691 | H22: =G22-G22*$I$7 -> 453.94691 | J22: 409
A23: RBV-0001-0110325 | B23: Rommer шаровой кран 1" ВН/ВН, ручка рычаг RBV-0001-0110325 | C23: 1" | D23: 40 | E23: 25 | F23: 10 | G23: 880.58728 | H23: =G23-G23*$I$7 -> 880.58728 | J23: 793
A24: RBV-0001-0110332 | B24: Rommer шаровой кран 1 1/4" ВН/ВН, ручка рычаг RBV-0001-0110332 | C24: 1 1/4" | D24: 40 | E24: 32 | F24: 6 | G24: 1409.0582 | H24: =G24-G24*$I$7 -> 1409.0582 | J24: 1268
A25: RBV-0001-0110340 | B25: Rommer шаровой кран 1 1/2" ВН/ВН, ручка рычаг RBV-0001-0110340 | C25: 1 1/2" | D25: 32 | E25: 40 | F25: 4 | G25: 2204.3958 | H25: =G25-G25*$I$7 -> 2204.3958 | J25: 1984
A26: RBV-0001-0110350 | B26: Rommer шаровой кран 2" ВН/ВН, ручка рычаг RBV-0001-0110350 | C26: 2" | D26: 32 | E26: 50 | F26: 2 | G26: 3404.0148 | H26: =G26-G26*$I$7 -> 3404.0148 | J26: 3064
A27: Полнопроходной шаровой кран Rommer ВН/НР, ручка рычаг серия RBV-0002
A28: RBV-0002-0210315 | B28: Rommer шаровой кран 1/2" ВН/НР, ручка рычаг RBV-0002-0210315 | C28: 1/2" | D28: 40 | E28: 15 | F28: 25 | G28: 303.51876 | H28: =G28-G28*$I$7 -> 303.51876 | J28: 273
A29: RBV-0002-0210320 | B29: Rommer шаровой кран 3/4" ВН/НР, ручка рычаг RBV-0002-0210320 | C29: 3/4" | D29: 40 | E29: 20 | F29: 20 | G29: 481.14189 | H29: =G29-G29*$I$7 -> 481.14189 | J29: 433
A30: RBV-0002-0210325 | B30: Rommer шаровой кран 1" ВН/НР, ручка рычаг RBV-0002-0210325 | C30: 1" | D30: 40 | E30: 25 | F30: 10 | G30: 954.605 | H30: =G30-G30*$I$7 -> 954.605 | J30: 859
A31: RBV-0002-0210332 | B31: Rommer шаровой кран 1 1/4" ВН/НР, ручка рычаг RBV-0002-0210332 | C31: 1 1/4" | D31: 40 | E31: 32 | F31: 6 | G31: 1666.1268 | H31: =G31-G31*$I$7 -> 1666.1268 | J31: 1500
A32: RBV-0002-0210340 | B32: Rommer шаровой кран 1 1/2" ВН/НР, ручка рычаг RBV-0002-0210340 | C32: 1 1/2" | D32: 32 | E32: 40 | F32: 4 | G32: 2509.6694 | H32: =G32-G32*$I$7 -> 2509.6694 | J32: 2259
A33: RBV-0002-0210350 | B33: Rommer шаровой кран 2" ВН/НР, ручка рычаг RBV-0002-0210350 | C33: 2" | D33: 32 | E33: 50 | F33: 2 | G33: 3724.4604 | H33: =G33-G33*$I$7 -> 3724.4604 | J33: 3352
A34: Полнопроходной шаровой кран Rommer ВН/ВН, ручка бабочка серия RBV-0003
A35: RBV-0003-0110215 | B35: Rommer шаровой кран 1/2" ВН/ВН, ручка бабочка RBV-0003-0110215 | C35: 1/2" | D35: 40 | E35: 15 | F35: 30 | G35: 281.55358 | H35: =G35-G35*$I$7 -> 281.55358 | J35: 253
A36: RBV-0003-0110220 | B36: Rommer шаровой кран 3/4" ВН/ВН, ручка бабочка RBV-0003-0110220 | C36: 3/4" | D36: 40 | E36: 20 | F36: 20 | G36: 441.39539 | H36: =G36-G36*$I$7 -> 441.39539 | J36: 397
A37: RBV-0003-0110225 | B37: Rommer шаровой кран 1" ВН/ВН, ручка бабочка RBV-0003-0110225 | C37: 1" | D37: 40 | E37: 25 | F37: 10 | G37: 861.15821 | H37: =G37-G37*$I$7 -> 861.15821 | J37: 775
A38: RBV-0003-0110232 | B38: Rommer шаровой кран 1 1/4" ВН/ВН, ручка бабочка RBV-0003-0110232 | C38: 1 1/4" | D38: 40 | E38: 32 | F38: 6 | G38: 1362.3119 | H38: =G38-G38*$I$7 -> 1362.3119 | J38: 1226
A39: Полнопроходной шаровой кран Rommer ВН/НР, ручка бабочка серия RBV-0004
A40: RBV-0004-0210215 | B40: Rommer шаровой кран 1/2" ВН/НР, ручка бабочка RBV-0004-0210215 | C40: 1/2" | D40: 40 | E40: 15 | F40: 25 | G40: 295.53142 | H40: =G40-G40*$I$7 -> 295.53142 | J40: 266
A41: RBV-0004-0210220 | B41: Rommer шаровой кран 3/4" ВН/НР, ручка бабочка RBV-0004-0210220 | C41: 3/4" | D41: 40 | E41: 20 | F41: 20 | G41: 472.7742 | H41: =G41-G41*$I$7 -> 472.7742 | J41: 425
A42: RBV-0004-0210225 | B42: Rommer шаровой кран 1" ВН/НР, ручка бабочка RBV-0004-0210225 | C42: 1" | D42: 40 | E42: 25 | F42: 10 | G42: 934.97402 | H42: =G42-G42*$I$7 -> 934.97402 | J42: 841
A43: RBV-0004-0210232 | B43: Rommer шаровой кран 1 1/4" ВН/НР, ручка бабочка RBV-0004-0210232 | C43: 1 1/4" | D43: 40 | E43: 32 | F43: 6 | G43: 1544.3444 | H43: =G43-G43*$I$7 -> 1544.3444 | J43: 1390
A44: Полнопроходной шаровой кран с американкой Rommer ВН/НР, ручка бабочка серия RBV-0005
A45: RBV-0005-0510215 | B45: Rommer шаровой кран с американкой 1/2" ВН/НР, ручка бабочка RBV-0005-0510215 | C45: 1/2" | D45: 40 | E45: 15 | F45: 25 | G45: 397.36995 | H45: =G45-G45*$I$7 -> 397.36995 | J45: 358
A46: RBV-0005-0510220 | B46: Rommer шаровой кран с американкой 3/4" ВН/НР, ручка бабочка RBV-0005-0510220 | C46: 3/4" | D46: 40 | E46: 20 | F46: 15 | G46: 640.12791 | H46: =G46-G46*$I$7 -> 640.12791 | J46: 576
A47: RBV-0005-0510225 | B47: Rommer шаровой кран с американкой 1" ВН/НР, ручка бабочка RBV-0005-0510225 | C47: 1" | D47: 40 | E47: 25 | F47: 8 | G47: 1371.4329 | H47: =G47-G47*$I$7 -> 1371.4329 | J47: 1234
A48: RBV-0005-0510232 | B48: Rommer шаровой кран с американкой 1 1/4" ВН/НР, ручка бабочка RBV-0005-0510232 | C48: 1 1/4" | D48: 40 | E48: 32 | F48: 4 | G48: 2075.3432 | H48: =G48-G48*$I$7 -> 2075.3432 | J48: 1868
A49: Полнопроходной шаровой кран угловой с американкой Rommer ВН/НР, ручка бабочка серия RBV-0006
A50: RBV-0006-0610215 | B50: Rommer шаровой кран угловой с американкой 1/2" ВН/НР, ручка бабочка RBV-0006-0610215 | C50: 1/2" | D50: 40 | E50: 15 | F50: 25 | G50: 423.32879 | H50: =G50-G50*$I$7 -> 423.32879 | J50: 381
A51: RBV-0006-0610220 | B51: Rommer шаровой кран угловой с американкой 3/4" ВН/НР, ручка бабочка RBV-0006-0610220 | C51: 3/4" | D51: 40 | E51: 20 | F51: 15 | G51: 709.16131 | H51: =G51-G51*$I$7 -> 709.16131 | J51: 638
A52: RBV-0006-0610225 | B52: Rommer шаровой кран угловой с американкой 1" ВН/НР, ручка бабочка RBV-0006-0610225 | C52: 1" | D52: 40 | E52: 25 | F52: 8 | G52: 1611.3226 | H52: =G52-G52*$I$7 -> 1611.3226 | J52: 1450
A53: Полнопроходной шаровой кран Rommer НР/НР, ручка бабочка серия RBV-0007
A54: RBV-0007-0410215 | B54: Rommer шаровой кран 1/2" НР/НР, ручка бабочка RBV-0007-0410215 | C54: 1/2" | D54: 40 | E54: 15 | F54: 25 | G54: 311.50609 | H54: =G54-G54*$I$7 -> 311.50609 | J54: 280
A55: RBV-0007-0410220 | B55: Rommer шаровой кран 3/4" НР/НР, ручка бабочка RBV-0007-0410220 | C55: 3/4" | D55: 40 | E55: 20 | F55: 20 | G55: 497.87726 | H55: =G55-G55*$I$7 -> 497.87726 | J55: 448
A56: RBV-0007-0410225 | B56: Rommer шаровой кран 1" НР/НР, ручка бабочка RBV-0007-0410225 | C56: 1" | D56: 40 | E56: 25 | F56: 10 | G56: 984.12268 | H56: =G56-G56*$I$7 -> 984.12268 | J56: 886
A57: RBV-0007-0410232 | B57: Rommer шаровой кран 1 1/4" НР/НР, ручка бабочка RBV-0007-0410232 | C57: 1 1/4" | D57: 40 | E57: 32 | F57: 6 | G57: 1530.3393 | H57: =G57-G57*$I$7 -> 1530.3393 | J57: 1377

Sheet Rommer циркуляционные насосы
A1: Циркуляционные насосы Rommer (Китай)
L3: СКИДКА, % | M3: 0
A5: Модель | B5: Артикул | C5: Номинальный диаметр DN | D5: Присоединительная резьба, дюйм | E5: Напор, м | F5: Мощность, вт | G5: Класс защиты | H5: Монтажная длинна, мм | I5: Кол-во насосов в коробке | J5: Цена Руб. | K5: Цена с НДС, с учетом скидки, РУБ | M5: РИЦ
A6: Циркуляционные насосы Rommer
A7: RCP-0002-2541801 | B7: Циркуляционные насос Rommer 25/40-180 | C7: 25 | D7: 1 1/2" | E7: 4 | F7: 72 | G7: IP44 | H7: 180 | I7: 8 | J7: 3709.651 | K7: =J7-J7*$M$3 -> 3709.651 | M7: 3504
A8: RCP-0002-2561801 | B8: Циркуляционные насос Rommer 25/60-180 | C8: 25 | D8: 1 1/2" | E8: 6 | F8: 93 | G8: IP44 | H8: 180 | I8: 8 | J8: 3843.356 | K8: =J8-J8*$M$3 -> 3843.356 | M8: 3630
A9: RCP-0002-2581801 | B9: Циркуляционные насос Rommer 25/80-180 | C9: 25 | D9: 1 1/2" | E9: 8 | F9: 143 | G9: IP44 | H9: 180 | I9: 6 | J9: 6960.503 | K9: =J9-J9*$M$3 -> 6960.503 | M9: 6575
A10: RCP-0002-3241801 | B10: Циркуляционные насос Rommer 32/40-180 | C10: 32 | D10: 2" | E10: 4 | F10: 72 | G10: IP44 | H10: 180 | I10: 8 | J10: 3950.76 | K10: =J10-J10*$M$3 -> 3950.76 | M10: 3732
A11: RCP-0002-3261801 | B11: Циркуляционные насос Rommer 32/60-180 | C11: 32 | D11: 2" | E11: 6 | F11: 93 | G11: IP44 | H11: 180 | I11: 8 | J11: 4084.542 | K11: =J11-J11*$M$3 -> 4084.542 | M11: 3858
A12: RCP-0002-3281801 | B12: Циркуляционные насос Rommer 32/80-180 | C12: 32 | D12: 2" | E12: 8 | F12: 143 | G12: IP44 | H12: 180 | I12: 6 | J12: 7484.84 | K12: =J12-J12*$M$3 -> 7484.84 | M12: 7069
A13: RCP-0002-2541301 | B13: Циркуляционные насос Rommer 25/40-130 | C13: 25 | D13: 1 1/2" | E13: 4 | F13: 72 | G13: IP44 | H13: 130 | I13: 8 | J13: 3972.419 | K13: =J13-J13*$M$3 -> 3972.419 | M13: 3751
A14: RCP-0002-2561301 | B14: Циркуляционные насос Rommer 25/60-130 | C14: 25 | D14: 1 1/2" | E14: 6 | F14: 93 | G14: IP44 | H14: 130 | I14: 8 | J14: 4113.582 | K14: =J14-J14*$M$3 -> 4113.582 | M14: 3885
A15: RCP-0002-1560130 | B15: Циркуляционный насос Rommer 15/60-130 | C15: 15 | D15: 1" | E15: 6 | F15: 93 | G15: IP44 | H15: 130 | I15: 8 | J15: 4113.582 | K15: =J15-J15*$M$3 -> 4113.582 | M15: 3885
A16: Циркуляционные насосы с частотным регулированием ROMMER PROFI ERTI (ER)
A17: RCP-0003-2540130 | B17: Циркуляционный насос ERTI 25/40-130 с гайками и теплоизоляцией | C17: 25 | D17: 1 1/2" | E17: 4 | F17: 22 | G17: IP44 | H17: 130 | J17: 12368.312 | K17: =J17-J17*$M$3 -> 12368.312 | M17: 11682
A18: RCP-0003-2540180 | B18: Циркуляционный насос ERTI 25/40-180 с гайками и теплоизоляцией | C18: 25 | D18: 1 1/2" | E18: 4 | F18: 22 | G18: IP44 | H18: 180 | J18: 10306.934 | K18: =J18-J18*$M$3 -> 10306.934 | M18: 9734
A19: RCP-0003-2560130 | B19: Циркуляционный насос ERTI 25/60-130 с гайками и теплоизоляцией | C19: 25 | D19: 1 1/2" | E19: 6 | F19: 45 | G19: IP44 | H19: 130 | J19: 12484.34 | K19: =J19-J19*$M$3 -> 12484.34 | M19: 11790
A20: RCP-0003-2560180 | B20: Циркуляционный насос ERTI 25/60-180 с гайками и теплоизоляцией | C20: 25 | D20: 1 1/2" | E20: 6 | F20: 45 | G20: IP44 | H20: 180 | J20: 10314.491 | K20: =J20-J20*$M$3 -> 10314.491 | M20: 9742
A21: RCP-0003-2580180 | B21: Циркуляционный насос ER 25/80-180 с гайками | C21: 25 | D21: 1 1/2" | E21: 8 | F21: 130 | G21: IP44 | H21: 180 | J21: 23874.521 | K21: =J21-J21*$M$3 -> 23874.521 | M21: 22548
A22: RCP-0003-3240180 | B22: Циркуляционный насос ERTI 32/40-180 с гайками и теплоизоляцией | C22: 32 | D22: 2" | E22: 4 | F22: 22 | G22: IP44 | H22: 180 | J22: 10381.316 | K22: =J22-J22*$M$3 -> 10381.316 | M22: 9804
A23: RCP-0003-3260180 | B23: Циркуляционный насос ERTI 32/60-180 с гайками и теплоизоляцией | C23: 32 | D23: 2" | E23: 6 | F23: 45 | G23: IP44 | H23: 180 | J23: 10501.656 | K23: =J23-J23*$M$3 -> 10501.656 | M23: 9918
A24: RCP-0003-3280180 | B24: Циркуляционный насос ER 32/80-180 с гайками | C24: 32 | D24: 2" | E24: 8 | F24: 130 | G24: IP44 | H24: 180 | J24: 24192.861 | K24: =J24-J24*$M$3 -> 24192.861 | M24: 22849
A25: Циркуляционные насосы для ГВС ROMMER PROFI
A26: RCP-0005-151780 | B26: ROMMER PROFI Циркуляционный насос COMFORT для ГВС | C26: 15 | D26: 2 1/2" | E26: 1,7 | F26: 9 | G26: IP44 | H26: 80 | J26: 12725.603 | K26: =J26-J26*$M$3 -> 12725.603 | M26: 12019
A27: RCP-0005-152080 | B27: ROMMER PROFI Циркуляционный насос COMFORT для ГВС с таймером | C27: 15 | D27: 1/2" | E27: 1,7 | F27: 9 | G27: IP44 | H27: 80 | J27: 13998.16 | K27: =J27-J27*$M$3 -> 13998.16 | M27: 13220
A28: RCP-0005-150480 | B28: ROMMER Циркуляционный насос COMFORT для ГВС корпус латунь | C28: 15 | D28: 1/2" | E28: 1,2 | F28: 7 | G28: IP44 | H28: 84 | J28: 6999.091 | K28: =J28-J28*$M$3 -> 6999.091 | M28: 6610
A29: Трехскоростные циркуляционные насосы ROMMER PROFI
A30: RCP-0004-2540130 | B30: RCP-0004-2540130 ROMMER Циркуляционный насос Profi 25/40-130 | C30: 25 | D30: 1 1/2" | E30: 4 | F30: 72 | G30: IP44 | H30: 130 | J30: 5477.461 | K30: =J30-J30*$M$3 -> 5477.461 | M30: 5173
A31: RCP-0004-2540180 | B31: RCP-0004-2540180 ROMMER Циркуляционный насос Profi 25/40-180 | C31: 25 | D31: 1 1/2" | E31: 4 | F31: 72 | G31: IP44 | H31: 180 | J31: 5437.399 | K31: =J31-J31*$M$3 -> 5437.399 | M31: 5135
A32: RCP-0004-2560130 | B32: RCP-0004-2560130 ROMMER Циркуляционный насос Profi 25/60-130 | C32: 25 | D32: 1 1/2" | E32: 6 | F32: 93 | G32: IP44 | H32: 130 | J32: 5830.748 | K32: =J32-J32*$M$3 -> 5830.748 | M32: 5507
A33: RCP-0004-2560180 | B33: RCP-0004-2560180 ROMMER Циркуляционный насос Profi 25/60-180 | C33: 25 | D33: 1 1/2" | E33: 6 | F33: 93 | G33: IP44 | H33: 180 | J33: 5670.06 | K33: =J33-J33*$M$3 -> 5670.06 | M33: 5355
A34: RCP-0004-2580180 | B34: RCP-0004-2580180 ROMMER Циркуляционный насос Profi 25/80-180 | C34: 25 | D34: 1 1/2" | E34: 8 | F34: 165 | G34: IP44 | H34: 180 | J34: 11187.671 | K34: =J34-J34*$M$3 -> 11187.671 | M34: 10566
A35: RCP-0004-3240180 | B35: RCP-0004-3240180 ROMMER Циркуляционный насос Profi 32/40-180 | C35: 32 | D35: 2" | E35: 4 | F35: 72 | G35: IP44 | H35: 180 | J35: 5676.374 | K35: =J35-J35*$M$3 -> 5676.374 | M35: 5361
A36: RCP-0004-3260180 | B36: RCP-0004-3260180 ROMMER Циркуляционный насос Profi 32/60-180 | C36: 32 | D36: 2" | E36: 6 | F36: 93 | G36: IP44 | H36: 180 | J36: 6080.129 | K36: =J36-J36*$M$3 -> 6080.129 | M36: 5743
A37: RCP-0004-3280180 | B37: RCP-0004-3280180 ROMMER Циркуляционный насос Profi 32/80-180 | C37: 32 | D37: 2" | E37: 8 | F37: 270 | G37: IP44 | H37: 180 | J37: 11649.627 | K37: =J37-J37*$M$3 -> 11649.627 | M37: 11002
A38: Частотные циркуляционные насосы EVO
A39: RCP-0030-2540130 | B39: ROMMER PROFI Циркуляционный насос EVO 25/40-130 с гайками и теплоизоляцией | C39: 25 | D39: 1 1/2" | E39: 4 | F39: 22 | G39: IP44 | H39: 130 | J39: 12368.312 | K39: =J39-J39*$M$3 -> 12368.312 | M39: 11682
A40: RCP-0030-2560130 | B40: ROMMER PROFI Циркуляционный насос EVO 25/60-130 с гайками и теплоизоляцией | C40: 25 | D40: 1 1/2" | E40: 4 | F40: 22 | G40: IP44 | H40: 130 | J40: 12484.34 | K40: =J40-J40*$M$3 -> 12484.34 | M40: 11790
A41: RCP-0030-2560180 | B41: ROMMER PROFI Циркуляционный насос EVO 25/60-180 с гайками и теплоизоляцией | C41: 25 | D41: 1 1/2" | E41: 6 | F41: 45 | G41: IP44 | H41: 180 | J41: 10314.491 | K41: =J41-J41*$M$3 -> 10314.491 | M41: 9742
A42: RCP-0030-3240180 | B42: ROMMER PROFI Циркуляционный насос EVO 32/40-180 с гайками и теплоизоляцией | C42: 25 | D42: 1 1/2" | E42: 6 | F42: 45 | G42: IP44 | H42: 180 | J42: 10381.316 | K42: =J42-J42*$M$3 -> 10381.316 | M42: 9804
A43: RCP-0030-3260180 | B43: ROMMER PROFI Циркуляционный насос EVO 32/60-180 с гайками и теплоизоляцией | C43: 32 | D43: 2" | E43: 4 | F43: 22 | G43: IP44 | H43: 180 | J43: 10501.656 | K43: =J43-J43*$M$3 -> 10501.656 | M43: 9918
A44: RCP-0030-2540180 | B44: ROMMER PROFI Циркуляционный насос EVO 25/40-180 с гайками и теплоизоляцией | C44: 25 | J44: 10306.934 | K44: =J44-J44*$M$3 -> 10306.934 | M44: 9734
A45: RCP-0031-2565180 | B45: ROMMER PROFI Частотный циркуляционный насос EVO 25/65-180 с ШИМ, без гаек | C45: 25 | D45: 1 1/2" | E45: 6,5 | F45: 52 | G45: IP44 | H45: 180 | J45: 10115.006 | K45: =J45-J45*$M$3 -> 10115.006 | M45: 9554
A46: RCP-0030-2580180 | B46: ROMMER PROFI Частотный циркуляционный насос EVO 25/80-180 с гайками и теплоизоляцией | C46: 25 | D46: 1 1/2" | E46: 8 | F46: 80 | G46: IP44 | H46: 180 | J46: 23874.521 | K46: =J46-J46*$M$3 -> 23874.521 | M46: 22548
A47: RCP-0030-25100180 | B47: ROMMER PROFI Частотный циркуляционный насос EVO 25/100-180 с гайками и теплоизоляцией | C47: 25 | D47: 1 1/2" | E47: 10 | F47: 180 | G47: IP44 | H47: 180 | J47: 25152.435 | K47: =J47-J47*$M$3 -> 25152.435 | M47: 23755
A48: RCP-0030-25120180 | B48: ROMMER PROFI Частотный циркуляционный насос EVO 25/120-180 с гайками и теплоизоляцией | C48: 25 | D48: 1 1/2" | E48: 12 | F48: 220 | G48: IP44 | H48: 180 | J48: 27654.715 | K48: =J48-J48*$M$3 -> 27654.715 | M48: 26118
A49: RCP-0030-3280180 | B49: ROMMER PROFI Частотный циркуляционный насос EVO 32/80-180 с гайками и теплоизоляцией | C49: 32 | D49: 2" | E49: 8 | F49: 80 | G49: IP44 | H49: 180 | J49: 24192.861 | K49: =J49-J49*$M$3 -> 24192.861 | M49: 22849
A50: RCP-0030-32100180 | B50: ROMMER PROFI Частотный циркуляционный насос EVO 32/100-180 с гайками и теплоизоляцией | C50: 32 | D50: 2" | E50: 10 | F50: 180 | G50: IP44 | H50: 180 | J50: 25344.462 | K50: =J50-J50*$M$3 -> 25344.462 | M50: 23936
A51: RCP-0030-32120180 | B51: ROMMER PROFI Частотный циркуляционный насос EVO 32/120-180 с гайками и теплоизоляцией | C51: 32 | D51: 2" | E51: 12 | F51: 220 | G51: IP44 | H51: 180 | J51: 27878.554 | K51: =J51-J51*$M$3 -> 27878.554 | M51: 26330
A52: Артикул | B52: Модель | C52: Описание | J52: Цена Руб. | K52: Цена с НДС, с учетом скидки, РУБ | M52: РИЦ
A53: Принадлежности к циркуляционным насосам | J53: 0 | K53: =J53-J53*$M$3 -> 0
A54: RCP-0030-000010 | B54: RCP-0030-000010 ROMMER Электроразъем прямой для насосов ERTI (ER) с кабелем | C54: Прямое кабельное соединение для насосов ROMMER серии RCP-0003/0030 | J54: 615.41899 | K54: =J54 -> 615.41899 | M54: 615
A55: RCP-0030-000020 | B55: RCP-0030-000020 ROMMER Электроразъем угловой для насосов ERTI (ER) с кабелем | C55: Угловое кабельное соединение для насосов ROMMER серии RCP-0003/0030 | J55: 615.41899 | K55: =J55 -> 615.41899 | M55: 615

Sheet КНС ROMMER BIOLIFT
A1: Канализационные насосные станции Rommer BIOLIFT (Китай)
A5: Скидка, % | B5: 0
A7: Изобр. | B7: Артикул | C7: Наименование | D7: Применение | E7: Мощность, Вт | F7: Входные патрубки | H7: Режущий механизм | I7: T°C рабочая | J7: T°C max | K7: Цена с НДС, РУБ | L7: Цена с НДС, с учетом скидки, РУБ | N7: РИЦ
B8: RPD-0010-100400 | C8: ROMMER Канализационная насосная установка BIOLIFT R-4 | D8: Для унитаза, раковины, душевой кабины + 1 дополнительные вход | E8: 400 | F8: 1 х 100 мм | G8: 3 х 40 мм | H8: Есть | I8: 65 °С | J8: 80°С в течение 4х часов | K8: 20853.888 | L8: =K8-K8*$B$5 -> 20853.888 | N8: 18537
B9: RPD-0010-100250 | C9: ROMMER Канализационная насосная установка BIOLIFT S-3 | D9: Для раковины, ванной и душа | E9: 250 | F9: - | G9: 3 х 40 мм | H9: Нет | K9: 16457.408 | L9: =K9-K9*$B$5 -> 16457.408 | N9: 14629
B10: RPD-0010-100450 | C10: ROMMER Канализационная насосная установка BIOLIFT R-4S | D10: Для унитаза, раковины, душевой кабины + 1 дополнительные вход | E10: 450 | F10: 1 х 100 мм | G10: 3 х 40 мм | H10: Есть | K10: 23671.494 | L10: =K10-K10*$B$5 -> 23671.494 | N10: 21041
B11: RPD-0010-100500 | C11: ROMMER Канализационная насосная установка BIOLIFT S-3 PLUS | D11: Для раковины, ванной и душа | E11: 450 | F11: - | G11: 3 х 40 мм | H11: Нет | K11: 23671.494 | L11: =K11-K11*$B$5 -> 23671.494 | N11: 21041
B12: RPD-0010-100800 | C12: ROMMER Канализационная насосная установка BIOLIFT R-4 PRO | D12: Для унитаза, раковины, душевой кабины + 1 дополнительные вход | E12: 800 | F12: 1 х 100 мм | G12: 3 х 40 мм | H12: Есть | I12: 35°С | J12: 50 °С | K12: 43078.442 | L12: =K12-K12*$B$5 -> 43078.442 | N12: 38292
A15: Артикул | B15: Наименование | E15: Цена с НДС, РУБ | F15: Цена с НДС, с учетом скидки, РУБ | H15: РИЦ
A16: Принадлежности к насосам
A17: RPD-0000-000010 | B17: Микровыключатель поплавка для ROMMER BIOLIFT / Microswitch | E17: 1651.3743 | F17: =E17-E17*$B$5 -> 1651.3743 | H17: 1835
A18: RPD-0000-001250 | B18: Обратный клапан выпускного патрубка для ROMMER BIOLIFT S-3 / Check valve for 250 | E18: 1487.2626 | F18: =E18-E18*$B$5 -> 1487.2626 | H18: 1653
A19: RPD-0000-001400 | B19: Обратный клапан выпускного патрубка для ROMMER BIOLIFT моделей R-4 / R4S | E19: 1615.4749 | F19: =E19-E19*$B$5 -> 1615.4749 | H19: 1795
A20: RPD-0000-001500 | B20: Обратный клапан выпускного патрубка для ROMMER BIOLIFT R-4S / Check valve for 500 | E20: 1615.4739 | F20: =E20-E20*$B$5 -> 1615.4739 | H20: 1795

Sheet ROMMER HYDROLIFT
A1: Установки водоснабжения Rommer HYDROLIFT (Китай)
N4: Скидка, % | O4: 0
A5: Изобр. | B5: АРТ. | C5: Наименование | D5: Диаметр вход/выход | E5: Мощность, Вт | F5: Частота вращения двигателя, об/мин | G5: H max, м | H5: Q max, м3/ч | I5: T°C | J5: Цена с НДС, РУБ | K5: Цена с НДС с учетом скидки РУБ | N5: РИЦ
B6: RPJ-0010-000550 | C6: ROMMER Установка водоснабжения HYDROLIFT 550 Вт | D6: 1"/1" | E6: 100-550 | F6: 2000-5200 | G6: 45 | H6: 5 | I6: 0...+70 | J6: 41633.095 | K6: =J6-J6*$O$4 -> 41633.095 | N6: 39321
B7: RPJ-0010-001100 | C7: ROMMER Установка водоснабжения HYDROLIFT 1100 Вт | D7: 1"/1" | E7: 500-1100 | F7: 2000-3300 | G7: 53 | H7: 6 | J7: 61941.922 | K7: =J7-J7*$O$4 -> 61941.922 | N7: 58500

Sheet Rommer СПР (Россия)
A1: Стальные панельные радиаторы отопления Rommer (РОССИЯ)
D3: Скидка % | E3: 0
A7: ТИП | B7: Габариты | D7: Тепловая мощность при ΔT=70 | E7: Масса нетто радиатора (справочная), кг | G7: Объём теплоносителя | H7: Цена с НДС, руб. | J7: Цена с НДС, с учетом скидки, руб. | M7: РИЦ | AF7: этот столбец закреплен за рознц | AG7: этот столбец закреплен за риц | AH7: РИЦ | AJ7: розница | AL7: риц
B8: Н, мм | C8: L, мм | D8: Вт | E8: Боковое подключение Compact | F8: Нижнее подключение Ventil | G8: л | H8: Боковое подключение Compact | I8: Нижнее подключение Ventil | J8: Боковое подключение Compact | K8: Нижнее подключение Ventil | M8: Боковое подключение Compact | N8: Нижнее подключение Ventil | AD8: АРТИКУЛ | AE8: Наименование | AF8: Цена с НДС, руб | AG8: РИЦ | AH8: Боковое подключение Compact | AI8: Нижнее подключение Ventil
A9: 11 тип 11 тип - 1 панель, 1 конвектор Монтажная глубина - 62 мм Артикул 11/500/1000 RRS-2010-115100 20 - производство Россия 10 - боковое подключение 11 - тип прибора 5 - высота (500 мм) 100 - длина (1000 мм) | B9: 300 | C9: 400 | D9: 441 | E9: 3.93 | F9: 4.21 | G9: 0.75 | H9: 3681.46 | I9: 6203.76 | J9: =H9-H9*$E$3 -> 3681.46 | K9: =I9-I9*$E$3 -> 6203.76 | M9: 2944 | N9: 4963 | AD9: RRS-2010-103040 | AE9: RRS-2010-103040 ROMMER 10/300/400 радиатор стальной панельный боковое подключение Compact | AF9: 3255.75 | AG9: 2605 | AH9: RRS-2010-113040 | AI9: RRS-2020-113040 | AJ9: 3681.46 | AK9: 6203.76 | AL9: 2944 | AM9: 4963
C10: 500 | D10: 506 | E10: 4.69 | F10: 4.97 | G10: 0.94 | H10: 4219.71 | I10: 6739.58 | J10: =H10-H10*$E$3 -> 4219.71 | K10: =I10-I10*$E$3 -> 6739.58 | M10: 3376 | N10: 5392 | AD10: RRS-2010-103050 | AE10: RRS-2010-103050 ROMMER 10/300/500 радиатор стальной панельный боковое подключение Compact | AF10: 3705.5 | AG10: 2965 | AH10: RRS-2010-113050 | AI10: RRS-2020-113050 | AJ10: 4219.71 | AK10: 6739.58 | AL10: 3376 | AM10: 5392
C11: 600 | D11: 570 | E11: 5.46 | F11: 5.74 | G11: 1.13 | H11: 4755.23 | I11: 7308.64 | J11: =H11-H11*$E$3 -> 4755.23 | K11: =I11-I11*$E$3 -> 7308.64 | M11: 3804 | N11: 5846 | AD11: RRS-2010-103060 | AE11: RRS-2010-103060 ROMMER 10/300/600 радиатор стальной панельный боковое подключение Compact | AF11: 4199.04 | AG11: 3359 | AH11: RRS-2010-113060 | AI11: RRS-2020-113060 | AJ11: 4755.23 | AK11: 7308.64 | AL11: 3804 | AM11: 5846
C12: 700 | D12: 635 | E12: 6.22 | F12: 6.5 | G12: 1.32 | H12: 5275 | I12: 7841.23 | J12: =H12-H12*$E$3 -> 5275 | K12: =I12-I12*$E$3 -> 7841.23 | M12: 4220 | N12: 6273 | AD12: RRS-2010-103070 | AE12: RRS-2010-103070 ROMMER 10/300/700 радиатор стальной панельный боковое подключение Compact | AF12: 4664.71 | AG12: 3732 | AH12: RRS-2010-113070 | AI12: RRS-2020-113070 | AJ12: 5275 | AK12: 7841.23 | AL12: 4220 | AM12: 6273
C13: 800 | D13: 699 | E13: 6.98 | F13: 7.26 | G13: 1.51 | H13: 5866.68 | I13: 8413.72 | J13: =H13-H13*$E$3 -> 5866.68 | K13: =I13-I13*$E$3 -> 8413.72 | M13: 4692 | N13: 6732 | AD13: RRS-2010-103080 | AE13: RRS-2010-103080 ROMMER 10/300/800 радиатор стальной панельный боковое подключение Compact | AF13: 5158.25 | AG13: 4127 | AH13: RRS-2010-113080 | AI13: RRS-2020-113080 | AJ13: 5866.68 | AK13: 8413.72 | AL13: 4692 | AM13: 6732
C14: 900 | D14: 764 | E14: 7.75 | F14: 8.03 | G14: 1.7 | H14: 6380.86 | I14: 8949.48 | J14: =H14-H14*$E$3 -> 6380.86 | K14: =I14-I14*$E$3 -> 8949.48 | M14: 5105 | N14: 7160 | AD14: RRS-2010-103090 | AE14: RRS-2010-103090 ROMMER 10/300/900 радиатор стальной панельный боковое подключение Compact | AF14: 5568.2 | AG14: 4455 | AH14: RRS-2010-113090 | AI14: RRS-2020-113090 | AJ14: 6380.86 | AK14: 8949.48 | AL14: 5105 | AM14: 7160
C15: 1000 | D15: 829 | E15: 8.52 | F15: 8.8 | G15: 1.89 | H15: 6997.88 | I15: 9551.83 | J15: =H15-H15*$E$3 -> 6997.88 | K15: =I15-I15*$E$3 -> 9551.83 | M15: 5599 | N15: 7642 | AD15: RRS-2010-103100 | AE15: RRS-2010-103100 ROMMER 10/300/1000 радиатор стальной панельный боковое подключение Compact | AF15: 5985.13 | AG15: 4788 | AH15: RRS-2010-113100 | AI15: RRS-2020-113100 | AJ15: 6997.88 | AK15: 9551.83 | AL15: 5599 | AM15: 7642
C16: 1100 | D16: 893 | E16: 9.28 | F16: 9.56 | G16: 2.08 | H16: 7842.73 | I16: 10409.72 | J16: =H16-H16*$E$3 -> 7842.73 | K16: =I16-I16*$E$3 -> 10409.72 | M16: 6275 | N16: 8328 | AD16: RRS-2010-103110 | AE16: RRS-2010-103110 ROMMER 10/300/1100 радиатор стальной панельный боковое подключение Compact | AF16: 6751.02 | AG16: 5401 | AH16: RRS-2010-113110 | AI16: RRS-2020-113110 | AJ16: 7842.73 | AK16: 10409.72 | AL16: 6275 | AM16: 8328
C17: 1200 | D17: 958 | E17: 10.04 | F17: 10.32 | G17: 2.27 | H17: 8407.92 | I17: 10962.57 | J17: =H17-H17*$E$3 -> 8407.92 | K17: =I17-I17*$E$3 -> 10962.57 | M17: 6726 | N17: 8770 | AD17: RRS-2010-103120 | AE17: RRS-2010-103120 ROMMER 10/300/1200 радиатор стальной панельный боковое подключение Compact | AF17: 7251.91 | AG17: 5802 | AH17: RRS-2010-113120 | AI17: RRS-2020-113120 | AJ17: 8407.92 | AK17: 10962.57 | AL17: 6726 | AM17: 8770
C18: 1300 | D18: 1022 | E18: 10.8 | F18: 11.08 | G18: 2.46 | H18: 8923.83 | I18: 11367.97 | J18: =H18-H18*$E$3 -> 8923.83 | K18: =I18-I18*$E$3 -> 11367.97 | M18: 7138 | N18: 9094 | AD18: RRS-2010-103130 | AE18: RRS-2010-103130 ROMMER 10/300/1300 радиатор стальной панельный боковое подключение Compact | AF18: 7678.34 | AG18: 6143 | AH18: RRS-2010-113130 | AI18: RRS-2020-113130 | AJ18: 8923.83 | AK18: 11367.97 | AL18: 7138 | AM18: 9094
C19: 1400 | D19: 1087 | E19: 11.57 | F19: 11.85 | G19: 2.65 | H19: 9502.99 | I19: 12064.98 | J19: =H19-H19*$E$3 -> 9502.99 | K19: =I19-I19*$E$3 -> 12064.98 | M19: 7602 | N19: 9653 | AD19: RRS-2010-103140 | AE19: RRS-2010-103140 ROMMER 10/300/1400 радиатор стальной панельный боковое подключение Compact | AF19: 8147.97 | AG19: 6518 | AH19: RRS-2010-113140 | AI19: RRS-2020-113140 | AJ19: 9502.99 | AK19: 12064.98 | AL19: 7602 | AM19: 9653
C20: 1500 | D20: 1152 | E20: 12.33 | F20: 12.61 | G20: 2.84 | H20: 10037.99 | I20: 12580.25 | J20: =H20-H20*$E$3 -> 10037.99 | K20: =I20-I20*$E$3 -> 12580.25 | M20: 8030 | N20: 10064 | AD20: RRS-2010-103150 | AE20: RRS-2010-103150 ROMMER 10/300/1500 радиатор стальной панельный боковое подключение Compact | AF20: 8570.34 | AG20: 6855 | AH20: RRS-2010-113150 | AI20: RRS-2020-113150 | AJ20: 10037.99 | AK20: 12580.25 | AL20: 8030 | AM20: 10064
C21: 1600 | D21: 1216 | E21: 13.09 | F21: 13.37 | G21: 3.03 | H21: 10731.25 | I21: 13352.97 | J21: =H21-H21*$E$3 -> 10731.25 | K21: =I21-I21*$E$3 -> 13352.97 | M21: 8585 | N21: 10682 | AD21: RRS-2010-103160 | AE21: RRS-2010-103160 ROMMER 10/300/1600 радиатор стальной панельный боковое подключение Compact | AF21: 9167.91 | AG21: 7334 | AH21: RRS-2010-113160 | AI21: RRS-2020-113160 | AJ21: 10731.25 | AK21: 13352.97 | AL21: 8585 | AM21: 10682
... C33: 3000 | D33: 2201 | E33: 23.84 | F33: 24.13 | G33: 5.69 | H33: 20923.3 | I33: 24421.61 | J33: =H33-H33*$E$3 -> 20923.3 | K33: =I33-I33*$E$3 -> 24421.61 | M33: 16739 | N33: 19537 | AD33: RRS-2010-103300 | AE33: RRS-2010-103300 ROMMER 10/300/3000 радиатор стальной панельный боковое подключение Compact | AF33: 17623.21 | AG33: 14098 | AH33: RRS-2010-113300 | AI33: RRS-2020-113300 | AJ33: 20923.3 | AK33: 24421.61 | AL33: 16739 | AM33: 19537
B34: 400 | C34: 400 | D34: 488.25 | E34: 4.92 | F34: 5.225 | G34: 0.88 | H34: 4213.27 | I34: 6866.58 | J34: =H34-H34*$E$3 -> 4213.27 | K34: =I34-I34*$E$3 -> 6866.58 | M34: 3371 | N34: 5494 | AD34: RRS-2010-104040 | AE34: RRS-2010-104040 ROMMER 10/400/400 радиатор стальной панельный боковое подключение Compact | AF34: 3586.74 | AG34: 2870 | AH34: RRS-2010-114040 | AI34: RRS-2020-114040 | AJ34: 4213.27 | AK34: 6866.58 | AL34: 3371 | AM34: 5494
C35: 500 | D35: 609.75 | E35: 6.15 | F35: 6.455 | G35: 1.1 | H35: 4823.69 | I35: 7566.34 | J35: =H35-H35*$E$3 -> 4823.69 | K35: =I35-I35*$E$3 -> 7566.34 | M35: 3859 | N35: 6053 | AD35: RRS-2010-104050 | AE35: RRS-2010-104050 ROMMER 10/400/500 радиатор стальной панельный боковое подключение Compact | AF35: 4085.83 | AG35: 3269 | AH35: RRS-2010-114050 | AI35: RRS-2020-114050 | AJ35: 4823.69 | AK35: 7566.34 | AL35: 3859 | AM35: 6053
C36: 600 | D36: 732.375 | E36: 7.38 | F36: 7.685 | G36: 1.32 | H36: 5438.2 | I36: 8295.3 | J36: =H36-H36*$E$3 -> 5438.2 | K36: =I36-I36*$E$3 -> 8295.3 | M36: 4351 | N36: 6636 | AD36: RRS-2010-104060 | AE36: RRS-2010-104060 ROMMER 10/400/600 радиатор стальной панельный боковое подключение Compact | AF36: 4629.29 | AG36: 3703 | AH36: RRS-2010-114060 | AI36: RRS-2020-114060 | AJ36: 5438.2 | AK36: 8295.3 | AL36: 4351 | AM36: 6636
C37: 700 | D37: 853.875 | E37: 8.61 | F37: 8.915 | G37: 1.54 | H37: 6048.62 | I37: 8890.83 | J37: =H37-H37*$E$3 -> 6048.62 | K37: =I37-I37*$E$3 -> 8890.83 | M37: 4839 | N37: 7113 | AD37: RRS-2010-104070 | AE37: RRS-2010-104070 ROMMER 10/400/700 радиатор стальной панельный боковое подключение Compact | AF37: 5149.13 | AG37: 4119 | AH37: RRS-2010-114070 | AI37: RRS-2020-114070 | AJ37: 6048.62 | AK37: 8890.83 | AL37: 4839 | AM37: 7113
C38: 800 | D38: 976.5 | E38: 9.84 | F38: 10.145 | G38: 1.76 | H38: 6701.16 | I38: 9587.27 | J38: =H38-H38*$E$3 -> 6701.16 | K38: =I38-I38*$E$3 -> 9587.27 | M38: 5361 | N38: 7670 | AD38: RRS-2010-104080 | AE38: RRS-2010-104080 ROMMER 10/400/800 радиатор стальной панельный боковое подключение Compact | AF38: 5704.65 | AG38: 4563 | AH38: RRS-2010-114080 | AI38: RRS-2020-114080 | AJ38: 6701.16 | AK38: 9587.27 | AL38: 5361 | AM38: 7670
C39: 900 | D39: 1098 | E39: 11.07 | F39: 11.375 | G39: 1.98 | H39: 7319.81 | I39: 10215.32 | J39: =H39-H39*$E$3 -> 7319.81 | K39: =I39-I39*$E$3 -> 10215.32 | M39: 5856 | N39: 8172 | AD39: RRS-2010-104090 | AE39: RRS-2010-104090 ROMMER 10/400/900 радиатор стальной панельный боковое подключение Compact | AF39: 6075.76 | AG39: 4860 | AH39: RRS-2010-114090 | AI39: RRS-2020-114090 | AJ39: 7319.81 | AK39: 10215.32 | AL39: 5856 | AM39: 8172
C40: 1000 | D40: 1220.625 | E40: 12.3 | F40: 12.3 | G40: 2.2 | H40: 8010.37 | I40: 10911.79 | J40: =H40-H40*$E$3 -> 8010.37 | K40: =I40-I40*$E$3 -> 10911.79 | M40: 6408 | N40: 8730 | AD40: RRS-2010-104100 | AE40: RRS-2010-104100 ROMMER 10/400/1000 радиатор стальной панельный боковое подключение Compact | AF40: 6615.62 | AG40: 5292 | AH40: RRS-2010-114100 | AI40: RRS-2020-114100 | AJ40: 8010.37 | AK40: 10911.79 | AL40: 6408 | AM40: 8730
C41: 1100 | D41: 1342.125 | E41: 13.53 | F41: 13.835 | G41: 2.42 | H41: 8807.83 | I41: 11782.8 | J41: =H41-H41*$E$3 -> 8807.83 | K41: =I41-I41*$E$3 -> 11782.8 | M41: 7046 | N41: 9427 | AD41: RRS-2010-104110 | AE41: RRS-2010-104110 ROMMER 10/400/1100 радиатор стальной панельный боковое подключение Compact | AF41: 7272.68 | AG41: 5818 | AH41: RRS-2010-114110 | AI41: RRS-2020-114110 | AJ41: 8807.83 | AK41: 11782.8 | AL41: 7046 | AM41: 9427
C42: 1200 | D42: 1464.75 | E42: 14.76 | F42: 15.065 | G42: 2.64 | H42: 9478.39 | I42: 12420.85 | J42: =H42-H42*$E$3 -> 9478.39 | K42: =I42-I42*$E$3 -> 12420.85 | M42: 7583 | N42: 9936 | AD42: RRS-2010-104120 | AE42: RRS-2010-104120 ROMMER 10/400/1200 радиатор стальной панельный боковое подключение Compact | AF42: 7744.32 | AG42: 6195 | AH42: RRS-2010-114120 | AI42: RRS-2020-114120 | AJ42: 9478.39 | AK42: 12420.85 | AL42: 7583 | AM42: 9936
C43: 1300 | D43: 1586.25 | E43: 15.99 | F43: 16.295 | G43: 2.86 | H43: 10016.76 | I43: 13135.19 | J43: =H43-H43*$E$3 -> 10016.76 | K43: =I43-I43*$E$3 -> 13135.19 | M43: 8014 | N43: 10507 | AD43: RRS-2010-104130 | AE43: RRS-2010-104130 ROMMER 10/400/1300 радиатор стальной панельный боковое подключение Compact | AF43: 8225.24 | AG43: 6581 | AH43: RRS-2010-114130 | AI43: RRS-2020-114130 | AJ43: 10016.76 | AK43: 13135.19 | AL43: 8014 | AM43: 10507
C44: 1400 | D44: 1707.75 | E44: 17.22 | F44: 17.525 | G44: 3.08 | H44: 10686.29 | I44: 13949.33 | J44: =H44-H44*$E$3 -> 10686.29 | K44: =I44-I44*$E$3 -> 13949.33 | M44: 8549 | N44: 11159 | AD44: RRS-2010-104140 | AE44: RRS-2010-104140 ROMMER 10/400/1400 радиатор стальной панельный боковое подключение Compact | AF44: 8732.2 | AG44: 6986 | AH44: RRS-2010-114140 | AI44: RRS-2020-114140 | AJ44: 10686.29 | AK44: 13949.33 | AL44: 8549 | AM44: 11159
C45: 1500 | D45: 1829.25 | E45: 18.45 | F45: 18.755 | G45: 3.3 | H45: 11313.84 | I45: 14590.66 | J45: =H45-H45*$E$3 -> 11313.84 | K45: =I45-I45*$E$3 -> 14590.66 | M45: 9051 | N45: 11672 | AD45: RRS-2010-104150 | AE45: RRS-2010-104150 ROMMER 10/400/1500 радиатор стальной панельный боковое подключение Compact | AF45: 9240.69 | AG45: 7392 | AH45: RRS-2010-114150 | AI45: RRS-2020-114150 | AJ45: 11313.84 | AK45: 14590.66 | AL45: 9051 | AM45: 11672
C46: 1600 | D46: 1951.875 | E46: 19.68 | F46: 19.985 | G46: 3.52 | H46: 12132.39 | I46: 15604.07 | J46: =H46-H46*$E$3 -> 12132.39 | K46: =I46-I46*$E$3 -> 15604.07 | M46: 9706 | N46: 12483 | AD46: RRS-2010-104160 | AE46: RRS-2010-104160 ROMMER 10/400/1600 радиатор стальной панельный боковое подключение Compact | AF46: 9908.78 | AG46: 7928 | AH46: RRS-2010-114160 | AI46: RRS-2020-114160 | AJ46: 12132.39 | AK46: 15604.07 | AL46: 9706 | AM46: 12483
... C58: 3000 | D58: 3660.75 | E58: 36.9 | F58: 37.205 | G58: 6.6 | H58: 23658.74 | I58: 27068.13 | J58: =H58-H58*$E$3 -> 23658.74 | K58: =I58-I58*$E$3 -> 27068.13 | M58: 18926 | N58: 21655 | AD58: RRS-2010-104300 | AE58: RRS-2010-104300 ROMMER 10/400/3000 радиатор стальной панельный боковое подключение Compact | AF58: 18905.23 | AG58: 15124 | AH58: RRS-2010-114300 | AI58: RRS-2020-114300 | AJ58: 23658.74 | AK58: 27068.13 | AL58: 18926 | AM58: 21655
B59: 500 | C59: 400 | D59: 604 | E59: 6.36 | F59: 6.69 | G59: 1.12 | H59: 4509.26 | I59: 7067.23 | J59: =H59-H59*$E$3 -> 4509.26 | K59: =I59-I59*$E$3 -> 7067.23 | M59: 3608 | N59: 5655 | AD59: RRS-2010-105040 | AE59: RRS-2010-105040 ROMMER 10/500/400 радиатор стальной панельный боковое подключение Compact | AF59: 3743.95 | AG59: 2996 | AH59: RRS-2010-115040 | AI59: RRS-2020-115040 | AJ59: 4509.26 | AK59: 7067.23 | AL59: 3608 | AM59: 5655
C60: 500 | D60: 711 | E60: 7.71 | F60: 8.04 | G60: 1.4 | H60: 5194.89 | I60: 7749.23 | J60: =H60-H60*$E$3 -> 5194.89 | K60: =I60-I60*$E$3 -> 7749.23 | M60: 4155 | N60: 6198 | AD60: RRS-2010-105050 | AE60: RRS-2010-105050 ROMMER 10/500/500 радиатор стальной панельный боковое подключение Compact | AF60: 4340.9 | AG60: 3472 | AH60: RRS-2010-115050 | AI60: RRS-2020-115050 | AJ60: 5194.89 | AK60: 7749.23 | AL60: 4155 | AM60: 6198
C61: 600 | D61: 818 | E61: 9.05 | F61: 9.39 | G61: 1.68 | H61: 5936.16 | I61: 8472.92 | J61: =H61-H61*$E$3 -> 5936.16 | K61: =I61-I61*$E$3 -> 8472.92 | M61: 4748 | N61: 6778 | AD61: RRS-2010-105060 | AE61: RRS-2010-105060 ROMMER 10/500/600 радиатор стальной панельный боковое подключение Compact | AF61: 5002.14 | AG61: 4002 | AH61: RRS-2010-115060 | AI61: RRS-2020-115060 | AJ61: 5936.16 | AK61: 8472.92 | AL61: 4748 | AM61: 6778
C62: 700 | D62: 925 | E62: 10.4 | F62: 10.73 | G62: 1.96 | H62: 6577.09 | I62: 9356.87 | J62: =H62-H62*$E$3 -> 6577.09 | K62: =I62-I62*$E$3 -> 9356.87 | M62: 5261 | N62: 7484 | AD62: RRS-2010-105070 | AE62: RRS-2010-105070 ROMMER 10/500/700 радиатор стальной панельный боковое подключение Compact | AF62: 5462.34 | AG62: 4370 | AH62: RRS-2010-115070 | AI62: RRS-2020-115070 | AJ62: 6577.09 | AK62: 9356.87 | AL62: 5261 | AM62: 7484
C63: 800 | D63: 1032 | E63: 11.75 | F63: 12.08 | G63: 2.24 | H63: 7280.61 | I63: 9835.92 | J63: =H63-H63*$E$3 -> 7280.61 | K63: =I63-I63*$E$3 -> 9835.92 | M63: 5825 | N63: 7868 | AD63: RRS-2010-105080 | AE63: RRS-2010-105080 ROMMER 10/500/800 радиатор стальной панельный боковое подключение Compact | AF63: 5992.97 | AG63: 4794 | AH63: RRS-2010-115080 | AI63: RRS-2020-115080 | AJ63: 7280.61 | AK63: 9835.92 | AL63: 5825 | AM63: 7868
C64: 900 | D64: 1139 | E64: 13.1 | F64: 13.44 | G64: 2.52 | H64: 7922.51 | I64: 10456.38 | J64: =H64-H64*$E$3 -> 7922.51 | K64: =I64-I64*$E$3 -> 10456.38 | M64: 6338 | N64: 8365 | AD64: RRS-2010-105090 | AE64: RRS-2010-105090 ROMMER 10/500/900 радиатор стальной панельный боковое подключение Compact | AF64: 6541.95 | AG64: 5234 | AH64: RRS-2010-115090 | AI64: RRS-2020-115090 | AJ64: 7922.51 | AK64: 10456.38 | AL64: 6338 | AM64: 8365
C65: 1000 | D65: 1246 | E65: 14.45 | F65: 14.77 | G65: 2.8 | H65: 8645.9 | I65: 11199.94 | J65: =H65-H65*$E$3 -> 8645.9 | K65: =I65-I65*$E$3 -> 11199.94 | M65: 6917 | N65: 8960 | AD65: RRS-2010-105100 | AE65: RRS-2010-105100 ROMMER 10/500/1000 радиатор стальной панельный боковое подключение Compact | AF65: 7138.9 | AG65: 5711 | AH65: RRS-2010-115100 | AI65: RRS-2020-115100 | AJ65: 8645.9 | AK65: 11199.94 | AL65: 6917 | AM65: 8960
C66: 1100 | D66: 1353 | E66: 15.8 | F66: 16.13 | G66: 3.08 | H66: 9604.72 | I66: 12495.14 | J66: =H66-H66*$E$3 -> 9604.72 | K66: =I66-I66*$E$3 -> 12495.14 | M66: 7683 | N66: 9997 | AD66: RRS-2010-105110 | AE66: RRS-2010-105110 ROMMER 10/500/1100 радиатор стальной панельный боковое подключение Compact | AF66: 8021.75 | AG66: 6418 | AH66: RRS-2010-115110 | AI66: RRS-2020-115110 | AJ66: 9604.72 | AK66: 12495.14 | AL66: 7683 | AM66: 9997
C67: 1200 | D67: 1460 | E67: 17.14 | F67: 17.48 | G67: 3.36 | H67: 10298.4 | I67: 12879.9 | J67: =H67-H67*$E$3 -> 10298.4 | K67: =I67-I67*$E$3 -> 12879.9 | M67: 8239 | N67: 10304 | AD67: RRS-2010-105120 | AE67: RRS-2010-105120 ROMMER 10/500/1200 радиатор стальной панельный боковое подключение Compact | AF67: 8593.27 | AG67: 6874 | AH67: RRS-2010-115120 | AI67: RRS-2020-115120 | AJ67: 10298.4 | AK67: 12879.9 | AL67: 8239 | AM67: 10304
C68: 1300 | D68: 1567 | E68: 18.49 | F68: 18.83 | G68: 3.64 | H68: 11319.26 | I68: 13958 | J68: =H68-H68*$E$3 -> 11319.26 | K68: =I68-I68*$E$3 -> 13958 | M68: 9055 | N68: 11167 | AD68: RRS-2010-105130 | AE68: RRS-2010-105130 ROMMER 10/500/1300 радиатор стальной панельный боковое подключение Compact | AF68: 9169.09 | AG68: 7335 | AH68: RRS-2010-115130 | AI68: RRS-2020-115130 | AJ68: 11319.26 | AK68: 13958 | AL68: 9055 | AM68: 11167
C69: 1400 | D69: 1674 | E69: 19.84 | F69: 20.17 | G69: 3.92 | H69: 11842.35 | I69: 14457.48 | J69: =H69-H69*$E$3 -> 11842.35 | K69: =I69-I69*$E$3 -> 14457.48 | M69: 9474 | N69: 11566 | AD69: RRS-2010-105140 | AE69: RRS-2010-105140 ROMMER 10/500/1400 радиатор стальной панельный боковое подключение Compact | AF69: 9812.96 | AG69: 7850 | AH69: RRS-2010-115140 | AI69: RRS-2020-115140 | AJ69: 11842.35 | AK69: 14457.48 | AL69: 9474 | AM69: 11566
C70: 1500 | D70: 1781 | E70: 21.18 | F70: 21.52 | G70: 4.2 | H70: 12836.81 | I70: 15509 | J70: =H70-H70*$E$3 -> 12836.81 | K70: =I70-I70*$E$3 -> 15509 | M70: 10270 | N70: 12408 | AD70: RRS-2010-105150 | AE70: RRS-2010-105150 ROMMER 10/500/1500 радиатор стальной панельный боковое подключение Compact | AF70: 10388.77 | AG70: 8311 | AH70: RRS-2010-115150 | AI70: RRS-2020-115150 | AJ70: 12836.81 | AK70: 15509 | AL70: 10270 | AM70: 12408
C71: 1600 | D71: 1936 | E71: 22.53 | F71: 22.87 | G71: 4.48 | H71: 13492.98 | I71: 16176.45 | J71: =H71-H71*$E$3 -> 13492.98 | K71: =I71-I71*$E$3 -> 16176.45 | M71: 10794 | N71: 12942 | AD71: RRS-2010-105160 | AE71: RRS-2010-105160 ROMMER 10/500/1600 радиатор стальной панельный боковое подключение Compact | AF71: 11175.31 | AG71: 8941 | AH71: RRS-2010-115160 | AI71: RRS-2020-115160 | AJ71: 13492.98 | AK71: 16176.45 | AL71: 10794 | AM71: 12942
... C83: 3000 | D83: 3630 | E83: 41.47 | F83: 41.8 | G83: 8.4 | H83: 25459.55 | I83: 29005.82 | J83: =H83-H83*$E$3 -> 25459.55 | K83: =I83-I83*$E$3 -> 29005.82 | M83: 20368 | N83: 23205 | AD83: RRS-2010-105300 | AE83: RRS-2010-105300 ROMMER 10/500/3000 радиатор стальной панельный боковое подключение Compact | AF83: 20962.11 | AG83: 16770 | AH83: RRS-2010-115300 | AI83: RRS-2020-115300 | AJ83: 25459.55 | AK83: 29005.82 | AL83: 20368 | AM83: 23205
B84: 600 | C84: 400 | D84: 732.3122 | E84: 7.48 | F84: 7.83 | G84: 1.28 | H84: 5474.1 | I84: 8465.04 | J84: =H84-H84*$E$3 -> 5474.1 | K84: =I84-I84*$E$3 -> 8465.04 | M84: 4380 | N84: 6771 | AD84: RRS-2010-106040 | AE84: RRS-2010-106040 ROMMER 10/600/400 радиатор стальной панельный боковое подключение Compact | AF84: 4978.13 | AG84: 3983 | AH84: RRS-2010-116040 | AI84: RRS-2020-116040 | AJ84: 5474.1 | AK84: 8465.04 | AL84: 4380 | AM84: 6771
C85: 500 | D85: 868.27574 | E85: 9.35 | F85: 9.7 | G85: 1.6 | H85: 6301.41 | I85: 9317.1 | J85: =H85-H85*$E$3 -> 6301.41 | K85: =I85-I85*$E$3 -> 9317.1 | M85: 5041 | N85: 7454 | AD85: RRS-2010-106050 | AE85: RRS-2010-106050 ROMMER 10/600/500 радиатор стальной панельный боковое подключение Compact | AF85: 5730.85 | AG85: 4585 | AH85: RRS-2010-116050 | AI85: RRS-2020-116050 | AJ85: 6301.41 | AK85: 9317.1 | AL85: 5041 | AM85: 7454
C86: 600 | D86: 1005.2502 | E86: 11.22 | F86: 11.57 | G86: 1.92 | H86: 7214.3 | I86: 10204.32 | J86: =H86-H86*$E$3 -> 7214.3 | K86: =I86-I86*$E$3 -> 10204.32 | M86: 5771 | N86: 8164 | AD86: RRS-2010-106060 | AE86: RRS-2010-106060 ROMMER 10/600/600 радиатор стальной панельный боковое подключение Compact | AF86: 6561.45 | AG86: 5249 | AH86: RRS-2010-116060 | AI86: RRS-2020-116060 | AJ86: 7214.3 | AK86: 10204.32 | AL86: 5771 | AM86: 8164
C87: 700 | D87: 1142.4399 | E87: 13.09 | F87: 13.44 | G87: 2.24 | H87: 7997.72 | I87: 10928.42 | J87: =H87-H87*$E$3 -> 7997.72 | K87: =I87-I87*$E$3 -> 10928.42 | M87: 6398 | N87: 8742 | AD87: RRS-2010-106070 | AE87: RRS-2010-106070 ROMMER 10/600/700 радиатор стальной панельный боковое подключение Compact | AF87: 7273.56 | AG87: 5819 | AH87: RRS-2010-116070 | AI87: RRS-2020-116070 | AJ87: 7997.72 | AK87: 10928.42 | AL87: 6398 | AM87: 8742
C88: 800 | D88: 1279.2645 | E88: 14.96 | F88: 15.31 | G88: 2.56 | H88: 8825.02 | I88: 11776.21 | J88: =H88-H88*$E$3 -> 8825.02 | K88: =I88-I88*$E$3 -> 11776.21 | M88: 7060 | N88: 9422 | AD88: RRS-2010-106080 | AE88: RRS-2010-106080 ROMMER 10/600/800 радиатор стальной панельный боковое подключение Compact | AF88: 8026.26 | AG88: 6421 | AH88: RRS-2010-116080 | AI88: RRS-2020-116080 | AJ88: 8825.02 | AK88: 11776.21 | AL88: 7060 | AM88: 9422
C89: 900 | D89: 1415.3272 | E89: 16.83 | F89: 17.18 | G89: 2.88 | H89: 9604.08 | I89: 12540.8 | J89: =H89-H89*$E$3 -> 9604.08 | K89: =I89-I89*$E$3 -> 12540.8 | M89: 7683 | N89: 10033 | AD89: RRS-2010-106090 | AE89: RRS-2010-106090 ROMMER 10/600/900 радиатор стальной панельный боковое подключение Compact | AF89: 8735.07 | AG89: 6988 | AH89: RRS-2010-116090 | AI89: RRS-2020-116090 | AJ89: 9604.08 | AK89: 12540.8 | AL89: 7683 | AM89: 10033
C90: 1000 | D90: 1551.1893 | E90: 18.7 | F90: 18.7 | G90: 3.2 | H90: 10516.97 | I90: 13452.18 | J90: =H90-H90*$E$3 -> 10516.97 | K90: =I90-I90*$E$3 -> 13452.18 | M90: 8414 | N90: 10761 | AD90: RRS-2010-106100 | AE90: RRS-2010-106100 ROMMER 10/600/1000 радиатор стальной панельный боковое подключение Compact | AF90: 9564.58 | AG90: 7651 | AH90: RRS-2010-116100 | AI90: RRS-2020-116100 | AJ90: 10516.97 | AK90: 13452.18 | AL90: 8414 | AM90: 10761
C91: 1100 | D91: 1689.2321 | E91: 20.57 | F91: 20.92 | G91: 3.52 | H91: 11300.39 | I91: 14220.49 | J91: =H91-H91*$E$3 -> 11300.39 | K91: =I91-I91*$E$3 -> 14220.49 | M91: 9041 | N91: 11376 | AD91: RRS-2010-106110 | AE91: RRS-2010-106110 ROMMER 10/600/1100 радиатор стальной панельный боковое подключение Compact | AF91: 10276.67 | AG91: 8222 | AH91: RRS-2010-116110 | AI91: RRS-2020-116110 | AJ91: 11300.39 | AK91: 14220.49 | AL91: 9041 | AM91: 11376
C92: 1200 | D92: 1824.1104 | E92: 22.44 | F92: 22.79 | G92: 3.84 | H92: 12079.44 | I92: 14984.51 | J92: =H92-H92*$E$3 -> 12079.44 | K92: =I92-I92*$E$3 -> 14984.51 | M92: 9663 | N92: 11988 | AD92: RRS-2010-106120 | AE92: RRS-2010-106120 ROMMER 10/600/1200 радиатор стальной панельный боковое подключение Compact | AF92: 10985.47 | AG92: 8789 | AH92: RRS-2010-116120 | AI92: RRS-2020-116120 | AJ92: 12079.44 | AK92: 14984.51 | AL92: 9663 | AM92: 11988
C93: 1300 | D93: 1979.9497 | E93: 24.31 | F93: 24.66 | G93: 4.16 | H93: 12951.72 | I93: 15840.67 | J93: =H93-H93*$E$3 -> 12951.72 | K93: =I93-I93*$E$3 -> 15840.67 | M93: 10361 | N93: 12672 | AD93: RRS-2010-106130 | AE93: RRS-2010-106130 ROMMER 10/600/1300 радиатор стальной панельный боковое подключение Compact | AF93: 11778.8 | AG93: 9424 | AH93: RRS-2010-116130 | AI93: RRS-2020-116130 | AJ93: 12951.72 | AK93: 15840.67 | AL93: 10361 | AM93: 12672
C94: 1400 | D94: 2132.5545 | E94: 26.18 | F94: 26.53 | G94: 4.48 | H94: 13905.21 | I94: 16815.77 | J94: =H94-H94*$E$3 -> 13905.21 | K94: =I94-I94*$E$3 -> 16815.77 | M94: 11125 | N94: 13453 | AD94: RRS-2010-106140 | AE94: RRS-2010-106140 ROMMER 10/600/1400 радиатор стальной панельный боковое подключение Compact | AF94: 12646.68 | AG94: 10118 | AH94: RRS-2010-116140 | AI94: RRS-2020-116140 | AJ94: 13905.21 | AK94: 16815.77 | AL94: 11125 | AM94: 13453
C95: 1500 | D95: 2284.1811 | E95: 28.05 | F95: 28.4 | G95: 4.8 | H95: 14733.62 | I95: 17583.02 | J95: =H95-H95*$E$3 -> 14733.62 | K95: =I95-I95*$E$3 -> 17583.02 | M95: 11787 | N95: 14067 | AD95: RRS-2010-106150 | AE95: RRS-2010-106150 ROMMER 10/600/1500 радиатор стальной панельный боковое подключение Compact | AF95: 13399.4 | AG95: 10719 | AH95: RRS-2010-116150 | AI95: RRS-2020-116150 | AJ95: 14733.62 | AK95: 17583.02 | AL95: 11787 | AM95: 14067
C96: 1600 | D96: 2437.7641 | E96: 29.92 | F96: 30.27 | G96: 5.12 | H96: 15861.58 | I96: 18797.07 | J96: =H96-H96*$E$3 -> 15861.58 | K96: =I96-I96*$E$3 -> 18797.07 | M96: 12689 | N96: 15038 | AD96: RRS-2010-106160 | AE96: RRS-2010-106160 ROMMER 10/600/1600 радиатор стальной панельный боковое подключение Compact | AF96: 14425.31 | AG96: 11540 | AH96: RRS-2010-116160 | AI96: RRS-2020-116160 | AJ96: 15861.58 | AK96: 18797.07 | AL96: 12689 | AM96: 15038
... C108: 3000 | D108: 4570.3186 | E108: 56.1 | F108: 56.45 | G108: 9.6 | H108: 28128.6 | I108: 31844.66 | J108: =H108-H108*$E$3 -> 28128.6 | K108: =I108-I108*$E$3 -> 31844.66 | M108: 22504 | N108: 25476 | AD108: RRS-2010-106300 | AE108: RRS-2010-106300 ROMMER 10/600/3000 радиатор стальной панельный боковое подключение Compact | AF108: 25290.67 | AG108: 20232 | AH108: RRS-2010-116300 | AI108: RRS-2020-116300 | AJ108: 28128.6 | AK108: 31844.66 | AL108: 22504 | AM108: 25476
A109: 21 тип 21 тип - 2 панели, 1 конвектор Монтажная глубина - 76 мм Артикул 11/500/1000 RRS-2010-215100 20 - производство Россия 10 - боковое подключение 21 - тип прибора 5 - высота (500 мм) 100 - длина (1000 мм)*Крепления для настенного и напольного монтажа для радиаторов высотой 200 не входят в комплект) | B109: 200* | C109: 600 | D109: 453.50077 | E109: 6.39 | F109: 6.95 | G109: 1.5 | H109: 6218.48 | I109: 9543 | J109: =H109-H109*$E$3 -> 6218.48 | K109: =I109-I109*$E$3 -> 9543 | M109: 4975 | N109: 7635 | AD109: RRS-2110-103040 | AE109: RRS-2110-103040 ROMMER 10/300/400 радиатор стальной панельный боковое подключение Compact Hygiene | AF109: 3503.85 | AG109: 2802 | AH109: RRS-2010-212060 | AI109: RRS-2020-212060 | AJ109: 6218.48 | AK109: 9543 | AL109: 4975 | AM109: 7635
C110: 700 | D110: 521.83872 | E110: 7.45 | F110: 8.11 | G110: 1.75 | H110: 6882.73 | I110: 10156.73 | J110: =H110-H110*$E$3 -> 6882.73 | K110: =I110-I110*$E$3 -> 10156.73 | M110: 5505 | N110: 8125 | AD110: RRS-2110-103050 | AE110: RRS-2110-103050 ROMMER 10/300/500 радиатор стальной панельный боковое подключение Compact Hygiene | AF110: 3987.89 | AG110: 3190 | AH110: RRS-2010-212070 | AI110: RRS-2020-212070 | AJ110: 6882.73 | AK110: 10156.73 | AL110: 5505 | AM110: 8125
C111: 800 | D111: 590.27292 | E111: 8.5 | F111: 9.26 | G111: 2 | H111: 7647.6 | I111: 10841.52 | J111: =H111-H111*$E$3 -> 7647.6 | K111: =I111-I111*$E$3 -> 10841.52 | M111: 6118 | N111: 8674 | AD111: RRS-2110-103060 | AE111: RRS-2110-103060 ROMMER 10/300/600 радиатор стальной панельный боковое подключение Compact Hygiene | AF111: 4519.03 | AG111: 3615 | AH111: RRS-2010-212080 | AI111: RRS-2020-212080 | AJ111: 7647.6 | AK111: 10841.52 | AL111: 6118 | AM111: 8674
C112: 900 | D112: 659.08283 | E112: 9.56 | F112: 10.42 | G112: 2.25 | H112: 8348.63 | I112: 11518.77 | J112: =H112-H112*$E$3 -> 8348.63 | K112: =I112-I112*$E$3 -> 11518.77 | M112: 6679 | N112: 9216 | AD112: RRS-2110-103070 | AE112: RRS-2110-103070 ROMMER 10/300/700 радиатор стальной панельный боковое подключение Compact Hygiene | AF112: 5020.21 | AG112: 4016 | AH112: RRS-2010-212090 | AI112: RRS-2020-212090 | AJ112: 8348.63 | AK112: 11518.77 | AL112: 6679 | AM112: 9216
C113: 1000 | D113: 727.60397 | E113: 10.35 | F113: 11.58 | G113: 2.5 | H113: 9147.05 | I113: 12267.11 | J113: =H113-H113*$E$3 -> 9147.05 | K113: =I113-I113*$E$3 -> 12267.11 | M113: 7317 | N113: 9814 | AD113: RRS-2110-103080 | AE113: RRS-2110-103080 ROMMER 10/300/800 радиатор стальной панельный боковое подключение Compact Hygiene | AF113: 5551.35 | AG113: 4442 | AH113: RRS-2010-212100 | AI113: RRS-2020-212100 | AJ113: 9147.05 | AK113: 12267.11 | AL113: 7317 | AM113: 9814
C114: 1100 | D114: 797.2398 | E114: 11.66 | F114: 12.74 | G114: 2.75 | H114: 9842.67 | I114: 12914.2 | J114: =H114-H114*$E$3 -> 9842.67 | K114: =I114-I114*$E$3 -> 12914.2 | M114: 7874 | N114: 10331 | AD114: RRS-2110-103090 | AE114: RRS-2110-103090 ROMMER 10/300/900 радиатор стальной панельный боковое подключение Compact Hygiene | AF114: 5992.55 | AG114: 4794 | AH114: RRS-2010-212110 | AI114: RRS-2020-212110 | AJ114: 9842.67 | AK114: 12914.2 | AL114: 7874 | AM114: 10331
C115: 1200 | D115: 866.0259 | E115: 12.72 | F115: 13.9 | G115: 3 | H115: 10543.7 | I115: 13592.54 | J115: =H115-H115*$E$3 -> 10543.7 | K115: =I115-I115*$E$3 -> 13592.54 | M115: 8436 | N115: 10874 | AD115: RRS-2110-103100 | AE115: RRS-2110-103100 ROMMER 10/300/1000 радиатор стальной панельный боковое подключение Compact Hygiene | AF115: 6441.26 | AG115: 5153 | AH115: RRS-2010-212120 | AI115: RRS-2020-212120 | AJ115: 10543.7 | AK115: 13592.54 | AL115: 8436 | AM115: 10874
C116: 1300 | D116: 933.65487 | E116: 13.78 | F116: 15.05 | G116: 3.25 | H116: 11239.34 | I116: 14276.26 | J116: =H116-H116*$E$3 -> 11239.34 | K116: =I116-I116*$E$3 -> 14276.26 | M116: 8992 | N116: 11421 | AD116: RRS-2110-103110 | AE116: RRS-2110-103110 ROMMER 10/300/1100 радиатор стальной панельный боковое подключение Compact Hygiene | AF116: 6960.6 | AG116: 5568 | AH116: RRS-2010-212130 | AI116: RRS-2020-212130 | AJ116: 11239.34 | AK116: 14276.26 | AL116: 8992 | AM116: 11421
C117: 1400 | D117: 1002.8312 | E117: 14.83 | F117: 16.21 | G117: 3.5 | H117: 12037.75 | I117: 15053.65 | J117: =H117-H117*$E$3 -> 12037.75 | K117: =I117-I117*$E$3 -> 15053.65 | M117: 9631 | N117: 12044 | AD117: RRS-2110-103120 | AE117: RRS-2110-103120 ROMMER 10/300/1200 радиатор стальной панельный боковое подключение Compact Hygiene | AF117: 7484.26 | AG117: 5987 | AH117: RRS-2010-212140 | AI117: RRS-2020-212140 | AJ117: 12037.75 | AK117: 15053.65 | AL117: 9631 | AM117: 12044
C118: 1500 | D118: 1071.639 | E118: 15.89 | F118: 17.37 | G118: 3.75 | H118: 12702.01 | I118: 15668.47 | J118: =H118-H118*$E$3 -> 12702.01 | K118: =I118-I118*$E$3 -> 15668.47 | M118: 10162 | N118: 12535 | AD118: RRS-2110-103130 | AE118: RRS-2110-103130 ROMMER 10/300/1300 радиатор стальной панельный боковое подключение Compact Hygiene | AF118: 7924.38 | AG118: 6339 | AH118: RRS-2010-212150 | AI118: RRS-2020-212150 | AJ118: 12702.01 | AK118: 15668.47 | AL118: 10162 | AM118: 12535
C119: 1600 | D119: 1140.0784 | E119: 16.94 | F119: 18.53 | G119: 4 | H119: 13663.76 | I119: 16633.22 | J119: =H119-H119*$E$3 -> 13663.76 | K119: =I119-I119*$E$3 -> 16633.22 | M119: 10931 | N119: 13307 | AD119: RRS-2110-103140 | AE119: RRS-2110-103140 ROMMER 10/300/1400 радиатор стальной панельный боковое подключение Compact Hygiene | AF119: 8400.92 | AG119: 6721 | AH119: RRS-2010-212160 | AI119: RRS-2020-212160 | AJ119: 13663.76 | AK119: 16633.22 | AL119: 10931 | AM119: 13307
C120: 1700 | D120: 1208.1493 | E120: 18 | F120: 19.69 | G120: 4.25 | H120: 14545.47 | I120: 17426.77 | J120: =H120-H120*$E$3 -> 14545.47 | K120: =I120-I120*$E$3 -> 17426.77 | M120: 11636 | N120: 13941 | AD120: RRS-2110-103150 | AE120: RRS-2110-103150 ROMMER 10/300/1500 радиатор стальной панельный боковое подключение Compact Hygiene | AF120: 8837.9 | AG120: 7071 | AH120: RRS-2010-212170 | AI120: RRS-2020-212170 | AJ120: 14545.47 | AK120: 17426.77 | AL120: 11636 | AM120: 13941
C121: 1800 | D121: 1277.5108 | E121: 19.05 | F121: 20.84 | G121: 4.5 | H121: 15325.47 | I121: 18518.56 | J121: =H121-H121*$E$3 -> 15325.47 | K121: =I121-I121*$E$3 -> 18518.56 | M121: 12261 | N121: 14816 | AD121: RRS-2110-103160 | AE121: RRS-2110-103160 ROMMER 10/300/1600 радиатор стальной панельный боковое подключение Compact Hygiene | AF121: 9499.78 | AG121: 7600 | AH121: RRS-2010-212180 | AI121: RRS-2020-212180 | AJ121: 15325.47 | AK121: 18518.56 | AL121: 12261 | AM121: 14816
... C131: 3000 | D131: 2126.6849 | E131: 31.71 | F131: 34.74 | G131: 7.5 | H131: 26033.64 | I131: 28911.09 | J131: =H131-H131*$E$3 -> 26033.64 | K131: =I131-I131*$E$3 -> 28911.09 | M131: 20827 | N131: 23129 | AD131: RRS-2110-103260 | AE131: RRS-2110-103260 ROMMER 10/300/2600 радиатор стальной панельный боковое подключение Compact Hygiene | AF131: 15417.41 | AG131: 12334 | AH131: RRS-2010-212300 | AI131: RRS-2020-212300 | AJ131: 26033.64 | AK131: 28911.09 | AL131: 20827 | AM131: 23129
B132: 300 | C132: 400 | D132: 549 | E132: 6.22 | F132: 6.5 | G132: 1.5 | H132: 5189.37 | I132: 7747.62 | J132: =H132-H132*$E$3 -> 5189.37 | K132: =I132-I132*$E$3 -> 7747.62 | M132: 4151 | N132: 6198 | AD132: RRS-2110-103280 | AE132: RRS-2110-103280 ROMMER 10/300/2800 радиатор стальной панельный боковое подключение Compact Hygiene | AF132: 16834.89 | AG132: 13468 | AH132: RRS-2010-213040 | AI132: RRS-2020-213040 | AJ132: 5189.37 | AK132: 7747.62 | AL132: 4151 | AM132: 6198
C133: 500 | D133: 648 | E133: 7.55 | F133: 7.84 | G133: 1.88 | H133: 5852.86 | I133: 8181.6 | J133: =H133-H133*$E$3 -> 5852.86 | K133: =I133-I133*$E$3 -> 8181.6 | M133: 4682 | N133: 6545 | AD133: RRS-2110-103300 | AE133: RRS-2110-103300 ROMMER 10/300/3000 радиатор стальной панельный боковое подключение Compact Hygiene | AF133: 17602.01 | AG133: 14082 | AH133: RRS-2010-213050 | AI133: RRS-2020-213050 | AJ133: 5852.86 | AK133: 8181.6 | AL133: 4682 | AM133: 6545
C134: 600 | D134: 747 | E134: 8.89 | F134: 9.17 | G134: 2.26 | H134: 6535.96 | I134: 9017.01 | J134: =H134-H134*$E$3 -> 6535.96 | K134: =I134-I134*$E$3 -> 9017.01 | M134: 5229 | N134: 7214 | AD134: RRS-2110-104040 | AE134: RRS-2110-104040 ROMMER 10/400/400 радиатор стальной панельный боковое подключение Compact Hygiene | AF134: 3777.33 | AG134: 3022 | AH134: RRS-2010-213060 | AI134: RRS-2020-213060 | AJ134: 6535.96 | AK134: 9017.01 | AL134: 5229 | AM134: 7214
C135: 700 | D135: 846 | E135: 10.22 | F135: 10.5 | G135: 2.64 | H135: 7337.16 | I135: 9631.38 | J135: =H135-H135*$E$3 -> 7337.16 | K135: =I135-I135*$E$3 -> 9631.38 | M135: 5870 | N135: 7705 | AD135: RRS-2110-104050 | AE135: RRS-2110-104050 ROMMER 10/400/500 радиатор стальной панельный боковое подключение Compact Hygiene | AF135: 4324.78 | AG135: 3460 | AH135: RRS-2010-213070 | AI135: RRS-2020-213070 | AJ135: 7337.16 | AK135: 9631.38 | AL135: 5870 | AM135: 7705
C136: 800 | D136: 945 | E136: 11.55 | F136: 11.84 | G136: 3.02 | H136: 7957.13 | I136: 10461.44 | J136: =H136-H136*$E$3 -> 7957.13 | K136: =I136-I136*$E$3 -> 10461.44 | M136: 6365 | N136: 8369 | AD136: RRS-2110-104060 | AE136: RRS-2110-104060 ROMMER 10/400/600 радиатор стальной панельный боковое подключение Compact Hygiene | AF136: 4875.29 | AG136: 3900 | AH136: RRS-2010-213080 | AI136: RRS-2020-213080 | AJ136: 7957.13 | AK136: 10461.44 | AL136: 6365 | AM136: 8369
C137: 900 | D137: 1043 | E137: 12.89 | F137: 13.17 | G137: 3.4 | H137: 8892.39 | I137: 11224.46 | J137: =H137-H137*$E$3 -> 8892.39 | K137: =I137-I137*$E$3 -> 11224.46 | M137: 7114 | N137: 8980 | AD137: RRS-2110-104070 | AE137: RRS-2110-104070 ROMMER 10/400/700 радиатор стальной панельный боковое подключение Compact Hygiene | AF137: 5422.76 | AG137: 4338 | AH137: RRS-2010-213090 | AI137: RRS-2020-213090 | AJ137: 8892.39 | AK137: 11224.46 | AL137: 7114 | AM137: 8980
C138: 1000 | D138: 1142 | E138: 14.28 | F138: 14.56 | G138: 3.78 | H138: 9520.49 | I138: 12067.54 | J138: =H138-H138*$E$3 -> 9520.49 | K138: =I138-I138*$E$3 -> 12067.54 | M138: 7617 | N138: 9653 | AD138: RRS-2110-104080 | AE138: RRS-2110-104080 ROMMER 10/400/800 радиатор стальной панельный боковое подключение Compact Hygiene | AF138: 6007.79 | AG138: 4807 | AH138: RRS-2010-213100 | AI138: RRS-2020-213100 | AJ138: 9520.49 | AK138: 12067.54 | AL138: 7617 | AM138: 9653
C139: 1100 | D139: 1241 | E139: 15.61 | F139: 15.89 | G139: 4.16 | H139: 10825.75 | I139: 13521.17 | J139: =H139-H139*$E$3 -> 10825.75 | K139: =I139-I139*$E$3 -> 13521.17 | M139: 8660 | N139: 10817 | AD139: RRS-2110-104090 | AE139: RRS-2110-104090 ROMMER 10/400/900 радиатор стальной панельный боковое подключение Compact Hygiene | AF139: 6431.09 | AG139: 5145 | AH139: RRS-2010-213110 | AI139: RRS-2020-213110 | AJ139: 10825.75 | AK139: 13521.17 | AL139: 8660 | AM139: 10817
C140: 1200 | D140: 1340 | E140: 16.94 | F140: 17.22 | G140: 4.54 | H140: 11310.68 | I140: 13944.82 | J140: =H140-H140*$E$3 -> 11310.68 | K140: =I140-I140*$E$3 -> 13944.82 | M140: 9048 | N140: 11156 | AD140: RRS-2110-104100 | AE140: RRS-2110-104100 ROMMER 10/400/1000 радиатор стальной панельный боковое подключение Compact Hygiene | AF140: 6966.45 | AG140: 5573 | AH140: RRS-2010-213120 | AI140: RRS-2020-213120 | AJ140: 11310.68 | AK140: 13944.82 | AL140: 9048 | AM140: 11156
C141: 1300 | D141: 1439 | E141: 18.28 | F141: 18.56 | G141: 4.92 | H141: 12412 | I141: 15049.68 | J141: =H141-H141*$E$3 -> 12412 | K141: =I141-I141*$E$3 -> 15049.68 | M141: 9930 | N141: 12039 | AD141: RRS-2110-104110 | AE141: RRS-2110-104110 ROMMER 10/400/1100 радиатор стальной панельный боковое подключение Compact Hygiene | AF141: 7500.44 | AG141: 6000 | AH141: RRS-2010-213130 | AI141: RRS-2020-213130 | AJ141: 12412 | AK141: 15049.68 | AL141: 9930 | AM141: 12039
C142: 1400 | D142: 1537 | E142: 19.61 | F142: 19.89 | G142: 5.3 | H142: 12987.57 | I142: 15540.47 | J142: =H142-H142*$E$3 -> 12987.57 | K142: =I142-I142*$E$3 -> 15540.47 | M142: 10390 | N142: 12431 | AD142: RRS-2110-104120 | AE142: RRS-2110-104120 ROMMER 10/400/1200 радиатор стальной панельный боковое подключение Compact Hygiene | AF142: 8070.87 | AG142: 6458 | AH142: RRS-2010-213140 | AI142: RRS-2020-213140 | AJ142: 12987.57 | AK142: 15540.47 | AL142: 10390 | AM142: 12431
C143: 1500 | D143: 1636 | E143: 21 | F143: 21.28 | G143: 5.68 | H143: 14027.2 | I143: 16662.85 | J143: =H143-H143*$E$3 -> 14027.2 | K143: =I143-I143*$E$3 -> 16662.85 | M143: 11222 | N143: 13331 | AD143: RRS-2110-104130 | AE143: RRS-2110-104130 ROMMER 10/400/1300 радиатор стальной панельный боковое подключение Compact Hygiene | AF143: 8528.99 | AG143: 6823 | AH143: RRS-2010-213150 | AI143: RRS-2020-213150 | AJ143: 14027.2 | AK143: 16662.85 | AL143: 11222 | AM143: 13331
C144: 1600 | D144: 1735 | E144: 22.33 | F144: 22.61 | G144: 6.06 | H144: 15081.86 | I144: 17366.05 | J144: =H144-H144*$E$3 -> 15081.86 | K144: =I144-I144*$E$3 -> 17366.05 | M144: 12066 | N144: 13893 | AD144: RRS-2110-104140 | AE144: RRS-2110-104140 ROMMER 10/400/1400 радиатор стальной панельный боковое подключение Compact Hygiene | AF144: 9100.41 | AG144: 7281 | AH144: RRS-2010-213160 | AI144: RRS-2020-213160 | AJ144: 15081.86 | AK144: 17366.05 | AL144: 12066 | AM144: 13893
... C156: 3000 | D156: 3307 | E156: 41.12 | F156: 41.41 | G156: 11.38 | H156: 30481.12 | I156: 33748.46 | J156: =H156-H156*$E$3 -> 30481.12 | K156: =I156-I156*$E$3 -> 33748.46 | M156: 24384 | N156: 26999 | AD156: RRS-2110-104260 | AE156: RRS-2110-104260 ROMMER 10/400/2600 радиатор стальной панельный боковое подключение Compact Hygiene | AF156: 17036 | AG156: 13629 | AH156: RRS-2010-213300 | AI156: RRS-2020-213300 | AJ156: 30481.12 | AK156: 33748.46 | AL156: 24384 | AM156: 26999
B157: 400 | C157: 400 | D157: 606.51 | E157: 7.52 | F157: 7.825 | G157: 1.8 | H157: 5697.84 | I157: 8485.88 | J157: =H157-H157*$E$3 -> 5697.84 | K157: =I157-I157*$E$3 -> 8485.88 | M157: 4558 | N157: 6789 | AD157: RRS-2110-104280 | AE157: RRS-2110-104280 ROMMER 10/400/2800 радиатор стальной панельный боковое подключение Compact Hygiene | AF157: 18350.49 | AG157: 14681 | AH157: RRS-2010-214040 | AI157: RRS-2020-214040 | AJ157: 5697.84 | AK157: 8485.88 | AL157: 4558 | AM157: 6789
C158: 500 | D158: 757.62 | E158: 9.4 | F158: 9.705 | G158: 2.25 | H158: 6537.58 | I158: 9353.28 | J158: =H158-H158*$E$3 -> 6537.58 | K158: =I158-I158*$E$3 -> 9353.28 | M158: 5231 | N158: 7482 | AD158: RRS-2110-104300 | AE158: RRS-2110-104300 ROMMER 10/400/3000 радиатор стальной панельный боковое подключение Compact Hygiene | AF158: 19391 | AG158: 15513 | AH158: RRS-2010-214050 | AI158: RRS-2020-214050 | AJ158: 6537.58 | AK158: 9353.28 | AL158: 5231 | AM158: 7482
C159: 600 | D159: 909.765 | E159: 11.28 | F159: 11.585 | G159: 2.7 | H159: 7473.85 | I159: 10294.33 | J159: =H159-H159*$E$3 -> 7473.85 | K159: =I159-I159*$E$3 -> 10294.33 | M159: 5979 | N159: 8235 | AD159: RRS-2110-105040 | AE159: RRS-2110-105040 ROMMER 10/500/400 радиатор стальной панельный боковое подключение Compact Hygiene | AF159: 4044.57 | AG159: 3236 | AH159: RRS-2010-214060 | AI159: RRS-2020-214060 | AJ159: 7473.85 | AK159: 10294.33 | AL159: 5979 | AM159: 8235
C160: 700 | D160: 1060.875 | E160: 13.16 | F160: 13.465 | G160: 3.15 | H160: 8324.56 | I160: 11160.72 | J160: =H160-H160*$E$3 -> 8324.56 | K160: =I160-I160*$E$3 -> 11160.72 | M160: 6659 | N160: 8928 | AD160: RRS-2110-105050 | AE160: RRS-2110-105050 ROMMER 10/500/500 радиатор стальной панельный боковое подключение Compact Hygiene | AF160: 4689.43 | AG160: 3752 | AH160: RRS-2010-214070 | AI160: RRS-2020-214070 | AJ160: 8324.56 | AK160: 11160.72 | AL160: 6659 | AM160: 8928
C161: 800 | D161: 1213.02 | E161: 15.04 | F161: 15.345 | G161: 3.6 | H161: 9199.09 | I161: 12063.91 | J161: =H161-H161*$E$3 -> 9199.09 | K161: =I161-I161*$E$3 -> 12063.91 | M161: 7359 | N161: 9652 | AD161: RRS-2110-105060 | AE161: RRS-2110-105060 ROMMER 10/500/600 радиатор стальной панельный боковое подключение Compact Hygiene | AF161: 5403.75 | AG161: 4323 | AH161: RRS-2010-214080 | AI161: RRS-2020-214080 | AJ161: 9199.09 | AK161: 12063.91 | AL161: 7359 | AM161: 9652
C162: 900 | D162: 1364.13 | E162: 16.92 | F162: 17.225 | G162: 4.05 | H162: 10077.73 | I162: 13004.97 | J162: =H162-H162*$E$3 -> 10077.73 | K162: =I162-I162*$E$3 -> 13004.97 | M162: 8062 | N162: 10403 | AD162: RRS-2110-105070 | AE162: RRS-2110-105070 ROMMER 10/500/700 радиатор стальной панельный боковое подключение Compact Hygiene | AF162: 5900.94 | AG162: 4720 | AH162: RRS-2010-214090 | AI162: RRS-2020-214090 | AJ162: 10077.73 | AK162: 13004.97 | AL162: 8062 | AM162: 10403
C163: 1000 | D163: 1516.275 | E163: 18.8 | F163: 18.8 | G163: 4.5 | H163: 10931.79 | I163: 14011.5 | J163: =H163-H163*$E$3 -> 10931.79 | K163: =I163-I163*$E$3 -> 14011.5 | M163: 8745 | N163: 11210 | AD163: RRS-2110-105080 | AE163: RRS-2110-105080 ROMMER 10/500/800 радиатор стальной панельный боковое подключение Compact Hygiene | AF163: 6474.16 | AG163: 5180 | AH163: RRS-2010-214100 | AI163: RRS-2020-214100 | AJ163: 10931.79 | AK163: 14011.5 | AL163: 8745 | AM163: 11210
C164: 1100 | D164: 1667.385 | E164: 20.68 | F164: 20.985 | G164: 4.95 | H164: 12074.99 | I164: 15157.67 | J164: =H164-H164*$E$3 -> 12074.99 | K164: =I164-I164*$E$3 -> 15157.67 | M164: 9660 | N164: 12128 | AD164: RRS-2110-105090 | AE164: RRS-2110-105090 ROMMER 10/500/900 радиатор стальной панельный боковое подключение Compact Hygiene | AF164: 7067.24 | AG164: 5654 | AH164: RRS-2010-214110 | AI164: RRS-2020-214110 | AJ164: 12074.99 | AK164: 15157.67 | AL164: 9660 | AM164: 12128
C165: 1200 | D165: 1819.53 | E165: 22.56 | F165: 22.865 | G165: 5.4 | H165: 12895.82 | I165: 16046.48 | J165: =H165-H165*$E$3 -> 12895.82 | K165: =I165-I165*$E$3 -> 16046.48 | M165: 10316 | N165: 12837 | AD165: RRS-2110-105100 | AE165: RRS-2110-105100 ROMMER 10/500/1000 радиатор стальной панельный боковое подключение Compact Hygiene | AF165: 7712.1 | AG165: 6170 | AH165: RRS-2010-214120 | AI165: RRS-2020-214120 | AJ165: 12895.82 | AK165: 16046.48 | AL165: 10316 | AM165: 12837
C166: 1300 | D166: 1971.675 | E166: 24.44 | F166: 24.745 | G166: 5.85 | H166: 13818.61 | I166: 16970.79 | J166: =H166-H166*$E$3 -> 13818.61 | K166: =I166-I166*$E$3 -> 16970.79 | M166: 11055 | N166: 13577 | AD166: RRS-2110-105110 | AE166: RRS-2110-105110 ROMMER 10/500/1100 радиатор стальной панельный боковое подключение Compact Hygiene | AF166: 8308.48 | AG166: 6648 | AH166: RRS-2010-214130 | AI166: RRS-2020-214130 | AJ166: 13818.61 | AK166: 16970.79 | AL166: 11055 | AM166: 13577
C167: 1400 | D167: 2122.785 | E167: 26.32 | F167: 26.625 | G167: 6.3 | H167: 14843.34 | I167: 18035.06 | J167: =H167-H167*$E$3 -> 14843.34 | K167: =I167-I167*$E$3 -> 18035.06 | M167: 11874 | N167: 14428 | AD167: RRS-2110-105120 | AE167: RRS-2110-105120 ROMMER 10/500/1200 радиатор стальной панельный боковое подключение Compact Hygiene | AF167: 8900.45 | AG167: 7120 | AH167: RRS-2010-214140 | AI167: RRS-2020-214140 | AJ167: 14843.34 | AK167: 18035.06 | AL167: 11874 | AM167: 14428
C168: 1500 | D168: 2274.93 | E168: 28.2 | F168: 28.505 | G168: 6.75 | H168: 15734.7 | I168: 18960.42 | J168: =H168-H168*$E$3 -> 15734.7 | K168: =I168-I168*$E$3 -> 18960.42 | M168: 12587 | N168: 15167 | AD168: RRS-2110-105130 | AE168: RRS-2110-105130 ROMMER 10/500/1300 радиатор стальной панельный боковое подключение Compact Hygiene | AF168: 9496.82 | AG168: 7598 | AH168: RRS-2010-214150 | AI168: RRS-2020-214150 | AJ168: 15734.7 | AK168: 18960.42 | AL168: 12587 | AM168: 15167
...

Sheet Rommer бойлеры
A1: Бойлеры косвенного нагрева и комбинированного
I2: Скидка % | J2: 0
C5: Водонагреватель комбинированного нагрева.
A6: Внешний вид | B6: Код | C6: Модель | D6: Объем, л | E6: Высота | F6: Диаметр | G6: Мощность ТО (кВт) | H6: Цена с НДС, РУБ | I6: Цена с НДС, с учетом скидки РУБ | K6: РИЦ
B7: RWH-1110-050100 | C7: RWH-1110-050100 Rommer бойлер комбинированного нагрева напольный 100 л, 18.5 кВт, ТЭН 3 кВт | D7: 100 | E7: 870 | F7: 496 | G7: 18.5 | H7: 78542.504 | I7: =H7-H7*$J$2 -> 78542.504 | K7: 58907
B8: RWH-1110-050150 | C8: RWH-1110-050150 Rommer бойлер комбинированного нагрева напольный 150 л, 24 кВт, ТЭН 3 кВт | D8: 150 | E8: 1200 | F8: 496 | G8: 24 | H8: 86022.743 | I8: =H8-H8*$J$2 -> 86022.743 | K8: 64517
B9: RWH-1110-050190 | C9: RWH-1110-050190 Rommer бойлер комбинированного нагрева напольный 190 л, 24 кВт, ТЭН 3 кВт | D9: 190 | E9: 1410 | F9: 496 | G9: 24 | H9: 93098.644 | I9: =H9-H9*$J$2 -> 93098.644 | K9: 69824
B10: RWH-1210-050080 | C10: RWH-1210-050080 Rommer бойлер комбинированного нагрева настенный 80 л, 18.5 кВт, ТЭН 2,4 кВт | D10: 80 | E10: 691 | F10: 496 | G10: 18.5 | H10: 63986.365 | I10: =H10-H10*$J$2 -> 63986.365 | K10: 47990
B11: RWH-1210-050100 | C11: RWH-1210-050100 Rommer бойлер комбинированного нагрева настенный 100 , 18.5 кВт, ТЭН 2,4 кВт | D11: 100 | E11: 851 | F11: 496 | G11: 18.5 | H11: 69141.664 | I11: =H11-H11*$J$2 -> 69141.664 | K11: 51856
B12: RWH-1210-050150 | C12: RWH-1210-050150 Rommer бойлер комбинированного нагрева настенный 150 л, 18.5 кВт, ТЭН 2,4 кВт | D12: 150 | E12: 1181 | F12: 496 | G12: 18.5 | H12: 76116.481 | I12: =H12-H12*$J$2 -> 76116.481 | K12: 57087
B13: RWH-1210-050190 | C13: RWH-1210-050190 Rommer бойлер комбинированного нагрева настенный 190 , 18.5 кВт, ТЭН 2,4 кВт | D13: 190 | E13: 1391 | F13: 496 | G13: 18.5 | H13: 83091.298 | I13: =H13-H13*$J$2 -> 83091.298 | K13: 62318
C15: Водонагреватель косвенного нагрева.
A16: Внешний вид | B16: Код | C16: Модель | D16: Объем, л | E16: Высота | F16: Диаметр | G16: Мощность ТО (кВт) | H16: Цена с НДС, РУБ | I16: Цена с НДС, с учетом скидки РУБ | K16: РИЦ
B17: RWH-1110-000100 | C17: RWH-1110-000100 ROMMER бойлер косвенного нагрева напольный 100 л, 24 кВт, с возм. уст. ТЭН | D17: 100 | E17: 870 | F17: 496 | G17: 18.5 | H17: 67673.282 | I17: =H17-H17*$J$2 -> 67673.282 | K17: 50755
B18: RWH-1110-000150 | C18: RWH-1110-000150 ROMMER бойлер косвенного нагрева напольный 150 л, 24 кВт, с возм. уст. ТЭН | D18: 150 | E18: 1200 | F18: 496 | G18: 24 | H18: 75972.835 | I18: =H18-H18*$J$2 -> 75972.835 | K18: 56980
B19: RWH-1110-000190 | C19: RWH-1110-000190 ROMMER бойлер косвенного нагрева напольный 190 л, 24 кВт, с возм. уст. ТЭН | D19: 190 | E19: 1410 | F19: 496 | G19: 24 | H19: 79164.971 | I19: =H19-H19*$J$2 -> 79164.971 | K19: 59374
B20: RWH-1210-000080 | C20: RWH-1210-000080 ROMMER бойлер косвенного нагрева настенный 80 л, 18.5 кВт, с возм. уст. ТЭН | D20: 80 | E20: 691 | F20: 496 | G20: 18.5 | H20: 51819.006 | I20: =H20-H20*$J$2 -> 51819.006 | K20: 38864
B21: RWH-1210-000100 | C21: RWH-1210-000100 ROMMER бойлер косвенного нагрева настенный 100 л, 18.5 кВт, с возм. уст. ТЭН | D21: 100 | E21: 851 | F21: 496 | G21: 18.5 | H21: 57458.447 | I21: =H21-H21*$J$2 -> 57458.447 | K21: 43094
B22: RWH-1210-000150 | C22: RWH-1210-000150 ROMMER бойлер косвенного нагрева настенный 150 л, 18.5 кВт, с возм. уст. ТЭН | D22: 150 | E22: 1181 | F22: 496 | G22: 18.5 | H22: 65225.977 | I22: =H22-H22*$J$2 -> 65225.977 | K22: 48919
B23: RWH-1210-000190 | C23: RWH-1210-000190 ROMMER бойлер косвенного нагрева настенный 190 л, 18.5 кВт, с возм. уст. ТЭН | D23: 190 | E23: 1391 | F23: 496 | G23: 18.5 | H23: 72142.272 | I23: =H23-H23*$J$2 -> 72142.272 | K23: 54107
C27: Водонагреватель косвенного нагрева ROMMER GT (Китай)
A28: Внешний вид | B28: Код | C28: Модель | D28: Объем, л | E28: Высота | F28: Диаметр | G28: Мощность ТО (кВт) | H28: Цена с НДС, РУБ | I28: Цена с НДС, с учетом скидки РУБ | K28: РИЦ
B29: RWH-2110-000150 | C29: RWH-2110-000150 ROMMER GT бойлер косвенного нагрева напольный 150 л, 35 кВт, без возм. уст. ТЭН | D29: 150 | E29: 1247 | F29: 520 | G29: 35 | H29: 60353.177 | I29: =H29-H29*$B$3/100 -> 60353.177 | K29: 45265
B30: RWH-2110-000200 | C30: RWH-2110-000200 ROMMER GT бойлер косвенного нагрева напольный 200 л, 38 кВт, без возм. уст. ТЭН | D30: 200 | E30: 1238 | F30: 580 | G30: 38 | H30: 67461.543 | I30: =H30-H30*$B$3/100 -> 67461.543 | K30: 50596
B31: RWH-2110-000300 | C31: RWH-2110-000300 ROMMER GT бойлер косвенного нагрева напольный 300 л, 49 кВт, без возм. уст. ТЭН | D31: 300 | E31: 1461 | F31: 650 | G31: 49 | H31: 104149.89 | I31: =H31-H31*$B$3/100 -> 104149.89 | K31: 78112
B32: RWH-2110-000500 | C32: RWH-2110-000500 ROMMER GT бойлер косвенного нагрева напольный 500 л, 60 кВт, без возм. уст. ТЭН | D32: 500 | E32: 1875 | F32: 710 | G32: 60 | H32: 149437.06 | I32: =H32-H32*$B$3/100 -> 149437.06 | K32: 112078
C33: Запасные части
B34: 326941 | C34: 326941 ROMMER GT Термометр | H34: 2822.3727 | I34: =H34-H34*$B$3/100 -> 2822.3727 | K34: 2117
B35: 326942 | C35: 326942 ROMMER GT Магниевый анодный стержень 24/548 мм для 150 л | H35: 1519.7455 | I35: =H35-H35*$B$3/100 -> 1519.7455 | K35: 1140
B36: 326943 | C36: 326943 ROMMER GT Магниевый анодный стержень 24/708 мм для 200, 300 л | H36: 1736.8364 | I36: =H36-H36*$B$3/100 -> 1736.8364 | K36: 1303
B37: 326944 | C37: 326944 ROMMER GT Магниевый анодный стержень 24/1028 мм для 500 л | H37: 2865.7909 | I37: =H37-H37*$B$3/100 -> 2865.7909 | K37: 2149
B38: 326945 | C38: 326945 ROMMER GT Прокладка ревизионного фланца | H38: 260.53636 | I38: =H38-H38*$B$3/100 -> 260.53636 | K38: 195

Sheet Rommer Радиаторы стальные трубч
A1: Стальные панельные радиаторы отопления Rommer (РОССИЯ)
D3: Скидка % | E3: 0
A6: ТИП | D6: Габариты, мм | G6: Тепловая мощность при ΔT=70 | H6: Цена с НДС, руб. | J6: Цена с НДС, с учетом скидки, руб. | L6: РИЦ | AO6: бок | AP6: НИЗ | AQ6: РОЗНИЦА
B7: Артикул | C7: Модель | D7: Межцентр. Размер | E7: Глубина | F7: Длина | G7: Вт | H7: Боковое подключение | I7: Нижнее подключение Ventil | J7: Боковое подключение Compact | K7: Нижнее подключение Ventil | L7: Боковое подключение Compact | M7: Нижнее подключение Ventil | AJ7: Артикул | AK7: Наименование | AL7: Цена с НДС, руб | AM7: РИЦ | AO7: Артикул | AP7: Артикул | AQ7: цена бок | AR7: цена НИЗ
A8: 1 трубка | B8: RST-103008-xxx | C8: RST 1030/08 | D8: 300 | E8: 40 | F8: 328 | G8: 216 | H8: 6179 | I8: 13220 | J8: =H8-H8*$E$3 -> 6179 | K8: =I8-I8*$E$3 -> 13220 | L8: 5561 | M8: 11898 | AJ8: RST-110004-010 | AK8: RST-110004-010 ROMMER RST 1100/04 радиатор стальной 1 трубчатый боковое подключение RAL9016 | AL8: 8682.8966 | AM8: =VLOOKUP(AJ8,[2]Лист1!$A$1:$C$1596,3,0) -> 7815 | AO8: RST-103008-010 | AP8: RST-103008-020 | AQ8: 6179 | AR8: 13220
B9: RST-103009-xxx | C9: RST 1030/09 | D9: 300 | E9: 40 | F9: 369 | G9: 243 | H9: 6724 | I9: 13770 | J9: =H9-H9*$E$3 -> 6724 | K9: =I9-I9*$E$3 -> 13770 | L9: 6052 | M9: 12393 | AJ9: RST-110005-010 | AK9: RST-110005-010 ROMMER RST 1100/05 радиатор стальной 1 трубчатый боковое подключение RAL9016 | AL9: 9813.1034 | AM9: =VLOOKUP(AJ9,[2]Лист1!$A$1:$C$1596,3,0) -> 8832 | AO9: RST-103009-010 | AP9: RST-103009-020 | AQ9: 6724 | AR9: 13770
B10: RST-103010-xxx | C10: RST 1030/10 | D10: 300 | E10: 40 | F10: 410 | G10: 270 | H10: 7269 | I10: 14310 | J10: =H10-H10*$E$3 -> 7269 | K10: =I10-I10*$E$3 -> 14310 | L10: 6542 | M10: 12879 | AJ10: RST-110006-010 | AK10: RST-110006-010 ROMMER RST 1100/06 радиатор стальной 1 трубчатый боковое подключение RAL9016 | AL10: 10943.31 | AM10: =VLOOKUP(AJ10,[2]Лист1!$A$1:$C$1596,3,0) -> 9849 | AO10: RST-103010-010 | AP10: RST-103010-020 | AQ10: 7269 | AR10: 14310
B11: RST-103011-xxx | C11: RST 1030/11 | D11: 300 | E11: 40 | F11: 451 | G11: 297 | H11: 7814 | I11: 14860 | J11: =H11-H11*$E$3 -> 7814 | K11: =I11-I11*$E$3 -> 14860 | L11: 7033 | M11: 13374 | AJ11: RST-110007-010 | AK11: RST-110007-010 ROMMER RST 1100/07 радиатор стальной 1 трубчатый боковое подключение RAL9016 | AL11: 12073.517 | AM11: =VLOOKUP(AJ11,[2]Лист1!$A$1:$C$1596,3,0) -> 10866 | AO11: RST-103011-010 | AP11: RST-103011-020 | AQ11: 7814 | AR11: 14860
B12: RST-103012-xxx | C12: RST 1030/12 | D12: 300 | E12: 40 | F12: 492 | G12: 324 | H12: 8359 | I12: 15400 | J12: =H12-H12*$E$3 -> 8359 | K12: =I12-I12*$E$3 -> 15400 | L12: 7523 | M12: 13860 | AJ12: RST-110008-010 | AK12: RST-110008-010 ROMMER RST 1100/08 радиатор стальной 1 трубчатый боковое подключение RAL9016 | AL12: 13203.724 | AM12: =VLOOKUP(AJ12,[2]Лист1!$A$1:$C$1596,3,0) -> 11883 | AO12: RST-103012-010 | AP12: RST-103012-020 | AQ12: 8359 | AR12: 15400
B13: RST-103013-xxx | C13: RST 1030/13 | D13: 300 | E13: 40 | F13: 533 | G13: 351 | H13: 8904 | I13: 15950 | J13: =H13-H13*$E$3 -> 8904 | K13: =I13-I13*$E$3 -> 15950 | L13: 8014 | M13: 14355 | AJ13: RST-110009-010 | AK13: RST-110009-010 ROMMER RST 1100/09 радиатор стальной 1 трубчатый боковое подключение RAL9016 | AL13: 14333.931 | AM13: =VLOOKUP(AJ13,[2]Лист1!$A$1:$C$1596,3,0) -> 12901 | AO13: RST-103013-010 | AP13: RST-103013-020 | AQ13: 8904 | AR13: 15950
B14: RST-103014-xxx | C14: RST 1030/14 | D14: 300 | E14: 40 | F14: 574 | G14: 378 | H14: 9450 | I14: 16490 | J14: =H14-H14*$E$3 -> 9450 | K14: =I14-I14*$E$3 -> 16490 | L14: 8505 | M14: 14841 | AJ14: RST-110010-010 | AK14: RST-110010-010 ROMMER RST 1100/10 радиатор стальной 1 трубчатый боковое подключение RAL9016 | AL14: 15464.138 | AM14: =VLOOKUP(AJ14,[2]Лист1!$A$1:$C$1596,3,0) -> 13918 | AO14: RST-103014-010 | AP14: RST-103014-020 | AQ14: 9450 | AR14: 16490
B15: RST-103015-xxx | C15: RST 1030/15 | D15: 300 | E15: 40 | F15: 615 | G15: 405 | H15: 9995 | I15: 17040 | J15: =H15-H15*$E$3 -> 9995 | K15: =I15-I15*$E$3 -> 17040 | L15: 8996 | M15: 15336 | AJ15: RST-110011-010 | AK15: RST-110011-010 ROMMER RST 1100/11 радиатор стальной 1 трубчатый боковое подключение RAL9016 | AL15: 16594.345 | AM15: =VLOOKUP(AJ15,[2]Лист1!$A$1:$C$1596,3,0) -> 14935 | AO15: RST-103015-010 | AP15: RST-103015-020 | AQ15: 9995 | AR15: 17040
B16: RST-103016-xxx | C16: RST 1030/16 | D16: 300 | E16: 40 | F16: 656 | G16: 432 | H16: 10540 | I16: 17580 | J16: =H16-H16*$E$3 -> 10540 | K16: =I16-I16*$E$3 -> 17580 | L16: 9486 | M16: 15822 | AJ16: RST-110012-010 | AK16: RST-110012-010 ROMMER RST 1100/12 радиатор стальной 1 трубчатый боковое подключение RAL9016 | AL16: 17724.552 | AM16: =VLOOKUP(AJ16,[2]Лист1!$A$1:$C$1596,3,0) -> 15952 | AO16: RST-103016-010 | AP16: RST-103016-020 | AQ16: 10540 | AR16: 17580
B17: RST-103017-xxx | C17: RST 1030/17 | D17: 300 | E17: 40 | F17: 697 | G17: 459 | H17: 11085 | I17: 18130 | J17: =H17-H17*$E$3 -> 11085 | K17: =I17-I17*$E$3 -> 18130 | L17: 9977 | M17: 16317 | AJ17: RST-110013-010 | AK17: RST-110013-010 ROMMER RST 1100/13 радиатор стальной 1 трубчатый боковое подключение RAL9016 | AL17: 18854.759 | AM17: =VLOOKUP(AJ17,[2]Лист1!$A$1:$C$1596,3,0) -> 16969 | AO17: RST-103017-010 | AP17: RST-103017-020 | AQ17: 11085 | AR17: 18130
B18: RST-103018-xxx | C18: RST 1030/18 | D18: 300 | E18: 40 | F18: 738 | G18: 486 | H18: 11630 | I18: 18670 | J18: =H18-H18*$E$3 -> 11630 | K18: =I18-I18*$E$3 -> 18670 | L18: 10467 | M18: 16803 | AJ18: RST-110014-010 | AK18: RST-110014-010 ROMMER RST 1100/14 радиатор стальной 1 трубчатый боковое подключение RAL9016 | AL18: 19984.966 | AM18: =VLOOKUP(AJ18,[2]Лист1!$A$1:$C$1596,3,0) -> 17986 | AO18: RST-103018-010 | AP18: RST-103018-020 | AQ18: 11630 | AR18: 18670
B19: RST-103019-xxx | C19: RST 1030/19 | D19: 300 | E19: 40 | F19: 779 | G19: 513 | H19: 12176 | I19: 19220 | J19: =H19-H19*$E$3 -> 12176 | K19: =I19-I19*$E$3 -> 19220 | L19: 10958 | M19: 17298 | AJ19: RST-110015-010 | AK19: RST-110015-010 ROMMER RST 1100/15 радиатор стальной 1 трубчатый боковое подключение RAL9016 | AL19: 21115.172 | AM19: =VLOOKUP(AJ19,[2]Лист1!$A$1:$C$1596,3,0) -> 19004 | AO19: RST-103019-010 | AP19: RST-103019-020 | AQ19: 12176 | AR19: 19220
B20: RST-103020-xxx | C20: RST 1030/20 | D20: 300 | E20: 40 | F20: 820 | G20: 540 | H20: 12721 | I20: 19760 | J20: =H20-H20*$E$3 -> 12721 | K20: =I20-I20*$E$3 -> 19760 | L20: 11449 | M20: 17784 | AJ20: RST-110016-010 | AK20: RST-110016-010 ROMMER RST 1100/16 радиатор стальной 1 трубчатый боковое подключение RAL9016 | AL20: 22245.379 | AM20: =VLOOKUP(AJ20,[2]Лист1!$A$1:$C$1596,3,0) -> 20021 | AO20: RST-103020-010 | AP20: RST-103020-020 | AQ20: 12721 | AR20: 19760
... B184: RST-120016-xxx | C184: RST 1200/16 | D184: 2000 | E184: 40 | F184: 656 | G184: 1860.8 | H184: 34759 | I184: 41800 | J184: =H184-H184*$E$3 -> 34759 | K184: =I184-I184*$E$3 -> 41800 | L184: 31283 | M184: 37620 | AJ184: RST-109016-010 | AK184: RST-109016-010 ROMMER RST 1090/16 радиатор стальной 1 трубчатый боковое подключение RAL9016 | AL184: 20707.172 | AM184: =VLOOKUP(AJ184,[2]Лист1!$A$1:$C$1596,3,0) -> 18636 | AO184: RST-120016-010 | AP184: RST-120016-020 | AQ184: 34759 | AR184: 41800
A185: 2 трубки | B185: RST-203008-xxx | C185: RST 2030/08 | D185: 300 | E185: 100 | F185: 328 | G185: 371.2 | H185: 9084 | I185: 16130 | J185: =H185-H185*$E$3 -> 9084 | K185: =I185-I185*$E$3 -> 16130 | L185: 8176 | M185: 14517 | AJ185: RST-210004-010 | AK185: RST-210004-010 ROMMER RST 2100/04 радиатор стальной 2 трубчатый боковое подключение RAL9016 | AL185: 12686.69 | AM185: =VLOOKUP(AJ185,[2]Лист1!$A$1:$C$1596,3,0) -> 11418 | AO185: RST-203008-010 | AP185: RST-203008-020 | AQ185: 9084 | AR185: 16130
B186: RST-203009-xxx | C186: RST 2030/09 | D186: 300 | E186: 100 | F186: 369 | G186: 417.6 | H186: 9992 | I186: 17040 | J186: =H186-H186*$E$3 -> 9992 | K186: =I186-I186*$E$3 -> 17040 | L186: 8993 | M186: 15336 | AJ186: RST-210005-010 | AK186: RST-210005-010 ROMMER RST 2100/05 радиатор стальной 2 трубчатый боковое подключение RAL9016 | AL186: 14720.828 | AM186: =VLOOKUP(AJ186,[2]Лист1!$A$1:$C$1596,3,0) -> 13249 | AO186: RST-203009-010 | AP186: RST-203009-020 | AQ186: 9992 | AR186: 17040
B187: RST-203010-xxx | C187: RST 2030/10 | D187: 300 | E187: 100 | F187: 410 | G187: 464 | H187: 10901 | I187: 17940 | J187: =H187-H187*$E$3 -> 10901 | K187: =I187-I187*$E$3 -> 17940 | L187: 9811 | M187: 16146 | AJ187: RST-210006-010 | AK187: RST-210006-010 ROMMER RST 2100/06 радиатор стальной 2 трубчатый боковое подключение RAL9016 | AL187: 16754.966 | AM187: =VLOOKUP(AJ187,[2]Лист1!$A$1:$C$1596,3,0) -> 15079 | AO187: RST-203010-010 | AP187: RST-203010-020 | AQ187: 10901 | AR187: 17940
B188: RST-203011-xxx | C188: RST 2030/11 | D188: 300 | E188: 100 | F188: 451 | G188: 510.4 | H188: 11810 | I188: 18850 | J188: =H188-H188*$E$3 -> 11810 | K188: =I188-I188*$E$3 -> 18850 | L188: 10629 | M188: 16965 | AJ188: RST-210007-010 | AK188: RST-210007-010 ROMMER RST 2100/07 радиатор стальной 2 трубчатый боковое подключение RAL9016 | AL188: 18789.103 | AM188: =VLOOKUP(AJ188,[2]Лист1!$A$1:$C$1596,3,0) -> 16910 | AO188: RST-203011-010 | AP188: RST-203011-020 | AQ188: 11810 | AR188: 18850
B189: RST-203012-xxx | C189: RST 2030/12 | D189: 300 | E189: 100 | F189: 492 | G189: 556.8 | H189: 12718 | I189: 19760 | J189: =H189-H189*$E$3 -> 12718 | K189: =I189-I189*$E$3 -> 19760 | L189: 11446 | M189: 17784 | AJ189: RST-210008-010 | AK189: RST-210008-010 ROMMER RST 2100/08 радиатор стальной 2 трубчатый боковое подключение RAL9016 | AL189: 20823.241 | AM189: =VLOOKUP(AJ189,[2]Лист1!$A$1:$C$1596,3,0) -> 18741 | AO189: RST-203012-010 | AP189: RST-203012-020 | AQ189: 12718 | AR189: 19760
B190: RST-203013-xxx | C190: RST 2030/13 | D190: 300 | E190: 100 | F190: 533 | G190: 603.2 | H190: 13627 | I190: 20670 | J190: =H190-H190*$E$3 -> 13627 | K190: =I190-I190*$E$3 -> 20670 | L190: 12264 | M190: 18603 | AJ190: RST-210009-010 | AK190: RST-210009-010 ROMMER RST 2100/09 радиатор стальной 2 трубчатый боковое подключение RAL9016 | AL190: 22857.379 | AM190: =VLOOKUP(AJ190,[2]Лист1!$A$1:$C$1596,3,0) -> 20572 | AO190: RST-203013-010 | AP190: RST-203013-020 | AQ190: 13627 | AR190: 20670
B191: RST-203014-xxx | C191: RST 2030/14 | D191: 300 | E191: 100 | F191: 574 | G191: 649.6 | H191: 14536 | I191: 21580 | J191: =H191-H191*$E$3 -> 14536 | K191: =I191-I191*$E$3 -> 21580 | L191: 13082 | M191: 19422 | AJ191: RST-210010-010 | AK191: RST-210010-010 ROMMER RST 2100/10 радиатор стальной 2 трубчатый боковое подключение RAL9016 | AL191: 24891.517 | AM191: =VLOOKUP(AJ191,[2]Лист1!$A$1:$C$1596,3,0) -> 22402 | AO191: RST-203014-010 | AP191: RST-203014-020 | AQ191: 14536 | AR191: 21580
B192: RST-203015-xxx | C192: RST 2030/15 | D192: 300 | E192: 100 | F192: 615 | G192: 696 | H192: 15444 | I192: 22490 | J192: =H192-H192*$E$3 -> 15444 | K192: =I192-I192*$E$3 -> 22490 | L192: 13900 | M192: 20241 | AJ192: RST-210011-010 | AK192: RST-210011-010 ROMMER RST 2100/11 радиатор стальной 2 трубчатый боковое подключение RAL9016 | AL192: 26925.655 | AM192: =VLOOKUP(AJ192,[2]Лист1!$A$1:$C$1596,3,0) -> 24233 | AO192: RST-203015-010 | AP192: RST-203015-020 | AQ192: 15444 | AR192: 22490
B193: RST-203016-xxx | C193: RST 2030/16 | D193: 300 | E193: 100 | F193: 656 | G193: 742.4 | H193: 16353 | I193: 23400 | J193: =H193-H193*$E$3 -> 16353 | K193: =I193-I193*$E$3 -> 23400 | L193: 14718 | M193: 21060 | AJ193: RST-210012-010 | AK193: RST-210012-010 ROMMER RST 2100/12 радиатор стальной 2 трубчатый боковое подключение RAL9016 | AL193: 28959.793 | AM193: =VLOOKUP(AJ193,[2]Лист1!$A$1:$C$1596,3,0) -> 26064 | AO193: RST-203016-010 | AP193: RST-203016-020 | AQ193: 16353 | AR193: 23400
B194: RST-203017-xxx | C194: RST 2030/17 | D194: 300 | E194: 100 | F194: 697 | G194: 788.8 | H194: 17261 | I194: 24300 | J194: =H194-H194*$E$3 -> 17261 | K194: =I194-I194*$E$3 -> 24300 | L194: 15535 | M194: 21870 | AJ194: RST-210013-010 | AK194: RST-210013-010 ROMMER RST 2100/13 радиатор стальной 2 трубчатый боковое подключение RAL9016 | AL194: 30993.931 | AM194: =VLOOKUP(AJ194,[2]Лист1!$A$1:$C$1596,3,0) -> 27895 | AO194: RST-203017-010 | AP194: RST-203017-020 | AQ194: 17261 | AR194: 24300
B195: RST-203018-xxx | C195: RST 2030/18 | D195: 300 | E195: 100 | F195: 738 | G195: 835.2 | H195: 18170 | I195: 25210 | J195: =H195-H195*$E$3 -> 18170 | K195: =I195-I195*$E$3 -> 25210 | L195: 16353 | M195: 22689 | AJ195: RST-210014-010 | AK195: RST-210014-010 ROMMER RST 2100/14 радиатор стальной 2 трубчатый боковое подключение RAL9016 | AL195: 33028.069 | AM195: =VLOOKUP(AJ195,[2]Лист1!$A$1:$C$1596,3,0) -> 29725 | AO195: RST-203018-010 | AP195: RST-203018-020 | AQ195: 18170 | AR195: 25210
B196: RST-203019-xxx | C196: RST 2030/19 | D196: 300 | E196: 100 | F196: 779 | G196: 881.6 | H196: 19079 | I196: 26120 | J196: =H196-H196*$E$3 -> 19079 | K196: =I196-I196*$E$3 -> 26120 | L196: 17171 | M196: 23508 | AJ196: RST-210015-010 | AK196: RST-210015-010 ROMMER RST 2100/15 радиатор стальной 2 трубчатый боковое подключение RAL9016 | AL196: 35062.207 | AM196: =VLOOKUP(AJ196,[2]Лист1!$A$1:$C$1596,3,0) -> 31556 | AO196: RST-203019-010 | AP196: RST-203019-020 | AQ196: 19079 | AR196: 26120
B197: RST-203020-xxx | C197: RST 2030/20 | D197: 300 | E197: 100 | F197: 820 | G197: 928 | H197: 19987 | I197: 27030 | J197: =H197-H197*$E$3 -> 19987 | K197: =I197-I197*$E$3 -> 27030 | L197: 17988 | M197: 24327 | AJ197: RST-210016-010 | AK197: RST-210016-010 ROMMER RST 2100/16 радиатор стальной 2 трубчатый боковое подключение RAL9016 | AL197: 37096.345 | AM197: =VLOOKUP(AJ197,[2]Лист1!$A$1:$C$1596,3,0) -> 33387 | AO197: RST-203020-010 | AP197: RST-203020-020 | AQ197: 19987 | AR197: 27030
... B292: RST-209012-xxx | C292: RST 2090/12 | D292: 900 | E292: 100 | F292: 492 | G292: 1392 | H292: 27187 | I292: 34230 | J292: =H292-H292*$E$3 -> 27187 | K292: =I292-I292*$E$3 -> 34230 | L292: 24468 | M292: 30807 | AJ292: RST-203050-010 | AK292: RST-203050-010 ROMMER RST 2030/50 радиатор стальной 2 трубчатый боковое подключение RAL9016 | AL292: 47245.931 | AM292: =VLOOKUP(AJ292,[2]Лист1!$A$1:$C$1596,3,0) -> 42521 | AO292: RST-209012-010 | AP292: RST-209012-020 | AQ292: 27187 | AR292: 34230
B293: RST-209013-xxx | C293: RST 2090/13 | D293: 900 | E293: 100 | F293: 533 | G293: 1508 | H293: 29079 | I293: 36120 | J293: =H293-H293*$E$3 -> 29079 | K293: =I293-I293*$E$3 -> 36120 | L293: 26171 | M293: 32508 | AJ293: RST-205004-010 | AK293: RST-205004-010 ROMMER RST 2050/04 радиатор стальной 2 трубчатый боковое подключение RAL9016 | AL293: 8959.49 | AM293: 8064 | AO293: RST-209013-010 | AP293: RST-209013-020 | AQ293: 29079 | AR293: 36120
B294: RST-209014-xxx | C294: RST 2090/14 | D294: 900 | E294: 100 | F294: 574 | G294: 1624 | H294: 30972 | I294: 38010 | J294: =H294-H294*$E$3 -> 30972 | K294: =I294-I294*$E$3 -> 38010 | L294: 27875 | M294: 34209 | AJ294: RST-205006-010 | AK294: RST-205006-010 ROMMER RST 2050/06 радиатор стальной 2 трубчатый боковое подключение RAL9016 | AL294: 12890.22 | AM294: 11601 | AO294: RST-209014-010 | AP294: RST-209014-020 | AQ294: 30972 | AR294: 38010
B295: RST-209015-xxx | C295: RST 2090/15 | D295: 900 | E295: 100 | F295: 615 | G295: 1740 | H295: 32864 | I295: 39910 | J295: =H295-H295*$E$3 -> 32864 | K295: =I295-I295*$E$3 -> 39910 | L295: 29578 | M295: 35919 | AJ295: RST-205008-010 | AK295: RST-205008-010 ROMMER RST 2050/08 радиатор стальной 2 трубчатый боковое подключение RAL9016 | AL295: 9998.3448 | AM295: =VLOOKUP(AJ295,[2]Лист1!$A$1:$C$1596,3,0) -> 8999 | AO295: RST-209015-010 | AP295: RST-209015-020 | AQ295: 32864 | AR295: 39910
B296: RST-209016-xxx | C296: RST 2090/16 | D296: 900 | E296: 100 | F296: 656 | G296: 1856 | H296: 34756 | I296: 41800 | J296: =H296-H296*$E$3 -> 34756 | K296: =I296-I296*$E$3 -> 41800 | L296: 31280 | M296: 37620 | AJ296: RST-205009-010 | AK296: RST-205009-010 ROMMER RST 2050/09 радиатор стальной 2 трубчатый боковое подключение RAL9016 | AL296: 10998.414 | AM296: =VLOOKUP(AJ296,[2]Лист1!$A$1:$C$1596,3,0) -> 9899 | AO296: RST-209016-010 | AP296: RST-209016-020 | AQ296: 34756 | AR296: 41800
B297: RST-210004-xxx | C297: RST 2100/04 | D297: 1000 | E297: 100 | F297: 164 | G297: 508 | H297: 12687 | I297: 19730 | J297: =H297-H297*$E$3 -> 12687 | K297: =I297-I297*$E$3 -> 19730 | L297: 11418 | M297: 17757 | AJ297: RST-205010-010 | AK297: RST-205010-010 ROMMER RST 2050/10 радиатор стальной 2 трубчатый боковое подключение RAL9016 | AL297: 11998.483 | AM297: =VLOOKUP(AJ297,[2]Лист1!$A$1:$C$1596,3,0) -> 10799 | AO297: RST-210004-010 | AP297: RST-210004-020 | AQ297: 12687 | AR297: 19730
B298: RST-210005-xxx | C298: RST 2100/05 | D298: 1000 | E298: 100 | F298: 205 | G298: 635 | H298: 14721 | I298: 21760 | J298: =H298-H298*$E$3 -> 14721 | K298: =I298-I298*$E$3 -> 21760 | L298: 13249 | M298: 19584 | AJ298: RST-205011-010 | AK298: RST-205011-010 ROMMER RST 2050/11 радиатор стальной 2 трубчатый боковое подключение RAL9016 | AL298: 12998.552 | AM298: =VLOOKUP(AJ298,[2]Лист1!$A$1:$C$1596,3,0) -> 11699 | AO298: RST-210005-010 | AP298: RST-210005-020 | AQ298: 14721 | AR298: 21760
B299: RST-210006-xxx | C299: RST 2100/06 | D299: 1000 | E299: 100 | F299: 246 | G299: 762 | H299: 16755 | I299: 23800 | J299: =H299-H299*$E$3 -> 16755 | K299: =I299-I299*$E$3 -> 23800 | L299: 15080 | M299: 21420 | AJ299: RST-205012-010 | AK299: RST-205012-010 ROMMER RST 2050/12 радиатор стальной 2 трубчатый боковое подключение RAL9016 (в комплекте 4 кронштейна) | AL299: 13998.621 | AM299: =VLOOKUP(AJ299,[2]Лист1!$A$1:$C$1596,3,0) -> 12599 | AO299: RST-210006-010 | AP299: RST-210006-020 | AQ299: 16755 | AR299: 23800
B300: RST-210007-xxx | C300: RST 2100/07 | D300: 1000 | E300: 100 | F300: 287 | G300: 889 | H300: 18789 | I300: 25830 | J300: =H300-H300*$E$3 -> 18789 | K300: =I300-I300*$E$3 -> 25830 | L300: 16910 | M300: 23247 | AJ300: RST-205013-010 | AK300: RST-205013-010 ROMMER RST 2050/13 радиатор стальной 2 трубчатый боковое подключение RAL9016 | AL300: 14998.69 | AM300: =VLOOKUP(AJ300,[2]Лист1!$A$1:$C$1596,3,0) -> 13499 | AO300: RST-210007-010 | AP300: RST-210007-020 | AQ300: 18789 | AR300: 25830
B301: RST-210008-xxx | C301: RST 2100/08 | D301: 1000 | E301: 100 | F301: 328 | G301: 1016 | H301: 20823 | I301: 27870 | J301: =H301-H301*$E$3 -> 20823 | K301: =I301-I301*$E$3 -> 27870 | L301: 18741 | M301: 25083 | AJ301: RST-205014-010 | AK301: RST-205014-010 ROMMER RST 2050/14 радиатор стальной 2 трубчатый боковое подключение RAL9016 (в комплекте 4 кронштейна) | AL301: 15998.759 | AM301: =VLOOKUP(AJ301,[2]Лист1!$A$1:$C$1596,3,0) -> 14399 | AO301: RST-210008-010 | AP301: RST-210008-020 | AQ301: 20823 | AR301: 27870
B302: RST-210009-xxx | C302: RST 2100/09 | D302: 1000 | E302: 100 | F302: 369 | G302: 1143 | H302: 22857 | I302: 29900 | J302: =H302-H302*$E$3 -> 22857 | K302: =I302-I302*$E$3 -> 29900 | L302: 20571 | M302: 26910 | AJ302: RST-205015-010 | AK302: RST-205015-010 ROMMER RST 2050/15 радиатор стальной 2 трубчатый боковое подключение RAL9016 (в комплекте 4 кронштейна) | AL302: 16998.828 | AM302: =VLOOKUP(AJ302,[2]Лист1!$A$1:$C$1596,3,0) -> 15299 | AO302: RST-210009-010 | AP302: RST-210009-020 | AQ302: 22857 | AR302: 29900
B303: RST-210010-xxx | C303: RST 2100/10 | D303: 1000 | E303: 100 | F303: 410 | G303: 1270 | H303: 24892 | I303: 31930 | J303: =H303-H303*$E$3 -> 24892 | K303: =I303-I303*$E$3 -> 31930 | L303: 22403 | M303: 28737 | AJ303: RST-205016-010 | AK303: RST-205016-010 ROMMER RST 2050/16 радиатор стальной 2 трубчатый боковое подключение RAL9016 (в комплекте 4 кронштейна) | AL303: 17998.897 | AM303: =VLOOKUP(AJ303,[2]Лист1!$A$1:$C$1596,3,0) -> 16199 | AO303: RST-210010-010 | AP303: RST-210010-020 | AQ303: 24892 | AR303: 31930
B304: RST-210011-xxx | C304: RST 2100/11 | D304: 1000 | E304: 100 | F304: 451 | G304: 1397 | H304: 26926 | I304: 33970 | J304: =H304-H304*$E$3 -> 26926 | K304: =I304-I304*$E$3 -> 33970 | L304: 24233 | M304: 30573 | AJ304: RST-205017-010 | AK304: RST-205017-010 ROMMER RST 2050/17 радиатор стальной 2 трубчатый боковое подключение RAL9016 (в комплекте 4 кронштейна) | AL304: 18998.966 | AM304: =VLOOKUP(AJ304,[2]Лист1!$A$1:$C$1596,3,0) -> 17099 | AO304: RST-210011-010 | AP304: RST-210011-020 | AQ304: 26926 | AR304: 33970
B305: RST-210012-xxx | C305: RST 2100/12 | D305: 1000 | E305: 100 | F305: 492 | G305: 1524 | H305: 28960 | I305: 36000 | J305: =H305-H305*$E$3 -> 28960 | K305: =I305-I305*$E$3 -> 36000 | L305: 26064 | M305: 32400 | AJ305: RST-205018-010 | AK305: RST-205018-010 ROMMER RST 2050/18 радиатор стальной 2 трубчатый боковое подключение RAL9016 (в комплекте 4 кронштейна) | AL305: 19999.034 | AM305: =VLOOKUP(AJ305,[2]Лист1!$A$1:$C$1596,3,0) -> 17999 | AO305: RST-210012-010 | AP305: RST-210012-020 | AQ305: 28960 | AR305: 36000
B306: RST-210013-xxx | C306: RST 2100/13 | D306: 1000 | E306: 100 | F306: 533 | G306: 1651 | H306: 30994 | I306: 38040 | J306: =H306-H306*$E$3 -> 30994 | K306: =I306-I306*$E$3 -> 38040 | L306: 27895 | M306: 34236 | AJ306: RST-205019-010 | AK306: RST-205019-010 ROMMER RST 2050/19 радиатор стальной 2 трубчатый боковое подключение RAL9016 (в комплекте 4 кронштейна) | AL306: 20999.103 | AM306: =VLOOKUP(AJ306,[2]Лист1!$A$1:$C$1596,3,0) -> 18899 | AO306: RST-210013-010 | AP306: RST-210013-020 | AQ306: 30994 | AR306: 38040
... B361: RST-220016-xxx | C361: RST 2200/16 | D361: 2000 | E361: 100 | F361: 656 | G361: 3848 | H361: 62405 | I361: 69450 | J361: =H361-H361*$E$3 -> 62405 | K361: =I361-I361*$E$3 -> 69450 | L361: 56165 | M361: 62505 | AJ361: RST-209014-010 | AK361: RST-209014-010 ROMMER RST 2090/14 радиатор стальной 2 трубчатый боковое подключение RAL9016 | AL361: 30971.655 | AM361: =VLOOKUP(AJ361,[2]Лист1!$A$1:$C$1596,3,0) -> 27874 | AO361: RST-220016-010 | AP361: RST-220016-020 | AQ361: 62405 | AR361: 69450
A362: 3 трубки | B362: RST-303008-xxx | C362: RST 3030/08 | D362: 300 | E362: 160 | F362: 328 | G362: 512 | H362: 12823 | I362: 19870 | J362: =H362-H362*$E$3 -> 12823 | K362: =I362-I362*$E$3 -> 19870 | L362: 11541 | M362: 17883 | AJ362: RST-209015-010 | AK362: RST-209015-010 ROMMER RST 2090/15 радиатор стальной 2 трубчатый боковое подключение RAL9016 | AL362: 32863.931 | AM362: =VLOOKUP(AJ362,[2]Лист1!$A$1:$C$1596,3,0) -> 29578 | AO362: RST-303008-010 | AP362: RST-303008-020 | AQ362: 12823 | AR362: 19870
B363: RST-303009-xxx | C363: RST 3030/09 | D363: 300 | E363: 160 | F363: 369 | G363: 576 | H363: 14183 | I363: 21230 | J363: =H363-H363*$E$3 -> 14183 | K363: =I363-I363*$E$3 -> 21230 | L363: 12765 | M363: 19107 | AJ363: RST-209016-010 | AK363: RST-209016-010 ROMMER RST 2090/16 радиатор стальной 2 трубчатый боковое подключение RAL9016 | AL363: 34756.207 | AM363: =VLOOKUP(AJ363,[2]Лист1!$A$1:$C$1596,3,0) -> 31281 | AO363: RST-303009-010 | AP363: RST-303009-020 | AQ363: 14183 | AR363: 21230
B364: RST-303010-xxx | C364: RST 3030/10 | D364: 300 | E364: 160 | F364: 410 | G364: 640 | H364: 15543 | I364: 22590 | J364: =H364-H364*$E$3 -> 15543 | K364: =I364-I364*$E$3 -> 22590 | L364: 13989 | M364: 20331 | AJ364: RST-310004-010 | AK364: RST-310004-010 ROMMER RST 3100/04 радиатор стальной 3 трубчатый боковое подключение RAL9016 | AL364: 16502.897 | AM364: =VLOOKUP(AJ364,[2]Лист1!$A$1:$C$1596,3,0) -> 14853 | AO364: RST-303010-010 | AP364: RST-303010-020 | AQ364: 15543 | AR364: 22590
B365: RST-303011-xxx | C365: RST 3030/11 | D365: 300 | E365: 160 | F365: 451 | G365: 704 | H365: 16903 | I365: 23950 | J365: =H365-H365*$E$3 -> 16903 | K365: =I365-I365*$E$3 -> 23950 | L365: 15213 | M365: 21555 | AJ365: RST-310005-010 | AK365: RST-310005-010 ROMMER RST 3100/05 радиатор стальной 3 трубчатый боковое подключение RAL9016 | AL365: 19457.379 | AM365: =VLOOKUP(AJ365,[2]Лист1!$A$1:$C$1596,3,0) -> 17512 | AO365: RST-303011-010 | AP365: RST-303011-020 | AQ365: 16903 | AR365: 23950
B366: RST-303012-xxx | C366: RST 3030/12 | D366: 300 | E366: 160 | F366: 492 | G366: 768 | H366: 18263 | I366: 25310 | J366: =H366-H366*$E$3 -> 18263 | K366: =I366-I366*$E$3 -> 25310 | L366: 16437 | M366: 22779 | AJ366: RST-310006-010 | AK366: RST-310006-010 ROMMER RST 3100/06 радиатор стальной 3 трубчатый боковое подключение RAL9016 | AL366: 22411.862 | AM366: =VLOOKUP(AJ366,[2]Лист1!$A$1:$C$1596,3,0) -> 20171 | AO366: RST-303012-010 | AP366: RST-303012-020 | AQ366: 18263 | AR366: 25310
B367: RST-303013-xxx | C367: RST 3030/13 | D367: 300 | E367: 160 | F367: 533 | G367: 832 | H367: 19623 | I367: 26670 | J367: =H367-H367*$E$3 -> 19623 | K367: =I367-I367*$E$3 -> 26670 | L367: 17661 | M367: 24003 | AJ367: RST-310007-010 | AK367: RST-310007-010 ROMMER RST 3100/07 радиатор стальной 3 трубчатый боковое подключение RAL9016 | AL367: 25366.345 | AM367: =VLOOKUP(AJ367,[2]Лист1!$A$1:$C$1596,3,0) -> 22830 | AO367: RST-303013-010 | AP367: RST-303013-020 | AQ367: 19623 | AR367: 26670
B368: RST-303014-xxx | C368: RST 3030/14 | D368: 300 | E368: 160 | F368: 574 | G368: 896 | H368: 20983 | I368: 28030 | J368: =H368-H368*$E$3 -> 20983 | K368: =I368-I368*$E$3 -> 28030 | L368: 18885 | M368: 25227 | AJ368: RST-310008-010 | AK368: RST-310008-010 ROMMER RST 3100/08 радиатор стальной 3 трубчатый боковое подключение RAL9016 | AL368: 28320.828 | AM368: =VLOOKUP(AJ368,[2]Лист1!$A$1:$C$1596,3,0) -> 25489 | AO368: RST-303014-010 | AP368: RST-303014-020 | AQ368: 20983 | AR368: 28030
B369: RST-303015-xxx | C369: RST 3030/15 | D369: 300 | E369: 160 | F369: 615 | G369: 960 | H369: 22343 | I369: 29390 | J369: =H369-H369*$E$3 -> 22343 | K369: =I369-I369*$E$3 -> 29390 | L369: 20109 | M369: 26451 | AJ369: RST-310009-010 | AK369: RST-310009-010 ROMMER RST 3100/09 радиатор стальной 3 трубчатый боковое подключение RAL9016 | AL369: 31275.31 | AM369: =VLOOKUP(AJ369,[2]Лист1!$A$1:$C$1596,3,0) -> 28148 | AO369: RST-303015-010 | AP369: RST-303015-020 | AQ369: 22343 | AR369: 29390
B370: RST-303016-xxx | C370: RST 3030/16 | D370: 300 | E370: 160 | F370: 656 | G370: 1024 | H370: 23703 | I370: 30750 | J370: =H370-H370*$E$3 -> 23703 | K370: =I370-I370*$E$3 -> 30750 | L370: 21333 | M370: 27675 | AJ370: RST-310010-010 | AK370: RST-310010-010 ROMMER RST 3100/10 радиатор стальной 3 трубчатый боковое подключение RAL9016 | AL370: 34229.793 | AM370: =VLOOKUP(AJ370,[2]Лист1!$A$1:$C$1596,3,0) -> 30807 | AO370: RST-303016-010 | AP370: RST-303016-020 | AQ370: 23703 | AR370: 30750
B371: RST-303017-xxx | C371: RST 3030/17 | D371: 300 | E371: 160 | F371: 697 | G371: 1088 | H371: 25063 | I371: 32110 | J371: =H371-H371*$E$3 -> 25063 | K371: =I371-I371*$E$3 -> 32110 | L371: 22557 | M371: 28899 | AJ371: RST-310011-010 | AK371: RST-310011-010 ROMMER RST 3100/11 радиатор стальной 3 трубчатый боковое подключение RAL9016 | AL371: 37184.276 | AM371: =VLOOKUP(AJ371,[2]Лист1!$A$1:$C$1596,3,0) -> 33466 | AO371: RST-303017-010 | AP371: RST-303017-020 | AQ371: 25063 | AR371: 32110
B372: RST-303018-xxx | C372: RST 3030/18 | D372: 300 | E372: 160 | F372: 738 | G372: 1152 | H372: 26423 | I372: 33470 | J372: =H372-H372*$E$3 -> 26423 | K372: =I372-I372*$E$3 -> 33470 | L372: 23781 | M372: 30123 | AJ372: RST-310012-010 | AK372: RST-310012-010 ROMMER RST 3100/12 радиатор стальной 3 трубчатый боковое подключение RAL9016 | AL372: 40138.759 | AM372: =VLOOKUP(AJ372,[2]Лист1!$A$1:$C$1596,3,0) -> 36125 | AO372: RST-303018-010 | AP372: RST-303018-020 | AQ372: 26423 | AR372: 33470
B373: RST-303019-xxx | C373: RST 3030/19 | D373: 300 | E373: 160 | F373: 779 | G373: 1216 | H373: 27783 | I373: 34830 | J373: =H373-H373*$E$3 -> 27783 | K373: =I373-I373*$E$3 -> 34830 | L373: 25005 | M373: 31347 | AJ373: RST-310013-010 | AK373: RST-310013-010 ROMMER RST 3100/13 радиатор стальной 3 трубчатый боковое подключение RAL9016 | AL373: 43093.241 | AM373: =VLOOKUP(AJ373,[2]Лист1!$A$1:$C$1596,3,0) -> 38784 | AO373: RST-303019-010 | AP373: RST-303019-020 | AQ373: 27783 | AR373: 34830
B374: RST-303020-xxx | C374: RST 3030/20 | D374: 300 | E374: 160 | F374: 820 | G374: 1280 | H374: 29143 | I374: 36190 | J374: =H374-H374*$E$3 -> 29143 | K374: =I374-I374*$E$3 -> 36190 | L374: 26229 | M374: 32571 | AJ374: RST-310014-010 | AK374: RST-310014-010 ROMMER RST 3100/14 радиатор стальной 3 трубчатый боковое подключение RAL9016 | AL374: 46047.724 | AM374: =VLOOKUP(AJ374,[2]Лист1!$A$1:$C$1596,3,0) -> 41443 | AO374: RST-303020-010 | AP374: RST-303020-020 | AQ374: 29143 | AR374: 36190
... B447: RST-305050-xxx | C447: RST 3050/50 | D447: 500 | E447: 160 | F447: 2050 | G447: 5100 | H447: 76997 | I447: 84040 | J447: =H447-H447*$E$3 -> 76997 | K447: =I447-I447*$E$3 -> 84040 | L447: 69297 | M447: 75636 | AJ447: RST-303030-010 | AK447: RST-303030-010 ROMMER RST 3030/30 радиатор стальной 3 трубчатый боковое подключение RAL9016 | AL447: 42742.69 | AM447: =VLOOKUP(AJ447,[2]Лист1!$A$1:$C$1596,3,0) -> 38468 | AO447: RST-305050-010 | AP447: RST-305050-020 | AQ447: 76997 | AR447: 84040
B448: RST-307504-xxx | C448: RST 3075/04 | D448: 750 | E448: 160 | F448: 164 | G448: 549.6 | H448: 14135.941 | I448: 21387.983 | J448: =H448-H448*$E$3 -> 14135.941 | K448: =I448-I448*$E$3 -> 21387.983 | L448: 12722 | M448: 19249 | AJ448: RST-303031-010 | AK448: RST-303031-010 ROMMER RST 3030/31 радиатор стальной 3 трубчатый боковое подключение RAL9016 | AL448: 44102.69 | AM448: =VLOOKUP(AJ448,[2]Лист1!$A$1:$C$1596,3,0) -> 39692 | AO448: RST-307504-010 | AP448: RST-307504-020 | AQ448: 14135.941 | AR448: 21387.98 | AS448: =ROUND(AQ448-AQ448*10%,0) -> 12722 | AT448: =ROUND(AR448-AR448*10%,0) -> 19249
B449: RST-307505-xxx | C449: RST 3075/05 | D449: 750 | E449: 160 | F449: 205 | G449: 687 | H449: 16492 | I449: 23540 | J449: =H449-H449*$E$3 -> 16492 | K449: =I449-I449*$E$3 -> 23540 | L449: 14843 | M449: 21186 | AJ449: RST-303032-010 | AK449: RST-303032-010 ROMMER RST 3030/32 радиатор стальной 3 трубчатый боковое подключение RAL9016 | AL449: 45462.69 | AM449: =VLOOKUP(AJ449,[2]Лист1!$A$1:$C$1596,3,0) -> 40916 | AO449: RST-307505-010 | AP449: RST-307505-020 | AQ449: 16492 | AR449: 23540 | AS449: =ROUND(AQ449-AQ449*10%,0) -> 14843 | AT449: =ROUND(AR449-AR449*10%,0) -> 21186
B450: RST-307506-xxx | C450: RST 3075/06 | D450: 750 | E450: 160 | F450: 246 | G450: 824.4 | H450: 18850 | I450: 25890 | J450: =H450-H450*$E$3 -> 18850 | K450: =I450-I450*$E$3 -> 25890 | L450: 16965 | M450: 23301 | AJ450: RST-303033-010 | AK450: RST-303033-010 ROMMER RST 3030/33 радиатор стальной 3 трубчатый боковое подключение RAL9016 | AL450: 46822.69 | AM450: =VLOOKUP(AJ450,[2]Лист1!$A$1:$C$1596,3,0) -> 42140 | AO450: RST-307506-010 | AP450: RST-307506-020 | AQ450: 18850 | AR450: 25890 | AS450: =ROUND(AQ450-AQ450*10%,0) -> 16965 | AT450: =ROUND(AR450-AR450*10%,0) -> 23301
B451: RST-307507-xxx | C451: RST 3075/07 | D451: 750 | E451: 160 | F451: 287 | G451: 961.8 | H451: 21208 | I451: 28250 | J451: =H451-H451*$E$3 -> 21208 | K451: =I451-I451*$E$3 -> 28250 | L451: 19087 | M451: 25425 | AJ451: RST-303034-010 | AK451: RST-303034-010 ROMMER RST 3030/34 радиатор стальной 3 трубчатый боковое подключение RAL9016 | AL451: 48182.69 | AM451: =VLOOKUP(AJ451,[2]Лист1!$A$1:$C$1596,3,0) -> 43364 | AO451: RST-307507-010 | AP451: RST-307507-020 | AQ451: 21208 | AR451: 28250 | AS451: =ROUND(AQ451-AQ451*10%,0) -> 19087 | AT451: =ROUND(AR451-AR451*10%,0) -> 25425
B452: RST-307508-xxx | C452: RST 3075/08 | D452: 750 | E452: 160 | F452: 328 | G452: 1099.2 | H452: 23566 | I452: 30610 | J452: =H452-H452*$E$3 -> 23566 | K452: =I452-I452*$E$3 -> 30610 | L452: 21209 | M452: 27549 | AJ452: RST-303035-010 | AK452: RST-303035-010 ROMMER RST 3030/35 радиатор стальной 3 трубчатый боковое подключение RAL9016 | AL452: 49542.69 | AM452: =VLOOKUP(AJ452,[2]Лист1!$A$1:$C$1596,3,0) -> 44588 | AO452: RST-307508-010 | AP452: RST-307508-020 | AQ452: 23566 | AR452: 30610 | AS452: =ROUND(AQ452-AQ452*10%,0) -> 21209 | AT452: =ROUND(AR452-AR452*10%,0) -> 27549
B453: RST-307509-xxx | C453: RST 3075/09 | D453: 750 | E453: 160 | F453: 369 | G453: 1236.6 | H453: 25923 | I453: 32970 | J453: =H453-H453*$E$3 -> 25923 | K453: =I453-I453*$E$3 -> 32970 | L453: 23331 | M453: 29673 | AJ453: RST-303036-010 | AK453: RST-303036-010 ROMMER RST 3030/36 радиатор стальной 3 трубчатый боковое подключение RAL9016 | AL453: 50902.69 | AM453: =VLOOKUP(AJ453,[2]Лист1!$A$1:$C$1596,3,0) -> 45812 | AO453: RST-307509-010 | AP453: RST-307509-020 | AQ453: 25923 | AR453: 32970 | AS453: =ROUND(AQ453-AQ453*10%,0) -> 23331 | AT453: =ROUND(AR453-AR453*10%,0) -> 29673
B454: RST-307510-xxx | C454: RST 3075/10 | D454: 750 | E454: 160 | F454: 410 | G454: 1374 | H454: 28281 | I454: 35320 | J454: =H454-H454*$E$3 -> 28281 | K454: =I454-I454*$E$3 -> 35320 | L454: 25453 | M454: 31788 | AJ454: RST-303037-010 | AK454: RST-303037-010 ROMMER RST 3030/37 радиатор стальной 3 трубчатый боковое подключение RAL9016 | AL454: 52262.69 | AM454: =VLOOKUP(AJ454,[2]Лист1!$A$1:$C$1596,3,0) -> 47036 | AO454: RST-307510-010 | AP454: RST-307510-020 | AQ454: 28281 | AR454: 35320 | AS454: =ROUND(AQ454-AQ454*10%,0) -> 25453 | AT454: =ROUND(AR454-AR454*10%,0) -> 31788
B455: RST-307511-xxx | C455: RST 3075/11 | D455: 750 | E455: 160 | F455: 451 | G455: 1511.4 | H455: 30639 | I455: 37680 | J455: =H455-H455*$E$3 -> 30639 | K455: =I455-I455*$E$3 -> 37680 | L455: 27575 | M455: 33912 | AJ455: RST-303038-010 | AK455: RST-303038-010 ROMMER RST 3030/38 радиатор стальной 3 трубчатый боковое подключение RAL9016 | AL455: 53622.69 | AM455: =VLOOKUP(AJ455,[2]Лист1!$A$1:$C$1596,3,0) -> 48260 | AO455: RST-307511-010 | AP455: RST-307511-020 | AQ455: 30639 | AR455: 37680 | AS455: =ROUND(AQ455-AQ455*10%,0) -> 27575 | AT455: =ROUND(AR455-AR455*10%,0) -> 33912
B456: RST-307512-xxx | C456: RST 3075/12 | D456: 750 | E456: 160 | F456: 492 | G456: 1648.8 | H456: 32996 | I456: 40040 | J456: =H456-H456*$E$3 -> 32996 | K456: =I456-I456*$E$3 -> 40040 | L456: 29696 | M456: 36036 | AJ456: RST-303039-010 | AK456: RST-303039-010 ROMMER RST 3030/39 радиатор стальной 3 трубчатый боковое подключение RAL9016 | AL456: 54982.69 | AM456: =VLOOKUP(AJ456,[2]Лист1!$A$1:$C$1596,3,0) -> 49484 | AO456: RST-307512-010 | AP456: RST-307512-020 | AQ456: 32996 | AR456: 40040 | AS456: =ROUND(AQ456-AQ456*10%,0) -> 29696 | AT456: =ROUND(AR456-AR456*10%,0) -> 36036
B457: RST-307513-xxx | C457: RST 3075/13 | D457: 750 | E457: 160 | F457: 533 | G457: 1786.2 | H457: 35354 | I457: 42400 | J457: =H457-H457*$E$3 -> 35354 | K457: =I457-I457*$E$3 -> 42400 | L457: 31819 | M457: 38160 | AJ457: RST-303040-010 | AK457: RST-303040-010 ROMMER RST 3030/40 радиатор стальной 3 трубчатый боковое подключение RAL9016 | AL457: 56342.69 | AM457: =VLOOKUP(AJ457,[2]Лист1!$A$1:$C$1596,3,0) -> 50708 | AO457: RST-307513-010 | AP457: RST-307513-020 | AQ457: 35354 | AR457: 42400 | AS457: =ROUND(AQ457-AQ457*10%,0) -> 31819 | AT457: =ROUND(AR457-AR457*10%,0) -> 38160
B458: RST-307514-xxx | C458: RST 3075/14 | D458: 750 | E458: 160 | F458: 574 | G458: 1923.6 | H458: 37712 | I458: 44750 | J458: =H458-H458*$E$3 -> 37712 | K458: =I458-I458*$E$3 -> 44750 | L458: 33941 | M458: 40275 | AJ458: RST-303041-010 | AK458: RST-303041-010 ROMMER RST 3030/41 радиатор стальной 3 трубчатый боковое подключение RAL9016 | AL458: 57702.69 | AM458: =VLOOKUP(AJ458,[2]Лист1!$A$1:$C$1596,3,0) -> 51932 | AO458: RST-307514-010 | AP458: RST-307514-020 | AQ458: 37712 | AR458: 44750 | AS458: =ROUND(AQ458-AQ458*10%,0) -> 33941 | AT458: =ROUND(AR458-AR458*10%,0) -> 40275
B459: RST-307515-xxx | C459: RST 3075/15 | D459: 750 | E459: 160 | F459: 615 | G459: 2061 | H459: 40070 | I459: 47110 | J459: =H459-H459*$E$3 -> 40070 | K459: =I459-I459*$E$3 -> 47110 | L459: 36063 | M459: 42399 | AJ459: RST-303042-010 | AK459: RST-303042-010 ROMMER RST 3030/42 радиатор стальной 3 трубчатый боковое подключение RAL9016 | AL459: 59062.69 | AM459: =VLOOKUP(AJ459,[2]Лист1!$A$1:$C$1596,3,0) -> 53156 | AO459: RST-307515-010 | AP459: RST-307515-020 | AQ459: 40070 | AR459: 47110 | AS459: =ROUND(AQ459-AQ459*10%,0) -> 36063 | AT459: =ROUND(AR459-AR459*10%,0) -> 42399
B460: RST-309004-xxx | C460: RST 3090/04 | D460: 900 | E460: 160 | F460: 164 | G460: 642.4 | H460: 15759.955 | I460: 23011.997 | J460: =H460-H460*$E$3 -> 15759.955 | K460: =I460-I460*$E$3 -> 23011.997 | L460: 14184 | M460: 20711 | AJ460: RST-303043-010 | AK460: RST-303043-010 ROMMER RST 3030/43 радиатор стальной 3 трубчатый боковое подключение RAL9016 | AL460: 60422.69 | AM460: =VLOOKUP(AJ460,[2]Лист1!$A$1:$C$1596,3,0) -> 54380 | AO460: RST-309004-010 | AP460: RST-309004-020 | AQ460: 15759.955 | AR460: 23012 | AS460: =ROUND(AQ460-AQ460*10%,0) -> 14184 | AT460: =ROUND(AR460-AR460*10%,0) -> 20711
B461: RST-309005-xxx | C461: RST 3090/05 | D461: 900 | E461: 160 | F461: 205 | G461: 803 | H461: 18519 | I461: 25560 | J461: =H461-H461*$E$3 -> 18519 | K461: =I461-I461*$E$3 -> 25560 | L461: 16667 | M461: 23004 | AJ461: RST-303044-010 | AK461: RST-303044-010 ROMMER RST 3030/44 радиатор стальной 3 трубчатый боковое подключение RAL9016 | AL461: 61782.69 | AM461: =VLOOKUP(AJ461,[2]Лист1!$A$1:$C$1596,3,0) -> 55604 | AO461: RST-309005-010 | AP461: RST-309005-020 | AQ461: 18519 | AR461: 25560
B462: RST-309006-xxx | C462: RST 3090/06 | D462: 900 | E462: 160 | F462: 246 | G462: 963.6 | H462: 21283 | I462: 28330 | J462: =H462-H462*$E$3 -> 21283 | K462: =I462-I462*$E$3 -> 28330 | L462: 19155 | M462: 25497 | AJ462: RST-303045-010 | AK462: RST-303045-010 ROMMER RST 3030/45 радиатор стальной 3 трубчатый боковое подключение RAL9016 | AL462: 63142.69 | AM462: =VLOOKUP(AJ462,[2]Лист1!$A$1:$C$1596,3,0) -> 56828 | AO462: RST-309006-010 | AP462: RST-309006-020 | AQ462: 21283 | AR462: 28330
B463: RST-309007-xxx | C463: RST 3090/07 | D463: 900 | E463: 160 | F463: 287 | G463: 1124.2 | H463: 24046 | I463: 31090 | J463: =H463-H463*$E$3 -> 24046 | K463: =I463-I463*$E$3 -> 31090 | L463: 21641 | M463: 27981 | AJ463: RST-303046-010 | AK463: RST-303046-010 ROMMER RST 3030/46 радиатор стальной 3 трубчатый боковое подключение RAL9016 | AL463: 64502.69 | AM463: =VLOOKUP(AJ463,[2]Лист1!$A$1:$C$1596,3,0) -> 58052 | AO463: RST-309007-010 | AP463: RST-309007-020 | AQ463: 24046 | AR463: 31090
B464: RST-309008-xxx | C464: RST 3090/08 | D464: 900 | E464: 160 | F464: 328 | G464: 1284.8 | H464: 26810 | I464: 33850 | J464: =H464-H464*$E$3 -> 26810 | K464: =I464-I464*$E$3 -> 33850 | L464: 24129 | M464: 30465 | AJ464: RST-303047-010 | AK464: RST-303047-010 ROMMER RST 3030/47 радиатор стальной 3 трубчатый боковое подключение RAL9016 | AL464: 65862.69 | AM464: =VLOOKUP(AJ464,[2]Лист1!$A$1:$C$1596,3,0) -> 59276 | AO464: RST-309008-010 | AP464: RST-309008-020 | AQ464: 26810 | AR464: 33850
B465: RST-309009-xxx | C465: RST 3090/09 | D465: 900 | E465: 160 | F465: 369 | G465: 1445.4 | H465: 29573 | I465: 36620 | J465: =H465-H465*$E$3 -> 29573 | K465: =I465-I465*$E$3 -> 36620 | L465: 26616 | M465: 32958 | AJ465: RST-303048-010 | AK465: RST-303048-010 ROMMER RST 3030/48 радиатор стальной 3 трубчатый боковое подключение RAL9016 | AL465: 67222.69 | AM465: =VLOOKUP(AJ465,[2]Лист1!$A$1:$C$1596,3,0) -> 60500 | AO465: RST-309009-010 | AP465: RST-309009-020 | AQ465: 29573 | AR465: 36620
B466: RST-309010-xxx | C466: RST 3090/10 | D466: 900 | E466: 160 | F466: 410 | G466: 1606 | H466: 32336 | I466: 39380 | J466: =H466-H466*$E$3 -> 32336 | K466: =I466-I466*$E$3 -> 39380 | L466: 29102 | M466: 35442 | AJ466: RST-303049-010 | AK466: RST-303049-010 ROMMER RST 3030/49 радиатор стальной 3 трубчатый боковое подключение RAL9016 | AL466: 68582.69 | AM466: =VLOOKUP(AJ466,[2]Лист1!$A$1:$C$1596,3,0) -> 61724 | AO466: RST-309010-010 | AP466: RST-309010-020 | AQ466: 32336 | AR466: 39380
B467: RST-309011-xxx | C467: RST 3090/11 | D467: 900 | E467: 160 | F467: 451 | G467: 1766.6 | H467: 35100 | I467: 42140 | J467: =H467-H467*$E$3 -> 35100 | K467: =I467-I467*$E$3 -> 42140 | L467: 31590 | M467: 37926 | AJ467: RST-303050-010 | AK467: RST-303050-010 ROMMER RST 3030/50 радиатор стальной 3 трубчатый боковое подключение RAL9016 | AL467: 69942.69 | AM467: =VLOOKUP(AJ467,[2]Лист1!$A$1:$C$1596,3,0) -> 62948 | AO467: RST-309011-010 | AP467: RST-309011-020 | AQ467: 35100 | AR467: 42140
B468: RST-309012-xxx | C468: RST 3090/12 | D468: 900 | E468: 160 | F468: 492 | G468: 1927.2 | H468: 37863 | I468: 44910 | J468: =H468-H468*$E$3 -> 37863 | K468: =I468-I468*$E$3 -> 44910 | L468: 34077 | M468: 40419 | AJ468: RST-305008-010 | AK468: RST-305008-010 ROMMER RST 3050/08 радиатор стальной 3 трубчатый боковое подключение RAL9016 | AL468: 14115.862 | AM468: =VLOOKUP(AJ468,[2]Лист1!$A$1:$C$1596,3,0) -> 12704 | AO468: RST-309012-010 | AP468: RST-309012-020 | AQ468: 37863 | AR468: 44910
B469: RST-309013-xxx | C469: RST 3090/13 | D469: 900 | E469: 160 | F469: 533 | G469: 2087.8 | H469: 40626 | I469: 47670 | J469: =H469-H469*$E$3 -> 40626 | K469: =I469-I469*$E$3 -> 47670 | L469: 36563 | M469: 42903 | AJ469: RST-305009-010 | AK469: RST-305009-010 ROMMER RST 3050/09 радиатор стальной 3 трубчатый боковое подключение RAL9016 | AL469: 15613.034 | AM469: =VLOOKUP(AJ469,[2]Лист1!$A$1:$C$1596,3,0) -> 14052 | AO469: RST-309013-010 | AP469: RST-309013-020 | AQ469: 40626 | AR469: 47670
B470: RST-309014-xxx | C470: RST 3090/14 | D470: 900 | E470: 160 | F470: 574 | G470: 2248.4 | H470: 43390 | I470: 50430 | J470: =H470-H470*$E$3 -> 43390 | K470: =I470-I470*$E$3 -> 50430 | L470: 39051 | M470: 45387 | AJ470: RST-305010-010 | AK470: RST-305010-010 ROMMER RST 3050/10 радиатор стальной 3 трубчатый боковое подключение RAL9005 | AL470: 17110.207 | AM470: =VLOOKUP(AJ470,[2]Лист1!$A$1:$C$1596,3,0) -> 15399 | AO470: RST-309014-010 | AP470: RST-309014-020 | AQ470: 43390 | AR470: 50430
B471: RST-309015-xxx | C471: RST 3090/15 | D471: 900 | E471: 160 | F471: 615 | G471: 2409 | H471: 46153 | I471: 53200 | J471: =H471-H471*$E$3 -> 46153 | K471: =I471-I471*$E$3 -> 53200 | L471: 41538 | M471: 47880 | AJ471: RST-305010-010 | AK471: RST-305010-010 ROMMER RST 3050/10 радиатор стальной 3 трубчатый боковое подключение RAL9016 | AL471: 17110.207 | AM471: =VLOOKUP(AJ471,[2]Лист1!$A$1:$C$1596,3,0) -> 15399 | AO471: RST-309015-010 | AP471: RST-309015-020 | AQ471: 46153 | AR471: 53200
B472: RST-310004-xxx | C472: RST 3100/04 | D472: 1000 | E472: 160 | F472: 164 | G472: 703.2 | H472: 16503 | I472: 23550 | J472: =H472-H472*$E$3 -> 16503 | K472: =I472-I472*$E$3 -> 23550 | L472: 14853 | M472: 21195 | AJ472: RST-305011-010 | AK472: RST-305011-010 ROMMER RST 3050/11 радиатор стальной 3 трубчатый боковое подключение RAL9016 | AL472: 18607.379 | AM472: =VLOOKUP(AJ472,[2]Лист1!$A$1:$C$1596,3,0) -> 16747 | AO472: RST-310004-010 | AP472: RST-310004-020 | AQ472: 16503 | AR472: 23550
... B511: RST-317507-xxx | C511: RST 3175/07 | D511: 1750 | E511: 160 | F511: 287 | G511: 2042.6 | H511: 38502 | I511: 45540 | J511: =H511-H511*$E$3 -> 38502 | K511: =I511-I511*$E$3 -> 45540 | L511: 34652 | M511: 40986 | AJ511: RST-305050-010 | AK511: RST-305050-010 ROMMER RST 3050/50 радиатор стальной 3 трубчатый боковое подключение RAL9016 | AL511: 76997.103 | AM511: =VLOOKUP(AJ511,[2]Лист1!$A$1:$C$1596,3,0) -> 69297 | AO511: RST-317507-010 | AP511: RST-317507-020 | AQ511: 38502 | AR511: 45540
B512: RST-317508-xxx | C512: RST 3175/08 | D512: 1750 | E512: 160 | F512: 328 | G512: 2334.4 | H512: 43193 | I512: 50240 | J512: =H512-H512*$E$3 -> 43193 | K512: =I512-I512*$E$3 -> 50240 | L512: 38874 | M512: 45216 | AJ512: RST-307504-010 | AK512: RST-307504-010 ROMMER RST 3075/04 радиатор стальной 3 трубчатый боковое подключение RAL9016 | AL512: 14135.94 | AM512: 12722 | AO512: RST-317508-010 | AP512: RST-317508-020 | AQ512: 43193 | AR512: 50240
B513: RST-317509-xxx | C513: RST 3175/09 | D513: 1750 | E513: 160 | F513: 369 | G513: 2626.2 | H513: 47884 | I513: 54930 | J513: =H513-H513*$E$3 -> 47884 | K513: =I513-I513*$E$3 -> 54930 | L513: 43096 | M513: 49437 | AJ513: RST-307505-010 | AK513: RST-307505-010 ROMMER RST 3075/05 радиатор стальной 3 трубчатый боковое подключение RAL9016 | AL513: 16492.345 | AM513: =VLOOKUP(AJ513,[2]Лист1!$A$1:$C$1596,3,0) -> 14843 | AO513: RST-317509-010 | AP513: RST-317509-020 | AQ513: 47884 | AR513: 54930
B514: RST-317510-xxx | C514: RST 3175/10 | D514: 1750 | E514: 160 | F514: 410 | G514: 2918 | H514: 52575 | I514: 59620 | J514: =H514-H514*$E$3 -> 52575 | K514: =I514-I514*$E$3 -> 59620 | L514: 47318 | M514: 53658 | AJ514: RST-307506-010 | AK514: RST-307506-010 ROMMER RST 3075/06 радиатор стальной 3 трубчатый боковое подключение RAL9016 | AL514: 18850.069 | AM514: =VLOOKUP(AJ514,[2]Лист1!$A$1:$C$1596,3,0) -> 16965 | AO514: RST-317510-010 | AP514: RST-317510-020 | AQ514: 52575 | AR514: 59620
B515: RST-317511-xxx | C515: RST 3175/11 | D515: 1750 | E515: 160 | F515: 451 | G515: 3209.8 | H515: 57265 | I515: 64310 | J515: =H515-H515*$E$3 -> 57265 | K515: =I515-I515*$E$3 -> 64310 | L515: 51539 | M515: 57879 | AJ515: RST-307507-010 | AK515: RST-307507-010 ROMMER RST 3075/07 радиатор стальной 3 трубчатый боковое подключение RAL9016 | AL515: 21207.793 | AM515: =VLOOKUP(AJ515,[2]Лист1!$A$1:$C$1596,3,0) -> 19087 | AO515: RST-317511-010 | AP515: RST-317511-020 | AQ515: 57265 | AR515: 64310
B516: RST-317512-xxx | C516: RST 3175/12 | D516: 1750 | E516: 160 | F516: 492 | G516: 3501.6 | H516: 61956 | I516: 69000 | J516: =H516-H516*$E$3 -> 61956 | K516: =I516-I516*$E$3 -> 69000 | L516: 55760 | M516: 62100 | AJ516: RST-307508-010 | AK516: RST-307508-010 ROMMER RST 3075/08 радиатор стальной 3 трубчатый боковое подключение RAL9016 | AL516: 23565.517 | AM516: =VLOOKUP(AJ516,[2]Лист1!$A$1:$C$1596,3,0) -> 21209 | AO516: RST-317512-010 | AP516: RST-317512-020 | AQ516: 61956 | AR516: 69000
B517: RST-317513-xxx | C517: RST 3175/13 | D517: 1750 | E517: 160 | F517: 533 | G517: 3793.4 | H517: 66647 | I517: 73690 | J517: =H517-H517*$E$3 -> 66647 | K517: =I517-I517*$E$3 -> 73690 | L517: 59982 | M517: 66321 | AJ517: RST-307509-010 | AK517: RST-307509-010 ROMMER RST 3075/09 радиатор стальной 3 трубчатый боковое подключение RAL9016 | AL517: 25923.241 | AM517: =VLOOKUP(AJ517,[2]Лист1!$A$1:$C$1596,3,0) -> 23331 | AO517: RST-317513-010 | AP517: RST-317513-020 | AQ517: 66647 | AR517: 73690
B518: RST-317514-xxx | C518: RST 3175/14 | D518: 1750 | E518: 160 | F518: 574 | G518: 4085.2 | H518: 71338 | I518: 78380 | J518: =H518-H518*$E$3 -> 71338 | K518: =I518-I518*$E$3 -> 78380 | L518: 64204 | M518: 70542 | AJ518: RST-307510-010 | AK518: RST-307510-010 ROMMER RST 3075/10 радиатор стальной 3 трубчатый боковое подключение RAL9016 | AL518: 28280.966 | AM518: =VLOOKUP(AJ518,[2]Лист1!$A$1:$C$1596,3,0) -> 25453 | AO518: RST-317514-010 | AP518: RST-317514-020 | AQ518: 71338 | AR518: 78380
B519: RST-317515-xxx | C519: RST 3175/15 | D519: 1750 | E519: 160 | F519: 615 | G519: 4377 | H519: 76029 | I519: 83070 | J519: =H519-H519*$E$3 -> 76029 | K519: =I519-I519*$E$3 -> 83070 | L519: 68426 | M519: 74763 | AJ519: RST-307511-010 | AK519: RST-307511-010 ROMMER RST 3075/11 радиатор стальной 3 трубчатый боковое подключение RAL9016 | AL519: 30638.69 | AM519: =VLOOKUP(AJ519,[2]Лист1!$A$1:$C$1596,3,0) -> 27575 | AO519: RST-317515-010 | AP519: RST-317515-020 | AQ519: 76029 | AR519: 83070
B520: RST-320004-xxx | C520: RST 3200/04 | D520: 2000 | E520: 160 | F520: 164 | G520: 1322.4 | H520: 27119 | I520: 34160 | J520: =H520-H520*$E$3 -> 27119 | K520: =I520-I520*$E$3 -> 34160 | L520: 24407 | M520: 30744 | AJ520: RST-307512-010 | AK520: RST-307512-010 ROMMER RST 3075/12 радиатор стальной 3 трубчатый боковое подключение RAL9016 | AL520: 32996.414 | AM520: =VLOOKUP(AJ520,[2]Лист1!$A$1:$C$1596,3,0) -> 29697 | AO520: RST-320004-010 | AP520: RST-320004-020 | AQ520: 27119 | AR520: 34160
B521: RST-320005-xxx | C521: RST 3200/05 | D521: 2000 | E521: 160 | F521: 205 | G521: 1653 | H521: 32464 | I521: 39510 | J521: =H521-H521*$E$3 -> 32464 | K521: =I521-I521*$E$3 -> 39510 | L521: 29218 | M521: 35559 | AJ521: RST-307513-010 | AK521: RST-307513-010 ROMMER RST 3075/13 радиатор стальной 3 трубчатый боковое подключение RAL9016 | AL521: 35354.138 | AM521: =VLOOKUP(AJ521,[2]Лист1!$A$1:$C$1596,3,0) -> 31819 | AO521: RST-320005-010 | AP521: RST-320005-020 | AQ521: 32464 | AR521: 39510
B522: RST-320006-xxx | C522: RST 3200/06 | D522: 2000 | E522: 160 | F522: 246 | G522: 1983.6 | H522: 37809 | I522: 44850 | J522: =H522-H522*$E$3 -> 37809 | K522: =I522-I522*$E$3 -> 44850 | L522: 34028 | M522: 40365 | AJ522: RST-307514-010 | AK522: RST-307514-010 ROMMER RST 3075/14 радиатор стальной 3 трубчатый боковое подключение RAL9016 | AL522: 37711.862 | AM522: =VLOOKUP(AJ522,[2]Лист1!$A$1:$C$1596,3,0) -> 33941 | AO522: RST-320006-010 | AP522: RST-320006-020 | AQ522: 37809 | AR522: 44850
B523: RST-320007-xxx | C523: RST 3200/07 | D523: 2000 | E523: 160 | F523: 287 | G523: 2314.2 | H523: 43154 | I523: 50200 | J523: =H523-H523*$E$3 -> 43154 | K523: =I523-I523*$E$3 -> 50200 | L523: 38839 | M523: 45180 | AJ523: RST-307515-010 | AK523: RST-307515-010 ROMMER RST 3075/15 радиатор стальной 3 трубчатый боковое подключение RAL9016 | AL523: 40069.586 | AM523: =VLOOKUP(AJ523,[2]Лист1!$A$1:$C$1596,3,0) -> 36063 | AO523: RST-320007-010 | AP523: RST-320007-020 | AQ523: 43154 | AR523: 50200
B524: RST-320008-xxx | C524: RST 3200/08 | D524: 2000 | E524: 160 | F524: 328 | G524: 2644.8 | H524: 48499 | I524: 55540 | J524: =H524-H524*$E$3 -> 48499 | K524: =I524-I524*$E$3 -> 55540 | L524: 43649 | M524: 49986 | AJ524: RST-307516-010 | AK524: RST-307516-010 ROMMER RST 3075/16 радиатор стальной 3 трубчатый боковое подключение RAL9016 | AL524: 42427.31 | AM524: =VLOOKUP(AJ524,[2]Лист1!$A$1:$C$1596,3,0) -> 38185 | AO524: RST-320008-010 | AP524: RST-320008-020 | AQ524: 48499 | AR524: 55540
...

Sheet ROMMER ГБМ (Россия)
A1: Арматура для котельного оборудования ROMMER
J2: Скидка % | K2: 0
A4: Внешний вид | B4: Модель | C4: Артикул | D4: Диаметр, дюйм | E4: Мощность, кВт | F4: Межосевое расстояние, мм | G4: Цена с НДС, Руб. | H4: Цена с НДС с учетом скидки РУБ | I4: РИЦ
A5: Группы быстрого монтажа
B6: Насосная группа с прямым контуром 1" без насоса | C6: RDG-0001-012501 | D6: 1х1,1/2 | E6: до 40 | F6: 125 | G6: 15948.9 | H6: =G6-G6*$K$2 -> 15948.9 | I6: 14354
B7: Насосная группа с 3-х ходовым приводным смесителем 1" без насоса | C7: RDG-0003-012501 | D7: 1х1,1/2 | E7: до 40 | F7: 125 | G7: 18464.6 | H7: =G7-G7*$K$2 -> 18464.6 | I7: 16618
B8: Насосная группа с термостатическим смесительным клапаном (20-40ºС) 1" без насоса | C8: RDG-0002-012501 | D8: 1х1,1/2 | E8: до 40 | F8: 125 | G8: 25188.9 | H8: =G8-G8*$K$2 -> 25188.9 | I8: 22670
B9: Насосная группа с термостатическим смесительным клапаном (35-60ºС) 1" без насоса | C9: RDG-0002-012503 | D9: 1х1,1/2 | E9: до 40 | F9: 125 | G9: 25188.9 | H9: =G9-G9*$K$2 -> 25188.9 | I9: 22670
A10: Внешний вид | B10: Модель | C10: Артикул | D10: Диаметр, дюйм | E10: Мощность, кВт | F10: Объем, м3/ч | G10: Цена с НДС, Руб. | H10: Цена с НДС с учетом скидки РУБ | I10: РИЦ
A11: Распределительные коллекторы до 80 кВт рядные
B12: Стальной распределительный коллектор 2 отопительных контура | C12: RDG-0016-004002 | D12: 1х1,1/4 | E12: до 80 | F12: 3.63 | G12: 10644.7 | H12: =G12-G12*$K$2 -> 10644.7 | I12: 9580
B13: Стальной распределительный коллектор 2(3) отопительных контура | C13: RDG-0016-004023 | D13: 1х1,1/4 | E13: до 80 | F13: 3.63 | G13: 11749.1 | H13: =G13-G13*$K$2 -> 11749.1 | I13: 10574
B14: Стальной распределительный коллектор 3 отопительных контура | C14: RDG-0016-004003 | D14: 1х1,1/4 | E14: до 80 | F14: 3.63 | G14: 13511.3 | H14: =G14-G14*$K$2 -> 13511.3 | I14: 12161
B15: Стальной распределительный коллектор 3(4) отопительных контура | C15: RDG-0016-004034 | D15: 1х1,1/4 | E15: до 80 | F15: 3.63 | G15: 15125 | H15: =G15-G15*$K$2 -> 15125 | I15: 13613
B16: Стальной распределительный коллектор 4 отопительных контура | C16: RDG-0016-004004 | D16: 1х1,1/4 | E16: до 80 | F16: 3.36 | G16: 17573.6 | H16: =G16-G16*$K$2 -> 17573.6 | I16: 15816
B17: Стальной распределительный коллектор 4(5) отопительных контура | C17: RDG-0016-004045 | D17: 1х1,1/4 | E17: до 80 | F17: 3.63 | G17: 18489.9 | H17: =G17-G17*$K$2 -> 18489.9 | I17: 16641
B18: Стальной распределительный коллектор 3(5) отопительных контура | C18: RDG-0016-004035 | D18: 1х1,1/4 | E18: до 80 | F18: 3.63 | G18: 20445.7 | H18: =G18-G18*$K$2 -> 20445.7 | I18: 18401
B19: Стальной распределительный коллектор 4(6) отопительных контура | C19: RDG-0016-004046 | D19: 1х1,1/4 | E19: до 80 | F19: 3.63 | G19: 22544.5 | H19: =G19-G19*$K$2 -> 22544.5 | I19: 20291
B20: Стальной распределительный коллектор 5 отопительных контура 1х1 1/4" | C20: RDG-0016-004005 | D20: 1х1,1/4 | E20: до 80 | F20: 3.63 | G20: 19556.9 | H20: =G20-G20*$K$2 -> 19556.9 | I20: 17601
A21: Коллектор до 85 кВт
B22: Стальной распределительный коллектор 2 отопительных контура | C22: RDG-0017-004002 | D22: 1 1/2*1 1/2 | E22: до 85 | F22: 4 | G22: 12474 | H22: =G22-G22*$K$2 -> 12474 | I22: 11227
B23: Стальной распределительный коллектор 3 отопительных контура | C23: RDG-0017-004003 | D23: 1 1/2*1 1/2 | E23: до 85 | F23: 4 | G23: 15402.2 | H23: =G23-G23*$K$2 -> 15402.2 | I23: 13862
B24: Стальной распределительный коллектор 4 отопительных контура | C24: RDG-0017-004004 | D24: 1 1/2*1 1/2 | E24: до 85 | F24: 4 | G24: 19655.9 | H24: =G24-G24*$K$2 -> 19655.9 | I24: 17690
B25: Стальной распределительный коллектор 3(4) отопительных контура | C25: RDG-0017-004034 | D25: 1 1/2*1 1/2 | E25: до 85 | F25: 4 | G25: 19342.4 | H25: =G25-G25*$K$2 -> 19342.4 | I25: 17409
B26: Стальной распределительный коллектор 5 отопительных контура | C26: RDG-0017-004005 | D26: 1 1/2*1 1/2 | E26: до 85 | F26: 4 | G26: 24868.8 | H26: =G26-G26*$K$2 -> 24868.8 | I26: 22382
B27: Стальной распределительный коллектор 4(5) отопительных контура | C27: RDG-0017-004045 | D27: 1 1/2*1 1/2 | E27: до 85 | F27: 4 | G27: 26606.8 | H27: =G27-G27*$K$2 -> 26606.8 | I27: 23946
B28: Стальной распределительный коллектор 4(6) отопительных контура | C28: RDG-0017-004046 | D28: 1 1/2*1 1/2 | E28: до 85 | F28: 4 | G28: 29496.5 | H28: =G28-G28*$K$2 -> 29496.5 | I28: 26547
A29: Коллекторы до 122 кВт
B30: Стальной распределительный коллектор 3 отопительных контура | C30: RDG-0017-005003 | D30: 1,1/2х1,1/2 | E30: до 122 | F30: 6.95 | G30: 26888.4 | H30: =G30-G30*$K$2 -> 26888.4 | I30: 24200
B31: Стальной распределительный коллектор 3(4) отопительных контура | C31: RDG-0017-005034 | D31: 1,1/2х1,1/2 | E31: до122 | F31: 6.95 | G31: 28805.7 | H31: =G31-G31*$K$2 -> 28805.7 | I31: 25925
B32: Стальной распределительный коллектор 4(5) отопительных контура | C32: RDG-0017-005045 | D32: 1,1/2х1,1/2 | E32: до 122 | F32: 6.95 | G32: 31387.4 | H32: =G32-G32*$K$2 -> 31387.4 | I32: 28249
B33: Стальной распределительный коллектор 4(6) отопительных контура | C33: RDG-0017-005046 | D33: 1,1/2х1,1/2 | E33: до 122 | F33: 6.95 | G33: 33107.8 | H33: =G33-G33*$K$2 -> 33107.8 | I33: 29797
A34: Коллектор со встроенным гидравлическим разделителем
B35: Стальной распределительный коллектор 2 отопительных контура с гидравлическим разделителем | C35: RDG-0018-004002 | D35: 1х1 | E35: до 28 | F35: 1.29 | G35: 11255.2 | H35: =G35-G35*$K$2 -> 11255.2 | I35: 10130
A36: Гидравлические разделители
B37: Гидравлическая стрелка 1 1/4", 4,53 м3/час | C37: RDG-0015-004001 | D37: 1,1/4х1,1/4 | E37: до 80 | F37: 4.53 | G37: 7465.7 | H37: =G37-G37*$K$2 -> 7465.7 | I37: 6719
B38: Гидравлическая стрелка с накидными гайками 1 1/4", 4,53 м3/час | C38: RDG-0015-004002 | D38: 1,1/4х1,1/4 | E38: до 80 | F38: 4.53 | G38: 8061.9 | H38: =G38-G38*$K$2 -> 8061.9 | I38: 7256
B39: Гидравлическая стрелка с накидными гайками 1 1/2", 5,60 м3/час | C39: RDG-0015-004003 | D39: 1,1/2х1,1/2 | E39: до 85 | F39: 5.6 | G39: 8697.7 | H39: =G39-G39*$K$2 -> 8697.7 | I39: 7828
B40: Гидравлическая стрелка 1 1/2", 5,93 м3/час | C40: RDG-0015-004005 | D40: 1,1/2х1,1/2 | E40: до 122 | F40: 5.93 | G40: 15468.2 | H40: =G40-G40*$K$2 -> 15468.2 | I40: 13922
B41: Гидравлическая стрелка с накидными гайками 1 1/2", 5,93 м3/час | C41: RDG-0015-004006 | D41: 1,1/2х1,1/2 | E41: до 122 | F41: 5.93 | G41: 16164.5 | H41: =G41-G41*$K$2 -> 16164.5 | I41: 14549
B42: Гидравлический разделитель с резьбой и отводами по возд. клапан и грязевик | C42: RDG-0015-005008 | D42: 1,1/2х1,1/2 | E42: до 163 | F42: 9.33 | G42: 19955.1 | H42: =G42-G42*$K$2 -> 19955.1 | I42: 17960
A43: Принадлежности
B44: Кронштейн для крепления коллекторов со скобой для крепления (80 мм) | C44: RDG-0019-000001 | G44: 996.6 | H44: =G44-G44*$K$2 -> 996.6 | I44: 897
B45: Кронштейн для крепления коллекторов и гидроразделителей | C45: RDG-0019-000002 | G45: 689.7 | H45: =G45-G45*$K$2 -> 689.7 | I45: 620
B46: Кронштейн со скобой для крепления гидроразделителей (80 мм) | C46: RDG-0019-000003 | G46: 996.6 | H46: =G46-G46*$K$2 -> 996.6 | I46: 897
B47: Кронштейн для крепления коллекторов-дублеров со скобой для серии 0060 крепления 50 мм | C47: RDG-0019-000005 | G47: 996.6 | H47: =G47-G47*$K$2 -> 996.6 | I47: 897
A48: Коллектор с гидроразделителем до 85 кВт
B49: Коллектор (дублер рядный) с гидроразделителем на 2+1 контура | C49: RDG-0018-014023 | D49: 1 1/2" | E49: до 85 | F49: 4.5 | G49: 16128.2 | H49: =G49-G49*$K$2 -> 16128.2 | I49: 14516
B50: Коллектор (дублер рядный) с гидроразделителем на 3+1 контура | C50: RDG-0018-014034 | D50: 1 1/2" | E50: до 85 | F50: 4.5 | G50: 19641.6 | H50: =G50-G50*$K$2 -> 19641.6 | I50: 17677
B51: Коллектор (дублер рядный) с гидроразделителем на 4+1 контура | C51: RDG-0018-014045 | D51: 1 1/2" | E51: до 85 | F51: 4.5 | G51: 24867.7 | H51: =G51-G51*$K$2 -> 24867.7 | I51: 22381
B52: Коллектор (дублер рядный) с гидроразделителем на 5+1 контура | C52: RDG-0018-014056 | D52: 1 1/2" | E52: до 85 | F52: 4.5 | G52: 29212.7 | H52: =G52-G52*$K$2 -> 29212.7 | I52: 26291
B53: Коллектор (дублер компакт) с гидроразделителем на 1+1+1 контура | C53: RDG-0018-024013 | D53: 1 1/2" | E53: до 85 | F53: 4.5 | G53: 16093 | H53: =G53-G53*$K$2 -> 16093 | I53: 14484
B54: Коллектор (дублер компакт) с гидроразделителем на 2+1+1 контура | C54: RDG-0018-024024 | D54: 1 1/2" | E54: до 85 | F54: 4.5 | G54: 20298.3 | H54: =G54-G54*$K$2 -> 20298.3 | I54: 18269
B55: Коллектор (дублер компакт) с гидроразделителем на 2+2+1 контура | C55: RDG-0018-024025 | D55: 1 1/2" | E55: до 85 | F55: 4.5 | G55: 23332.1 | H55: =G55-G55*$K$2 -> 23332.1 | I55: 20999
B56: Коллектор (дублер компакт) с гидроразделителем на 3+1+1 контура | C56: RDG-0018-024035 | D56: 1 1/2" | E56: до 85 | F56: 4.5 | G56: 24528.9 | H56: =G56-G56*$K$2 -> 24528.9 | I56: 22076
B57: Коллектор (дублер компакт) с гидроразделителем на 3+2+1 контура | C57: RDG-0018-024036 | D57: 1 1/2" | E57: до 85 | F57: 4.5 | G57: 27284.4 | H57: =G57-G57*$K$2 -> 27284.4 | I57: 24556
B58: Коллектор (дублер компакт) с гидроразделителем на 3+3+1 контура | C58: RDG-0018-024037 | D58: 1 1/2" | E58: до 85 | F58: 4.5 | G58: 29942 | H58: =G58-G58*$K$2 -> 29942 | I58: 26948
B59: Кронштейн для крепления коллекторов-дублеров со скобой крепления 60 мм | C59: RDG-0019-000004 | G59: 996.6 | H59: =G59-G59*$K$2 -> 996.6 | I59: 897
A60: Внешний вид | B60: Модель | C60: Артикул | D60: Диаметр, дюйм | E60: Мощность, кВт | F60: Объем, м3/ч | G60: Цена с НДС, Руб. | H60: Цена с НДС с учетом скидки РУБ | I60: РИЦ
A61: Коллектор с гидроразделителем до 60 кВт
B62: Коллектор (дублер рядный) с гидроразделителем на 2+1 контура до 60 кВт | C62: RDG-0060-014023 | D62: 1 1/2" | E62: до 60 | F62: 3.15 | G62: 16000.6 | H62: =G62-G62*$K$2 -> 16000.6 | I62: 14400
B63: Коллектор (дублер рядный) с гидроразделителем на 3+1 контура до 60 кВт | C63: RDG-0060-014034 | D63: 1 1/2" | E63: до 60 | F63: 3.15 | G63: 18078.5 | H63: =G63-G63*$K$2 -> 18078.5 | I63: 16271
B64: Коллектор (дублер рядный) с гидроразделителем на 4+1 контура до 60 кВт | C64: RDG-0060-014045 | D64: 1 1/2" | E64: до 60 | F64: 3.15 | G64: 21246.5 | H64: =G64-G64*$K$2 -> 21246.5 | I64: 19122
B65: Коллектор (дублер рядный) с гидроразделителем на 5+1 контура до 60 кВт | C65: RDG-0060-014056 | D65: 1 1/2" | E65: до 60 | F65: 3.15 | G65: 25715.8 | H65: =G65-G65*$K$2 -> 25715.8 | I65: 23144
B66: Коллектор (дублер компакт) с гидроразделителем на 1+1+1 контура до 60 кВт | C66: RDG-0060-024013 | D66: 1 1/2" | E66: до 60 | F66: 3.15 | G66: 14754.3 | H66: =G66-G66*$K$2 -> 14754.3 | I66: 13279
B67: Коллектор (дублер компакт) с гидроразделителем на 2+1+1 контура до 60 кВт | C67: RDG-0060-024024 | D67: 1 1/2" | E67: до 60 | F67: 3.15 | G67: 18830.9 | H67: =G67-G67*$K$2 -> 18830.9 | I67: 16948
B68: Коллектор (дублер компакт) с гидроразделителем на 2+2+1 контура до 60 кВт | C68: RDG-0060-024025 | D68: 1 1/2" | E68: до 60 | F68: 3.15 | G68: 21480.8 | H68: =G68-G68*$K$2 -> 21480.8 | I68: 19333
B69: Коллектор (дублер компакт) с гидроразделителем на 3+1+1 контура до 60 кВт | C69: RDG-0060-024035 | D69: 1 1/2" | E69: до 60 | F69: 3.15 | G69: 21580.9 | H69: =G69-G69*$K$2 -> 21580.9 | I69: 19423
B70: Коллектор (дублер компакт) с гидроразделителем на 3+2+1 контура до 60 кВт | C70: RDG-0060-024036 | D70: 1 1/2" | E70: до 60 | F70: 3.15 | G70: 26199.8 | H70: =G70-G70*$K$2 -> 26199.8 | I70: 23580
B71: Коллектор (дублер компакт) с гидроразделителем на 3+3+1 контура до 60 кВт | C71: RDG-0060-024037 | D71: 1 1/2" | E71: до 60 | F71: 3.15 | G71: 30225.8 | H71: =G71-G71*$K$2 -> 30225.8 | I71: 27203
B73: ROMMER WGN Соединение "американка" для подключения насоса (комплект 2 шт) | C73: WGN | D73: 1* 1 1/2 | G73: 1723.7 | H73: =G73-G73*$K$2 -> 1723.7 | I73: 1552
A76: Группы быстрого монтажа в теплоизоляции
A77: Насосные группы в теплоизоляции
A78: Внешний вид | B78: Наименование | C78: Артикул | D78: Диаметр, дюйм | E78: Мощность, кВт | F78: Межосевое расстояние, мм | G78: Цена с НДС, Руб. | H78: Цена с НДС с учетом скидки РУБ | I78: РИЦ
B79: ROMMER Насосная группа с прямым контуром 1 без насоса, в теплоизоляции | C79: RDG-2001-012501 | D79: 1х1,1/2 | E79: до 40 | F79: 125 | G79: 19091.6 | H79: =G79-G79*$K$2 -> 19091.6 | I79: 17181
B80: ROMMER Насосная группа с термостатическим смесительным клапаном (20-43°С) 1 без насоса, в теплоизоляции | C80: RDG-2002-012501 | D80: 1х1,1/2 | E80: до 40 | F80: 125 | G80: 27330.6 | H80: =G80-G80*$K$2 -> 27330.6 | I80: 24597
B81: ROMMER Насосная группа с термостатическим смесительным клапаном (35-60°С) 1 без насоса, в теплоизоляции | C81: RDG-2002-012503 | D81: 1х1,1/2 | E81: до 40 | F81: 125 | G81: 27330.6 | H81: =G81-G81*$K$2 -> 27330.6 | I81: 24597
B82: ROMMER Насосная группа с 3-х ходовым приводным смесителем 1 без насоса, в теплоизоляции | C82: RDG-2003-012501 | D82: 1х1,1/2 | E82: до 40 | F82: 125 | G82: 21184.9 | H82: =G82-G82*$K$2 -> 21184.9 | I82: 19066
A83: Гидромодульные стрелки в теплоизоляции
A84: Внешний вид | B84: Наименование | C84: Артикул | D84: Диаметр, дюйм | E84: Мощность, кВт | F84: Макс.расход, м3/ч | G84: Цена с НДС, Руб. | H84: Цена с НДС с учетом скидки РУБ | I84: РИЦ
B85: ROMMER Гидравлическая стрелка 1 1/4 , 4,53 м3/час, в теплоизоляции | C85: RDG-1015-004001 | D85: 1,1/4х1,1/4 | E85: до 80 | F85: 4.53 | G85: 10311.4 | H85: =G85-G85*$K$2 -> 10311.4 | I85: 9281
B86: ROMMER Гидравлическая стрелка с накидными гайками 1 1/4 , 4,53 м3/час, в теплоизоляции | C86: RDG-1015-004002 | D86: 1,1/4х1,1/4 | E86: до 80 | F86: 4.53 | G86: 10872.4 | H86: =G86-G86*$K$2 -> 10872.4 | I86: 9786
B87: ROMMER Гидравлическая стрелка с накидными гайками 1 1/2 , 5,60 м3/час, в теплоизоляции | C87: RDG-1015-104003 | D87: 1,1/2х1,1/2 | E87: до 85 | F87: 5.6 | G87: 11545.6 | H87: =G87-G87*$K$2 -> 11545.6 | I87: 10391
A88: Коллекторы с гидроразделителем (дублер) до 60 кВт в теплоизоляции
